Workbook
Name Actions: #REF!
Name _Responsibility: #REF!
Name NewOcc: #REF!
Name Detectability: #REF!
Name activos: #REF!
Name Occ: #REF!
Name FM: #REF!
Name actionsTaken: #REF!
Name _Detectability: #REF!
Name NewSeverity: #REF!
Name act: #REF!
Name _actionsTaken: #REF!
Name Effect: #REF!
Name _NewDetectability: #REF!
Name fecharev: #REF!
Name Responsibility: #REF!
Name luisa: #REF!
Name Item: #REF!
Name Controls: #REF!
Name NewDetectability: #REF!
Name Yes: #REF!
Name _NewSeverity: #REF!
Name adhkjsdjflasjf: #REF!
Name _NewOcc: #REF!
Name fechareg: #REF!
Name List1: #REF!
Name Severity: #REF!
Name sdjflasdfjñasdljfñ: #REF!
Name Mechanism: #REF!

Sheet Inv. Activos de Información
B2: MATRIZ DE ACTIVOS DE INFORMACIÓN | F2: Código:FT-SIG-SGR-008
F3: Versión: 0
F4: Fecha de Actualización: 04/May/2022
A6: A. Información del Activo | I6: B. Atributos del Activo | M6: C. Ubicación | P6: D. Propiedad | R6: E. Acceso | T6: F. Valoración del Activo de Información | Z6: G. Clasificación de la Información | AD6: H. Controles
A7: Nª | B7: Macroproceso | C7: Proceso | D7: Estándar | E7: Código | F7: Nombre | G7: Descripción | H7: Observaciones | I7: ¿El activo contiene datos personales? | J7: ¿El activo es susceptible de fraude o corrupción? | K7: ¿El activo es vital para la operación del proceso? | L7: ¿El activo es vital para la operación de la Organización? | M7: Física | N7: Digital | O7: Otro | P7: Propietario | Q7: Custodio | R7: Formato | S7: Usuarios | T7: Confidencialidad | V7: Integridad | X7: Disponiblidad | Y7: Criticidad | Z7: Confidencialidad | AA7: Integridad | AB7: Disponiblidad | AC7: Clasificación | AD7: Descripción | AE7: Tipo | AF7: Responsable
A8: 1 | B8: Gestión de las directrices organizacionales | C8: Comunicación corporativa | D8: CP-ACO-COR-002 | E8: ACO-COR-ACT-001 | F8: Información del plan de comunicación | G8: Información del plan de comunicación | H8: Incluye: - Plan de comunicación interna - Documentos soporte de implementación de actividades (boletines, mailing, piezas gráficas, etc) - Información de actividades con medios de comunicación regionales, comunicaciones externas de salud y temas corporativos que puedan ser requeridos - Excel planeación envios mes a mes para comunicaciones - Datos personales en eventos de Café con dirección y cumpleaños con BD que nos comparte Gestión humana (nombre, fecha cumpleaños) | I8: SI | J8: NO | K8: SI | L8: NO | N8: Drive líder de diseño - Con archivos editables piezas gráficas Drive Alejandro Gonzalez - excel planeacióncomunicaciones y envios Correo electrónico Ilustrator - Diseño | P8: Jefatura de comunicaciones | Q8: Jefatura de comunicaciones Infraestructura tecnologícas | R8: pdf, word, excel, jgp | S8: Equipo de comunicaciones | T8: Medio | V8: Alto | X8: Alto | Y8: =IF( OR(T8="Alto",V8="Alto",X8="Alto"),"Crítico","No Crítico") -> Crítico | Z8: =IF(T8='Clasificación'!$B$9,'Clasificación'!$C$9,IF(T8='Clasificación'!$B$10,'Clasificación'!$C$10,IF(OR(T8='Clasificación'!$B$11,T8='Clasificación'!$C$11),'Clasificación'!$C$11,"Por clasificar"))) -> Confidencial | AA8: =IF(V8='Clasificación'!$B$15,'Clasificación'!$C$15, IF(V8='Clasificación'!$B$16,'Clasificación'!$C$16,IF(V8='Clasificación'!$B$17,'Clasificación'!$C$17,"Por clasificar"))) -> Alta | AB8: =IF(X8='Clasificación'!$B$22,'Clasificación'!$C$22, IF(X8='Clasificación'!$B$23,'Clasificación'!$C$23,IF(X8='Clasificación'!$B$24,'Clasificación'!$C$24,"Por clasificar"))) -> Alta | AC8: UI - IA - DA | AD8: Ver matriz de riesgos de seguridad y privacidad
A9: 2 | B9: Gestión de las directrices organizacionales | C9: Comunicación corporativa | D9: CP-ACO-COR-002 | E9: ACO-COR-ACT-002 | F9: Información de riesgos reputacionales | G9: Información de riesgos reputacionales analizada desde el comité de crisis | H9: Incluye: - Matriz de riesgos reputacional - Acciones para tratar riesgos - Información relacionada con el monitoreo de medios de comunicación - Planes de comunicación y estrategias ante incidentes que afecten la reputación y apliquen activar el comité de crisis | I9: NO | J9: NO | K9: SI | L9: NO | N9: Correo electrónico y Drive de Alejandro Analista de comunicaciones internas - manejo de público interno Jefe de comunicaciones - manejo de público externo | P9: Jefatura de comunicaciones | Q9: Jefatura de comunicaciones | R9: piezas gráficas, imagenes, pdf, word | S9: Alejandro Sofia | T9: Alto | V9: Alto | X9: Alto | Y9: =IF( OR(T9="Alto",V9="Alto",X9="Alto"),"Crítico","No Crítico") -> Crítico | Z9: =IF(T9='Clasificación'!$B$9,'Clasificación'!$C$9,IF(T9='Clasificación'!$B$10,'Clasificación'!$C$10,IF(OR(T9='Clasificación'!$B$11,T9='Clasificación'!$C$11),'Clasificación'!$C$11,"Por clasificar"))) -> Altamente Confidencial | AA9: =IF(V9='Clasificación'!$B$15,'Clasificación'!$C$15, IF(V9='Clasificación'!$B$16,'Clasificación'!$C$16,IF(V9='Clasificación'!$B$17,'Clasificación'!$C$17,"Por clasificar"))) -> Alta | AB9: =IF(X9='Clasificación'!$B$22,'Clasificación'!$C$22, IF(X9='Clasificación'!$B$23,'Clasificación'!$C$23,IF(X9='Clasificación'!$B$24,'Clasificación'!$C$24,"Por clasificar"))) -> Alta | AC9: IC/R - IA - DA | AD9: Ver matriz de riesgos de seguridad y privacidad
A10: 3 | B10: Gestión de las directrices organizacionales | C10: Comunicación corporativa | D10: CP-ACO-COR-002 | E10: ACO-COR-ACT-003 | F10: Información relacionada con actividades de sostenibilidad | G10: Información relacionadas con actividades de sostenibilidad | H10: Incluye: - Plan de sostenibilidad (campañas, actividades) - Soportes y evidencias de implementación de acciones - Informe anual de sostenibilidad | I10: NO | J10: NO | K10: SI | L10: NO | N10: Drive comunicaciones internas comunicacionesinternas@sos.com.co Información de campañas, piezas Información general del plan de sostenibilidad en el Drive de Planeación | P10: Jefatura de comunicaciones | Q10: Jefatura de comunicaciones | R10: piezas gráficas, imagenes, pdf, word | S10: Alejandro Sofia | T10: Medio | V10: Medio | X10: Medio | Y10: =IF( OR(T10="Alto",V10="Alto",X10="Alto"),"Crítico","No Crítico") -> No Crítico | Z10: =IF(T10='Clasificación'!$B$9,'Clasificación'!$C$9,IF(T10='Clasificación'!$B$10,'Clasificación'!$C$10,IF(OR(T10='Clasificación'!$B$11,T10='Clasificación'!$C$11),'Clasificación'!$C$11,"Por clasificar"))) -> Confidencial | AA10: =IF(V10='Clasificación'!$B$15,'Clasificación'!$C$15, IF(V10='Clasificación'!$B$16,'Clasificación'!$C$16,IF(V10='Clasificación'!$B$17,'Clasificación'!$C$17,"Por clasificar"))) -> Medio | AB10: =IF(X10='Clasificación'!$B$22,'Clasificación'!$C$22, IF(X10='Clasificación'!$B$23,'Clasificación'!$C$23,IF(X10='Clasificación'!$B$24,'Clasificación'!$C$24,"Por clasificar"))) -> Medio | AC10: UI - IM - DM | AD10: Ver matriz de riesgos de seguridad y privacidad
A11: 4 | B11: Gestión de las directrices organizacionales | C11: Comunicación corporativa | D11: CP-ACO-COR-002 | E11: ACO-COR-ACT-004 | F11: Bases de datos de pacientes para comunicaciones | G11: Bases de datos de pacientes para comunicaciones segmentadas según los públicos objetivos | H11: Campañas de inducción a la demanda, jornadas, salud preventiva, noticias, etc. Las bases de datos tienen Nombre paciente, correo electrónico, sexo; segmentados dependiendo de la edad y género del paciente | I11: SI | J11: NO | K11: SI | L11: NO | N11: Equipo de cómputo de Alejandro Gonzalez | P11: Jefatura de comunicaciones | Q11: Jefatura de comunicaciones | R11: Excel | S11: Alejandro Gonzalez | T11: Alto | V11: Medio | X11: Medio | Y11: =IF( OR(T11="Alto",V11="Alto",X11="Alto"),"Crítico","No Crítico") -> Crítico | Z11: =IF(T11='Clasificación'!$B$9,'Clasificación'!$C$9,IF(T11='Clasificación'!$B$10,'Clasificación'!$C$10,IF(OR(T11='Clasificación'!$B$11,T11='Clasificación'!$C$11),'Clasificación'!$C$11,"Por clasificar"))) -> Altamente Confidencial | AA11: =IF(V11='Clasificación'!$B$15,'Clasificación'!$C$15, IF(V11='Clasificación'!$B$16,'Clasificación'!$C$16,IF(V11='Clasificación'!$B$17,'Clasificación'!$C$17,"Por clasificar"))) -> Medio | AB11: =IF(X11='Clasificación'!$B$22,'Clasificación'!$C$22, IF(X11='Clasificación'!$B$23,'Clasificación'!$C$23,IF(X11='Clasificación'!$B$24,'Clasificación'!$C$24,"Por clasificar"))) -> Medio | AC11: IC/R - IM - DM | AD11: Ver matriz de riesgos de seguridad y privacidad
A12: 5 | B12: Gestión Comercial | C12: Afiliación | D12: CP-GEC-AFI-001 | E12: GEC-AFI-ACT-001 | F12: Información de afiliaciones y novedades | G12: Considera la información de afiliaciones a servicios PBS, PBSS y PAC | H12: Incluye: - Formularios de afiliación - Soportes de afiliación - Soportes de novedades | I12: SI | J12: SI | K12: SI | L12: SI | N12: Génesis (Información de afiliación) Visos (Soportes) | P12: Gestión de ingresos / Dirección financiera | Q12: Soluciones informáticas | R12: Imágenes en caso de soportes | S12: Equipo gestión de ingresos Equipo comercial | T12: Alto | V12: Alto | X12: Alto | Y12: =IF( OR(T12="Alto",V12="Alto",X12="Alto"),"Crítico","No Crítico") -> Crítico | Z12: =IF(T12='Clasificación'!$B$9,'Clasificación'!$C$9,IF(T12='Clasificación'!$B$10,'Clasificación'!$C$10,IF(OR(T12='Clasificación'!$B$11,T12='Clasificación'!$C$11),'Clasificación'!$C$11,"Por clasificar"))) -> Altamente Confidencial | AA12: =IF(V12='Clasificación'!$B$15,'Clasificación'!$C$15, IF(V12='Clasificación'!$B$16,'Clasificación'!$C$16,IF(V12='Clasificación'!$B$17,'Clasificación'!$C$17,"Por clasificar"))) -> Alta | AB12: =IF(X12='Clasificación'!$B$22,'Clasificación'!$C$22, IF(X12='Clasificación'!$B$23,'Clasificación'!$C$23,IF(X12='Clasificación'!$B$24,'Clasificación'!$C$24,"Por clasificar"))) -> Alta | AC12: IC/R - IA - DA | AD12: Ver matriz de riesgos de seguridad y privacidad
A13: 6 | B13: Gestión Comercial | C13: Afiliación | D13: CP-GEC-AFI-001 | E13: GEC-AFI-ACT-002 | F13: Información de usuarios en BDUA | G13: Base de datos única de afiliados de la entidad | H13: Incluye: - Archivos planos con datos de los afiliados - Historicos de los procesos de BDUA | I13: SI | J13: SI | K13: SI | L13: SI | N13: Equipo de cómputo de Sandra Milena Perez para almacenar históricos (No tiene backup al momento) | P13: Gestión de ingresos / Dirección financiera | Q13: Soluciones informáticas | S13: Equipo gestión de ingresos | T13: Alto | V13: Alto | X13: Alto | Y13: =IF( OR(T13="Alto",V13="Alto",X13="Alto"),"Crítico","No Crítico") -> Crítico | Z13: =IF(T13='Clasificación'!$B$9,'Clasificación'!$C$9,IF(T13='Clasificación'!$B$10,'Clasificación'!$C$10,IF(OR(T13='Clasificación'!$B$11,T13='Clasificación'!$C$11),'Clasificación'!$C$11,"Por clasificar"))) -> Altamente Confidencial | AA13: =IF(V13='Clasificación'!$B$15,'Clasificación'!$C$15, IF(V13='Clasificación'!$B$16,'Clasificación'!$C$16,IF(V13='Clasificación'!$B$17,'Clasificación'!$C$17,"Por clasificar"))) -> Alta | AB13: =IF(X13='Clasificación'!$B$22,'Clasificación'!$C$22, IF(X13='Clasificación'!$B$23,'Clasificación'!$C$23,IF(X13='Clasificación'!$B$24,'Clasificación'!$C$24,"Por clasificar"))) -> Alta | AC13: IC/R - IA - DA | AD13: Ver matriz de riesgos de seguridad y privacidad
A14: 7 | B14: Gestión Comercial | C14: Afiliación | D14: CP-GEC-AFI-001 | E14: GEC-AFI-ACT-003 | F14: Información de cumplimiento en afiliaciones | G14: Considera los elementos para dar cumplimiento a solicitudes de ley, PQRD y hallazgos de auditorias para apoyar respuesta por ejemplo de restitución | H14: Incluye: - Respuesta a solicitudes de ley - Información que soporta respuesta a PQRD desde la aplicación de servicios al cliente (PQRD) - Planes de acción para cierre de hallazgos de auditoría - Planes de mejoramiento - Informes | I14: SI | J14: NO | K14: NO | L14: NO | N14: Equipos de cómputo y drive del equipo de trabajo del área | P14: Gestión de ingresos / Dirección financiera | Q14: Gestión de ingresos / Dirección financiera | S14: Equipo gestión de ingresos | T14: Bajo | V14: Medio | X14: Medio | Y14: =IF( OR(T14="Alto",V14="Alto",X14="Alto"),"Crítico","No Crítico") -> No Crítico | Z14: =IF(T14='Clasificación'!$B$9,'Clasificación'!$C$9,IF(T14='Clasificación'!$B$10,'Clasificación'!$C$10,IF(OR(T14='Clasificación'!$B$11,T14='Clasificación'!$C$11),'Clasificación'!$C$11,"Por clasificar"))) -> Pública | AA14: =IF(V14='Clasificación'!$B$15,'Clasificación'!$C$15, IF(V14='Clasificación'!$B$16,'Clasificación'!$C$16,IF(V14='Clasificación'!$B$17,'Clasificación'!$C$17,"Por clasificar"))) -> Medio | AB14: =IF(X14='Clasificación'!$B$22,'Clasificación'!$C$22, IF(X14='Clasificación'!$B$23,'Clasificación'!$C$23,IF(X14='Clasificación'!$B$24,'Clasificación'!$C$24,"Por clasificar"))) -> Medio | AC14: IP - IA - DA | AD14: Ver matriz de riesgos de seguridad y privacidad
A15: 8 | B15: Gestión Comercial | C15: Afiliación | D15: CP-GEC-AFI-001 | E15: GEC-AFI-ACT-004 | F15: Informe de gestión de afiliaciones | G15: Informe con análisis del logro y de necesidades a partir de los resultados de los indicadores de gestión, estrategia, riesgos e informes de auditoría | H15: Incluye: - Informes de gestión del proceso a partir de resultado interno - Informes de indicadores mensuales | I15: NO | J15: NO | K15: NO | L15: NO | N15: Servidor CLNEMESIS Equipos de cómputo del equipo de trabajo (No se tiene respaldo ni drive corporativo) | P15: Gestión de ingresos / Dirección financiera | Q15: Gestión de ingresos / Dirección financiera | S15: Equipo gestión de ingresos | T15: Bajo | V15: Alto | X15: Alto | Y15: =IF( OR(T15="Alto",V15="Alto",X15="Alto"),"Crítico","No Crítico") -> Crítico | Z15: =IF(T15='Clasificación'!$B$9,'Clasificación'!$C$9,IF(T15='Clasificación'!$B$10,'Clasificación'!$C$10,IF(OR(T15='Clasificación'!$B$11,T15='Clasificación'!$C$11),'Clasificación'!$C$11,"Por clasificar"))) -> Pública | AA15: =IF(V15='Clasificación'!$B$15,'Clasificación'!$C$15, IF(V15='Clasificación'!$B$16,'Clasificación'!$C$16,IF(V15='Clasificación'!$B$17,'Clasificación'!$C$17,"Por clasificar"))) -> Alta | AB15: =IF(X15='Clasificación'!$B$22,'Clasificación'!$C$22, IF(X15='Clasificación'!$B$23,'Clasificación'!$C$23,IF(X15='Clasificación'!$B$24,'Clasificación'!$C$24,"Por clasificar"))) -> Alta | AC15: IP - IA - DA | AD15: Ver matriz de riesgos de seguridad y privacidad
A16: 9 | B16: Gestión Comercial | C16: Afiliación | D16: CP-GEC-AFI-001 | E16: GEC-AFI-ACT-005 | F16: Scripts para actualizaciones y gestiones en la BDUA | G16: Script diseñados en el área para gestionar la información de afiliados en la BDUA | H16: N/A | I16: NO | J16: NO | K16: SI | L16: NO | N16: Servidor CLNEMESIS | P16: Gestión de ingresos / Dirección financiera | Q16: Gestión de ingresos / Dirección financiera | S16: Equipo gestión de ingresos | T16: Medio | V16: Alto | X16: Alto | Y16: =IF( OR(T16="Alto",V16="Alto",X16="Alto"),"Crítico","No Crítico") -> Crítico | Z16: =IF(T16='Clasificación'!$B$9,'Clasificación'!$C$9,IF(T16='Clasificación'!$B$10,'Clasificación'!$C$10,IF(OR(T16='Clasificación'!$B$11,T16='Clasificación'!$C$11),'Clasificación'!$C$11,"Por clasificar"))) -> Confidencial | AA16: =IF(V16='Clasificación'!$B$15,'Clasificación'!$C$15, IF(V16='Clasificación'!$B$16,'Clasificación'!$C$16,IF(V16='Clasificación'!$B$17,'Clasificación'!$C$17,"Por clasificar"))) -> Alta | AB16: =IF(X16='Clasificación'!$B$22,'Clasificación'!$C$22, IF(X16='Clasificación'!$B$23,'Clasificación'!$C$23,IF(X16='Clasificación'!$B$24,'Clasificación'!$C$24,"Por clasificar"))) -> Alta | AC16: UI - IA - DA | AD16: Ver matriz de riesgos de seguridad y privacidad
A17: 10 | B17: Gestión de redes integrales | C17: Compras en salud | D17: CP-GRI-GCS-001 | E17: GRI-GCS-ACT-001 | F17: Información de ofertas de prestadores de servicio | G17: Información de ofertas de prestadores de servicio | H17: Incluye: - Ofertas - Resultados de análisis técnico, económico, jurídico - Anexo tarifario y/o nota técnica actuarial - Acuerdo de voluntades - Anexos operativos | I17: SI | J17: SI | K17: SI | L17: SI | N17: Correo electrónico - distribuidos por regional Equipos de cómputo de cada encargado de revisar ItBid - oferta definitiva | P17: Coordinación de compras en salud | Q17: Coordinación de compras en salud | R17: pdf. word, excel | S17: Gerencia general Dirección comercial Dirección salud Dirección financiero Gerencia jurídica Riesgos y cumplimiento | T17: Alto | V17: Alto | X17: Alto | Y17: =IF( OR(T17="Alto",V17="Alto",X17="Alto"),"Crítico","No Crítico") -> Crítico | Z17: =IF(T17='Clasificación'!$B$9,'Clasificación'!$C$9,IF(T17='Clasificación'!$B$10,'Clasificación'!$C$10,IF(OR(T17='Clasificación'!$B$11,T17='Clasificación'!$C$11),'Clasificación'!$C$11,"Por clasificar"))) -> Altamente Confidencial | AA17: =IF(V17='Clasificación'!$B$15,'Clasificación'!$C$15, IF(V17='Clasificación'!$B$16,'Clasificación'!$C$16,IF(V17='Clasificación'!$B$17,'Clasificación'!$C$17,"Por clasificar"))) -> Alta | AB17: =IF(X17='Clasificación'!$B$22,'Clasificación'!$C$22, IF(X17='Clasificación'!$B$23,'Clasificación'!$C$23,IF(X17='Clasificación'!$B$24,'Clasificación'!$C$24,"Por clasificar"))) -> Alta | AC17: IC/R - IA - DA | AD17: Ver matriz de riesgos de seguridad y privacidad
A18: 11 | B18: Gestión de redes integrales | C18: Compras en salud | D18: CP-GRI-GCS-001 | E18: GRI-GCS-ACT-002 | F18: Información de contratos con prestadores de servicio | G18: Información de contratos con prestadores de servicio | H18: Incluye: - Minutas de contrato - Anexos contratos - Acuerdo de confidencialidad - Acta de comité de contratación | I18: SI | J18: SI | K18: SI | L18: SI | M18: Minuta de contrato en físico archivador bajo llave Acta de comité fisica con correo a través del cual se comparte | N18: ItBid - documentos de contrato para legalización Drive jurídico - copia de minuta Correo electrónico - actas de comités | P18: Coordinación de compras en salud | Q18: Coordinación de compras en salud | R18: pdf. word, excel | S18: Gerencia general Dirección comercial Dirección salud Dirección financiero Gerencia jurídica Riesgos y cumplimiento | T18: Alto | V18: Medio | X18: Medio | Y18: =IF( OR(T18="Alto",V18="Alto",X18="Alto"),"Crítico","No Crítico") -> Crítico | Z18: =IF(T18='Clasificación'!$B$9,'Clasificación'!$C$9,IF(T18='Clasificación'!$B$10,'Clasificación'!$C$10,IF(OR(T18='Clasificación'!$B$11,T18='Clasificación'!$C$11),'Clasificación'!$C$11,"Por clasificar"))) -> Altamente Confidencial | AA18: =IF(V18='Clasificación'!$B$15,'Clasificación'!$C$15, IF(V18='Clasificación'!$B$16,'Clasificación'!$C$16,IF(V18='Clasificación'!$B$17,'Clasificación'!$C$17,"Por clasificar"))) -> Medio | AB18: =IF(X18='Clasificación'!$B$22,'Clasificación'!$C$22, IF(X18='Clasificación'!$B$23,'Clasificación'!$C$23,IF(X18='Clasificación'!$B$24,'Clasificación'!$C$24,"Por clasificar"))) -> Medio | AC18: IC/R - IM - DM | AD18: Ver matriz de riesgos de seguridad y privacidad
A19: 12 | B19: Gestión de redes integrales | C19: Compras en salud | D19: CP-GRI-GCS-001 | E19: GRI-GCS-ACT-003 | F19: Información socialización de convenios | G19: Información socialización de convenios a nivel interno | H19: Incluye: - Socialización de convenios - Listas de asistencia | I19: SI | J19: NO | K19: SI | L19: NO | N19: Isolucion | P19: Coordinación de compras en salud | Q19: Coordinación de compras en salud | R19: Formato de aplicación | S19: Equipo de proceso | T19: Medio | V19: Medio | X19: Medio | Y19: =IF( OR(T19="Alto",V19="Alto",X19="Alto"),"Crítico","No Crítico") -> No Crítico | Z19: =IF(T19='Clasificación'!$B$9,'Clasificación'!$C$9,IF(T19='Clasificación'!$B$10,'Clasificación'!$C$10,IF(OR(T19='Clasificación'!$B$11,T19='Clasificación'!$C$11),'Clasificación'!$C$11,"Por clasificar"))) -> Confidencial | AA19: =IF(V19='Clasificación'!$B$15,'Clasificación'!$C$15, IF(V19='Clasificación'!$B$16,'Clasificación'!$C$16,IF(V19='Clasificación'!$B$17,'Clasificación'!$C$17,"Por clasificar"))) -> Medio | AB19: =IF(X19='Clasificación'!$B$22,'Clasificación'!$C$22, IF(X19='Clasificación'!$B$23,'Clasificación'!$C$23,IF(X19='Clasificación'!$B$24,'Clasificación'!$C$24,"Por clasificar"))) -> Medio | AC19: UI - IM - DM | AD19: Ver matriz de riesgos de seguridad y privacidad
A20: 13 | B20: Gestión Comercial | C20: Mercadeo | D20: CP-GEC-MER-001 | E20: GEC-MER-ACT-001 | F20: Información para la creación / actualización del plan de mercadeo | G20: Información para la creación / actualización del plan de mercadeo asociado al análisis de mercado y necesidades de SOS | H20: Incluye: - Investigación e insumos desde diferentes fuentes - Investigaciones internas sobre retiro de clientes - Información sobre oportunidades de negocio - Plan de mercadeo - Estrategias de mercadeo (captación PBS y PAC, posicionmianeto, fidelización, captación) - Tácticas para la ejecución de las estrategias - Cronograma de actividades - Piezas agencia in house - Informes de indicadores mensuales - BD de SOS para campañas | I20: SI | J20: NO | K20: SI | L20: NO | N20: Drive de mercadeo asociado a la cuenta de Paula Arenas Equipos de cómputo del equipo de Mercadeo con copia de algunos archivos Correo electrónico para envio de evidencias de actividades, informes Por correo electronico se comparta BD solo teléfonos con el coordinador del proveedor de Call center | O20: Llamadas por call center (el mismo proveedor de servicio al cliente) para investigaciones de retiro de clientes | P20: Jefatura de mercadeo | Q20: Jefatura de mercadeo | R20: Word Excel Pdf | S20: Equipo de mercadeo | T20: Alto | V20: Alto | X20: Alto | Y20: =IF( OR(T20="Alto",V20="Alto",X20="Alto"),"Crítico","No Crítico") -> Crítico | Z20: =IF(T20='Clasificación'!$B$9,'Clasificación'!$C$9,IF(T20='Clasificación'!$B$10,'Clasificación'!$C$10,IF(OR(T20='Clasificación'!$B$11,T20='Clasificación'!$C$11),'Clasificación'!$C$11,"Por clasificar"))) -> Altamente Confidencial | AA20: =IF(V20='Clasificación'!$B$15,'Clasificación'!$C$15, IF(V20='Clasificación'!$B$16,'Clasificación'!$C$16,IF(V20='Clasificación'!$B$17,'Clasificación'!$C$17,"Por clasificar"))) -> Alta | AB20: =IF(X20='Clasificación'!$B$22,'Clasificación'!$C$22, IF(X20='Clasificación'!$B$23,'Clasificación'!$C$23,IF(X20='Clasificación'!$B$24,'Clasificación'!$C$24,"Por clasificar"))) -> Alta | AC20: IC/R-IA-DA | AD20: Ver matriz de riesgos de seguridad y privacidad
A21: 14 | B21: Gestión de riesgos en salud | C21: Planeación de la atención | D21: CP-GRP-PAT-001 | E21: GRP-PAT-ACT-004 | F21: Información de cumplimiento planeación de la atención | G21: Considera los elementos para dar cumplimiento a solicitudes de ley, PQRD y hallazgos de auditorias | H21: Incluye: - Respuesta a solicitudes de ley - Respuesta a PQRD / por ejemplo, epidemiología - Planes de acción para cierre de hallazgos de auditoría - Planes de mejoramiento | I21: SI | J21: NO | K21: NO | L21: NO | N21: Correo electrónico | P21: Gerencia conocimiento en salud | Q21: Gerencia conocimiento en salud | R21: Excel CSV Archivos planos | S21: Personal Planeación de la atención | T21: Alto | V21: Medio | X21: Medio | Y21: =IF( OR(T21="Alto",V21="Alto",X21="Alto"),"Crítico","No Crítico") -> Crítico | Z21: =IF(T21='Clasificación'!$B$9,'Clasificación'!$C$9,IF(T21='Clasificación'!$B$10,'Clasificación'!$C$10,IF(OR(T21='Clasificación'!$B$11,T21='Clasificación'!$C$11),'Clasificación'!$C$11,"Por clasificar"))) -> Altamente Confidencial | AA21: =IF(V21='Clasificación'!$B$15,'Clasificación'!$C$15, IF(V21='Clasificación'!$B$16,'Clasificación'!$C$16,IF(V21='Clasificación'!$B$17,'Clasificación'!$C$17,"Por clasificar"))) -> Medio | AB21: =IF(X21='Clasificación'!$B$22,'Clasificación'!$C$22, IF(X21='Clasificación'!$B$23,'Clasificación'!$C$23,IF(X21='Clasificación'!$B$24,'Clasificación'!$C$24,"Por clasificar"))) -> Medio | AC21: IC/R-IM-DM | AD21: Ver matriz de riesgos de seguridad y privacidad
A22: 15 | B22: Gestión de riesgos en salud | C22: Planeación de la atención | D22: CP-GRP-PAT-001 | E22: GRP-PAT-ACT-002 | F22: Información caracterización individuales | G22: Información caracterización individuales | H22: Incluye: - Caracterizaciones individuales | I22: SI | J22: NO | K22: SI | L22: SI | N22: Correo electrónico Equipo de cómputo personal Planeación de la atención Drive carpeta Datos para tableros del líder de proceso | P22: Gerencia conocimiento en salud | Q22: Gerencia conocimiento en salud | R22: Excel CSV Archivos planos | S22: Personal Planeación de la atención | T22: Alto | V22: Alto | X22: Alto | Y22: Crítico | Z22: Altamente Confidencial | AA22: Alta | AB22: Alta | AC22: IC/R-IA-DA | AD22: Ver matriz de riesgos de seguridad y privacidad
A23: 16 | B23: Gestión de riesgos en salud | C23: Planeación de la atención | D23: CP-GRP-PAT-001 | E23: GRP-PAT-ACT-003 | F23: Información caracterización poblacional y por territorio | G23: Información caracterización poblacional y por territorio | H23: Incluye: - Caracterización poblacional - Caracterización por territorio | I23: NO | J23: NO | K23: SI | L23: SI | N23: Isolucion | P23: Gerencia conocimiento en salud | Q23: Gerencia conocimiento en salud | S23: Personal Planeación de la atención Personal de SOS con acceso a este recurso en Isolucion | T23: Medio | V23: Medio | X23: Medio | Y23: No Crítico | Z23: Confidencial | AA23: Alta | AB23: Alta | AC23: UI-IM-DM | AD23: Ver matriz de riesgos de seguridad y privacidad
A24: 17 | B24: Gestión de riesgos en salud | C24: Riesgos en la población | D24: CP-GRP-RPL-001 | E24: GRP-RPL-ACT-001 | F24: Información sobre programas de atención para riesgos | G24: Información sobre programas de atención para riesgos para afiliados | H24: Incluye: - Programa de atención - Modelos de gestión y atención - ANS con prestadores - Indicadores de proceso de atención Manejo de información similar a salud pública (funcionan con prestadores externos que habría que validar como manejan y comparten la info) | I24: NO | J24: NO | K24: SI | L24: SI | N24: Drive cuenta correo por líder de atención de cortes de edad Correo electrónico Equipos de cómputo del personal de riesgos en la población | P24: Gerencia conocimiento en salud | Q24: Gerencia conocimiento en salud | R24: Excel, word, pdf | S24: Equipo de trabajo de riesgos en la población | T24: Alto | V24: Medio | X24: Medio | Y24: =IF( OR(T24="Alto",V24="Alto",X24="Alto"),"Crítico","No Crítico") -> Crítico | Z24: =IF(T24='Clasificación'!$B$9,'Clasificación'!$C$9,IF(T24='Clasificación'!$B$10,'Clasificación'!$C$10,IF(OR(T24='Clasificación'!$B$11,T24='Clasificación'!$C$11),'Clasificación'!$C$11,"Por clasificar"))) -> Altamente Confidencial | AA24: =IF(V24='Clasificación'!$B$15,'Clasificación'!$C$15, IF(V24='Clasificación'!$B$16,'Clasificación'!$C$16,IF(V24='Clasificación'!$B$17,'Clasificación'!$C$17,"Por clasificar"))) -> Medio | AB24: =IF(X24='Clasificación'!$B$22,'Clasificación'!$C$22, IF(X24='Clasificación'!$B$23,'Clasificación'!$C$23,IF(X24='Clasificación'!$B$24,'Clasificación'!$C$24,"Por clasificar"))) -> Medio | AC24: IC/R-IM-DM | AD24: Ver matriz de riesgos de seguridad y privacidad
A25: 18 | B25: Gestión de riesgos en salud | C25: Salud pública | D25: CP-GRP-SLP-001 | E25: GRP-SLP-ACT-001 | F25: Información del modelo de atención de salud pública | G25: Información definida para los esquemas de atención de salud pública | H25: Incluye: - Documentos del modelo de atención de salud pública - Plan de implementación - Plan de divulgación - Cronograma de seguimiento a prestadores - Cronograma de capacitaciones - Actas de acompañamiento en procesos - BD cursos de vida (Resolución 3280) - tienes varias variables (depende de los tipos de seguimiento que se realicen, vacunación, exámenes, etc.) - para seguimiento a los usuarios por cortes de edad | I25: SI | J25: NO | K25: SI | L25: SI | N25: Drive cuenta correo por líder de atención de cortes de edad Correo electrónico Equipos de cómputo del personal de la Jefatura de salud pública | P25: Jefatura de salud pública | Q25: Jefatura de salud pública | R25: Excel, word, pdf | S25: Equipo de trabajo Jefatura de salud pública | T25: Alto | V25: Medio | X25: Medio | Y25: =IF( OR(T25="Alto",V25="Alto",X25="Alto"),"Crítico","No Crítico") -> Crítico | Z25: =IF(T25='Clasificación'!$B$9,'Clasificación'!$C$9,IF(T25='Clasificación'!$B$10,'Clasificación'!$C$10,IF(OR(T25='Clasificación'!$B$11,T25='Clasificación'!$C$11),'Clasificación'!$C$11,"Por clasificar"))) -> Altamente Confidencial | AA25: =IF(V25='Clasificación'!$B$15,'Clasificación'!$C$15, IF(V25='Clasificación'!$B$16,'Clasificación'!$C$16,IF(V25='Clasificación'!$B$17,'Clasificación'!$C$17,"Por clasificar"))) -> Medio | AB25: =IF(X25='Clasificación'!$B$22,'Clasificación'!$C$22, IF(X25='Clasificación'!$B$23,'Clasificación'!$C$23,IF(X25='Clasificación'!$B$24,'Clasificación'!$C$24,"Por clasificar"))) -> Medio | AC25: IC/R-IM-DM | AD25: Ver matriz de riesgos de seguridad y privacidad
A26: 19 | B26: Gestión de riesgos en salud | C26: Salud pública | D26: CP-GRP-SLP-001 | E26: GRP-SLP-ACT-002 | F26: Información sobre gestión de riesgos primarios | G26: Información sobre los programas de ampliado de inmunización (PAI) promoción y mantenimiento de la salud (PYM), vigilancia epidemiológica | H26: Incluye: - Información de actividades de protección específica y detección temprana (PE y DT) - Informes de ejecución de programas - Informes de visitas a prestadores y planes de acción - Boletines epidemiológicos - Información de eventos SIVIGILA / desde aquí tomamos infomación de referencia y cargamos archivos planos que nos entrega el instituto | I26: NO | J26: NO | K26: SI | L26: SI | N26: Correo electrónico Equipos de cómputo del personal de la Jefatura de salud pública | P26: Jefatura de salud pública | Q26: Jefatura de salud pública | R26: Excel, word, pdf | S26: Equipo de trabajo Jefatura de salud pública | T26: Medio | V26: Medio | X26: Medio | Y26: =IF( OR(T26="Alto",V26="Alto",X26="Alto"),"Crítico","No Crítico") -> No Crítico | Z26: =IF(T26='Clasificación'!$B$9,'Clasificación'!$C$9,IF(T26='Clasificación'!$B$10,'Clasificación'!$C$10,IF(OR(T26='Clasificación'!$B$11,T26='Clasificación'!$C$11),'Clasificación'!$C$11,"Por clasificar"))) -> Confidencial | AA26: =IF(V26='Clasificación'!$B$15,'Clasificación'!$C$15, IF(V26='Clasificación'!$B$16,'Clasificación'!$C$16,IF(V26='Clasificación'!$B$17,'Clasificación'!$C$17,"Por clasificar"))) -> Medio | AB26: =IF(X26='Clasificación'!$B$22,'Clasificación'!$C$22, IF(X26='Clasificación'!$B$23,'Clasificación'!$C$23,IF(X26='Clasificación'!$B$24,'Clasificación'!$C$24,"Por clasificar"))) -> Medio | AC26: UI-IM-DM | AD26: Ver matriz de riesgos de seguridad y privacidad
A27: 20 | B27: Gestión de riesgos en salud | C27: Salud pública | D27: CP-GRP-SLP-001 | E27: GRP-SLP-ACT-003 | F27: Información sobre seguimiento y monitoreo de usuarios | G27: Información sobre el seguimiento a casos de usuarios | H27: Incluye: - Soportes de seguimiento de casos de usuarios / lo hacemos uno a uno (seguimiento de demanda inducida) | I27: SI | J27: NO | K27: SI | L27: SI | N27: Drive cuenta correo por líder de atención de cortes de edad Correo electrónico Equipos de cómputo del personal de la Jefatura de salud pública | P27: Jefatura de salud pública | Q27: Jefatura de salud pública | R27: Excel, word, pdf | S27: Equipo de trabajo Jefatura de salud pública | T27: Alto | V27: Alto | X27: Alto | Y27: =IF( OR(T27="Alto",V27="Alto",X27="Alto"),"Crítico","No Crítico") -> Crítico | Z27: =IF(T27='Clasificación'!$B$9,'Clasificación'!$C$9,IF(T27='Clasificación'!$B$10,'Clasificación'!$C$10,IF(OR(T27='Clasificación'!$B$11,T27='Clasificación'!$C$11),'Clasificación'!$C$11,"Por clasificar"))) -> Altamente Confidencial | AA27: =IF(V27='Clasificación'!$B$15,'Clasificación'!$C$15, IF(V27='Clasificación'!$B$16,'Clasificación'!$C$16,IF(V27='Clasificación'!$B$17,'Clasificación'!$C$17,"Por clasificar"))) -> Alta | AB27: =IF(X27='Clasificación'!$B$22,'Clasificación'!$C$22, IF(X27='Clasificación'!$B$23,'Clasificación'!$C$23,IF(X27='Clasificación'!$B$24,'Clasificación'!$C$24,"Por clasificar"))) -> Alta | AC27: IC/R-IA-DA | AD27: Ver matriz de riesgos de seguridad y privacidad
A28: 21 | B28: Gestión de riesgos en salud | C28: Salud pública | D28: CP-GRP-SLP-001 | E28: GRP-SLP-ACT-004 | F28: Información de cumplimiento en salud pública | G28: Considera los elementos para dar cumplimiento a solicitudes de ley, PQRD y hallazgos de auditorias | H28: Copia de radicados o requerimientos, pero los principales en el drive de riesgos y cumplimiento | I28: SI | J28: NO | K28: NO | L28: NO | N28: Equipos de cómputo del personal de la Jefatura de salud pública | P28: Jefatura de salud pública | Q28: Jefatura de salud pública | R28: pdf | S28: Equipo de trabajo Jefatura de salud pública | T28: Medio | V28: Bajo | X28: Bajo | Y28: =IF( OR(T28="Alto",V28="Alto",X28="Alto"),"Crítico","No Crítico") -> No Crítico | Z28: =IF(T28='Clasificación'!$B$9,'Clasificación'!$C$9,IF(T28='Clasificación'!$B$10,'Clasificación'!$C$10,IF(OR(T28='Clasificación'!$B$11,T28='Clasificación'!$C$11),'Clasificación'!$C$11,"Por clasificar"))) -> Confidencial | AA28: =IF(V28='Clasificación'!$B$15,'Clasificación'!$C$15, IF(V28='Clasificación'!$B$16,'Clasificación'!$C$16,IF(V28='Clasificación'!$B$17,'Clasificación'!$C$17,"Por clasificar"))) -> Bajo | AB28: =IF(X28='Clasificación'!$B$22,'Clasificación'!$C$22, IF(X28='Clasificación'!$B$23,'Clasificación'!$C$23,IF(X28='Clasificación'!$B$24,'Clasificación'!$C$24,"Por clasificar"))) -> Bajo | AC28: UI-IB-DB | AD28: Ver matriz de riesgos de seguridad y privacidad
A29: 22 | B29: Gestión de riesgos en salud | C29: Salud pública | D29: CP-GRP-SLP-001 | E29: GRP-SLP-ACT-005 | F29: Informe de gestión de salud pública | G29: Informe con análisis del logro y de necesidades a partir de los resultados de los indicadores de gestión, estrategia, riesgos e informes de auditoría | H29: Incluye: - Informes de gestión del proceso a partir de resultado interno - Informes de seguimiento a indicadores y con los prestadores | I29: NO | J29: NO | K29: NO | L29: NO | N29: Correo electrónico Equipos de cómputo del personal de la Jefatura de salud pública | P29: Jefatura de salud pública | Q29: Jefatura de salud pública | R29: Excel, pdf | S29: Equipo de trabajo Jefatura de salud pública | T29: Medio | V29: Medio | X29: Medio | Y29: =IF( OR(T29="Alto",V29="Alto",X29="Alto"),"Crítico","No Crítico") -> No Crítico | Z29: =IF(T29='Clasificación'!$B$9,'Clasificación'!$C$9,IF(T29='Clasificación'!$B$10,'Clasificación'!$C$10,IF(OR(T29='Clasificación'!$B$11,T29='Clasificación'!$C$11),'Clasificación'!$C$11,"Por clasificar"))) -> Confidencial | AA29: =IF(V29='Clasificación'!$B$15,'Clasificación'!$C$15, IF(V29='Clasificación'!$B$16,'Clasificación'!$C$16,IF(V29='Clasificación'!$B$17,'Clasificación'!$C$17,"Por clasificar"))) -> Medio | AB29: =IF(X29='Clasificación'!$B$22,'Clasificación'!$C$22, IF(X29='Clasificación'!$B$23,'Clasificación'!$C$23,IF(X29='Clasificación'!$B$24,'Clasificación'!$C$24,"Por clasificar"))) -> Medio | AC29: UI-IM-DM | AD29: Ver matriz de riesgos de seguridad y privacidad
A30: 23 | B30: Gestión de riesgos en salud | C30: Salud pública | D30: CP-GRP-SLP-001 | E30: GRP-SLP-ACT-006 | F30: Auditorias GAUDI - entes territoriales | G30: Auditorias GAUDI - entes territoriales | H30: Podemos requerir información de los prestadores, donde se incluye historias clínicas. Puede ser por correo electrónico, o acceso a SAP en el caso de Comfandi | I30: SI | J30: NO | K30: SI | L30: NO | N30: Drive de los líderes por corte Correo electrónico | P30: Jefatura de salud pública | Q30: Jefatura de salud pública | R30: Excel, pdf | S30: Equipo de trabajo Jefatura de salud pública | T30: Alto | V30: Medio | X30: Medio | Y30: =IF( OR(T30="Alto",V30="Alto",X30="Alto"),"Crítico","No Crítico") -> Crítico | Z30: =IF(T30='Clasificación'!$B$9,'Clasificación'!$C$9,IF(T30='Clasificación'!$B$10,'Clasificación'!$C$10,IF(OR(T30='Clasificación'!$B$11,T30='Clasificación'!$C$11),'Clasificación'!$C$11,"Por clasificar"))) -> Altamente Confidencial | AA30: =IF(V30='Clasificación'!$B$15,'Clasificación'!$C$15, IF(V30='Clasificación'!$B$16,'Clasificación'!$C$16,IF(V30='Clasificación'!$B$17,'Clasificación'!$C$17,"Por clasificar"))) -> Medio | AB30: =IF(X30='Clasificación'!$B$22,'Clasificación'!$C$22, IF(X30='Clasificación'!$B$23,'Clasificación'!$C$23,IF(X30='Clasificación'!$B$24,'Clasificación'!$C$24,"Por clasificar"))) -> Medio | AC30: IC/R-IM-DM | AD30: Ver matriz de riesgos de seguridad y privacidad
A31: 24 | B31: Gestión administrativa | C31: Compras y contratación administrativa | D31: CP-GAD-CAD-001 | E31: GAD-CAD-001 | F31: Información del plan anual de compras | G31: Información para la creación, mantenimiento y seguimiento al plan anual de compras de bienes y servicios | H31: Incluye: - Matriz excel para control de gastos basado en presupuesto aprobado - Matriz de seguimiento a los procesos de compra - Actas de comité de compras - Criterios de evaluación de proveedores (para selección del proveedor y ejecución de contratos) - Categorias de compras - Evaluación de proveedores - Contratos, ordenes de servicio de compras - Información de proveedores Activo importante para la operación del proceso porque provee aspectos como: Contratación de kioscos y turneros, formularios de afiliación PBS, PAC, servicios tecnológicos - licencias, mesa de ayuda, impresión. | I31: SI | J31: SI | K31: SI | L31: SI | M31: Contratos en físico dado que no tenemos firma electrónica - archivo en el área de compras con llave | N31: ItBid Drive Financiera - compartido matriz de seguimiento a presupuesto y se guarda en Equipo de cómputo de Betty Perez (para consulta) Drive Tecnología - comparte presupuesto detallado para seguimiento (solo consulta) Drive contabilidad - comprobantes de amortización para seguimiento (solo consulta) | O31: Contratación y seguimiento al contrato a cargo de compras | P31: Gerencia de planeación finanicera | Q31: Gerencia de planeación finanicera | R31: pdf, word, excel, imagenes | S31: 5 perfiles en ItBid - Administador, Gerente, Comprador, Técnico y Visor Para perfiles Técnico y Visor desde el equipo de Compras se pueden asignar, los otros perfiles se requiere solicitar al proveedor previa autorización de equipo de compras | T31: Medio | V31: Alto | X31: Alto | Y31: =IF( OR(T31="Alto",V31="Alto",X31="Alto"),"Crítico","No Crítico") -> Crítico | Z31: =IF(T31='Clasificación'!$B$9,'Clasificación'!$C$9,IF(T31='Clasificación'!$B$10,'Clasificación'!$C$10,IF(OR(T31='Clasificación'!$B$11,T31='Clasificación'!$C$11),'Clasificación'!$C$11,"Por clasificar"))) -> Confidencial | AA31: =IF(V31='Clasificación'!$B$15,'Clasificación'!$C$15, IF(V31='Clasificación'!$B$16,'Clasificación'!$C$16,IF(V31='Clasificación'!$B$17,'Clasificación'!$C$17,"Por clasificar"))) -> Alta | AB31: =IF(X31='Clasificación'!$B$22,'Clasificación'!$C$22, IF(X31='Clasificación'!$B$23,'Clasificación'!$C$23,IF(X31='Clasificación'!$B$24,'Clasificación'!$C$24,"Por clasificar"))) -> Alta | AC31: UI-IA-DA | AD31: Ver en matriz de riesgos de seguridad y privacidad
A32: 25 | B32: Gestión financiera | C32: Concertación de pasivos con el prestador | D32: CP-GFF-GCP-001 | E32: GFF-GCP-ACT-001 | F32: Información de conciliación con prestadores | G32: Información de conciliación con prestadores | H32: Incluye: - Cronograma de conciliación de cartera y glosas - Estados de cuenta por pagar a prestadores (uso de fuentes conciliación pagos y fuente prestador -> para traer resultados desde varias tablas) - job (script automatizado) que se maneja desde el área y se carga en \\clhermes\Conciliaciones\Fuente - Actas de custodia acuerdos de pago con prestadores - desde mesa de conciliación 030, mesa de flujo de recursos - drive compartido equipo tesoreria - Informes correo electrónico con actas de custodia - Notas contables - Actas de resultado de conciliaciones que se comparten con IPS | I32: SI | J32: NO | K32: SI | L32: SI | M32: Carpetas físicas con Actas de custodia acuerdos de pago con prestadores - Archivo del área, rotuladas con fecha, mesa, etc. Pasa a archivo inactivo a custodia de Gestión documental Actas de conciliación con constancia de acuerdos con IPS digitalizadas después de firmas y aceptación | N32: Drive Johann Andres Londoño - información cronograma Portal web EPS - copia cronograma conciliación de cartera por circular 011/2020. Tambien se carga en la NRB de Supersalud semestral. Van con firma digital de representante legal y contador Equipos de cómputo - copias de cronogramas de carteras y glosas Correo electrónico - copia de informes y actas de custodia acuerdos de pago con prestadores Drive Gabriel Jaime Rincón - información de actas acuerdos de pago con prestadores Actas de conciliación con constancia de acuerdos con IPS - Isolucion con firmas físicas o digitales y soporte por correo electrónico | P32: Jefatura conciliación prestadores | Q32: Jefatura conciliación prestadores Infraestructura tecnológica | R32: Hojas de calculo, archivos planos, cvs | S32: Edición en drive líderes y jefe Resto de equipo solo acceso de consulta tienen grupo de google desde donde pueden controlar quien tiene acceso Editor jefe de tesoreria y analistas sobre drive de Actas de custodia acuerdos de pago con prestadores | T32: Medio | V32: Medio | X32: Alto | Y32: =IF( OR(T32="Alto",V32="Alto",X32="Alto"),"Crítico","No Crítico") -> Crítico | Z32: =IF(T32='Clasificación'!$B$9,'Clasificación'!$C$9,IF(T32='Clasificación'!$B$10,'Clasificación'!$C$10,IF(OR(T32='Clasificación'!$B$11,T32='Clasificación'!$C$11),'Clasificación'!$C$11,"Por clasificar"))) -> Confidencial | AA32: =IF(V32='Clasificación'!$B$15,'Clasificación'!$C$15, IF(V32='Clasificación'!$B$16,'Clasificación'!$C$16,IF(V32='Clasificación'!$B$17,'Clasificación'!$C$17,"Por clasificar"))) -> Medio | AB32: =IF(X32='Clasificación'!$B$22,'Clasificación'!$C$22, IF(X32='Clasificación'!$B$23,'Clasificación'!$C$23,IF(X32='Clasificación'!$B$24,'Clasificación'!$C$24,"Por clasificar"))) -> Alta | AC32: UI-IM-DM | AD32: Ver matriz de riesgos de seguridad y privacidad
A33: 26 | B33: Gestión financiera | C33: Cuentas médicas | D33: N/A | E33: GFF-CM-ACT-001 | F33: Información cuentas médicas | G33: Información cuentas médicas de prestadores y operadores logísticos para la prestación de servicios en salud | H33: Incluye: - Información de recepción, radicación, liquidación - Información de auditoria administrativa y médica documental - Interfaces contables - Notas débito frente a validación y revisión de las cuentas Recibimos información de registro, contratación, medicamentos, redes, entre otros, a partir de lo cual se ejecuta la revisión Entradas de información: - Clusters de radicación gestionado por un tercero (PyS procesos y servicios) - AFS - Entrada de medicamentos ambulatorios - manejo de archivos planos - FE Confamdi (facturación electrónica) - Recepción de devoluciones y facturas de PGP - entrega en oficina - Actas de seguimiento a la gestión del proveedor (PyS procesos y servicios) | I33: SI | J33: SI | K33: SI | L33: SI | M33: Facturas físicas - Luego de trámite se envia a Gestión documental | N33: App Silmed - recepción d información de prestadores y donde se procesa el 100% de las cuentas que llegan desde las diferentes vias Drive compartido con Salud (para OPS) - Cuenta de Olga Izquierdo Drive compartido facturado pago fijo - Cuenta de Jorge Buitron Drive compartido con conciliación con prestador - donde están reportes de las glosas y devoluciones, notas crédito. Cuenta de Angela Ortiz y Mauro Pedroza Drive compartido con Dirección adm y financiera - devoluciones y radicaciones. Cuenta de Mauro Pedroza Correo electrónico - solicitudes técnicas Equipo de cómputo Gabriel Bolivar - Actas de seguimiento al proveedor. Copia en correo y con Mauro Pedroza | P33: Jefatura de cuentas médicas | Q33: Jefatura de cuentas médicas | R33: excel, word, pdf | S33: Equipo auditores médicos Archivos compartidos entre coordinadores y jefe para mantener disponibilidad | T33: Alto | V33: Alto | X33: Alto | Y33: =IF( OR(T33="Alto",V33="Alto",X33="Alto"),"Crítico","No Crítico") -> Crítico | Z33: =IF(T33='Clasificación'!$B$9,'Clasificación'!$C$9,IF(T33='Clasificación'!$B$10,'Clasificación'!$C$10,IF(OR(T33='Clasificación'!$B$11,T33='Clasificación'!$C$11),'Clasificación'!$C$11,"Por clasificar"))) -> Altamente Confidencial | AA33: =IF(V33='Clasificación'!$B$15,'Clasificación'!$C$15, IF(V33='Clasificación'!$B$16,'Clasificación'!$C$16,IF(V33='Clasificación'!$B$17,'Clasificación'!$C$17,"Por clasificar"))) -> Alta | AB33: =IF(X33='Clasificación'!$B$22,'Clasificación'!$C$22, IF(X33='Clasificación'!$B$23,'Clasificación'!$C$23,IF(X33='Clasificación'!$B$24,'Clasificación'!$C$24,"Por clasificar"))) -> Alta | AC33: IC/R-IA-DA | AD33: Ver en matriz de riesgos seguridad y privacidad
A34: 27 | B34: Gestión financiera | C34: Cuentas médicas | D34: N/A | E34: GFF-CM-ACT-002 | F34: RIPS | G34: Registro individual de prestaciones en salud enviado por las IPS | H34: BD de los RIPS que entregan las IPS y consolidado que gestiona el proveedor (PyS procesos y servicios) con nombres, cedulas, diagnósticos, etc | I34: SI | J34: NO | K34: SI | L34: SI | N34: Tabla SQL en ruta file://clmitgard/Soporte/Rips/ | P34: Jefatura de cuentas médicas | Q34: Jefatura de cuentas médicas | R34: BD SQL | S34: Analista de procesos Supervisor de producción Coordinación de producción Coordinador de la unidad de análisis | T34: Alto | V34: Alto | X34: Alto | Y34: =IF( OR(T34="Alto",V34="Alto",X34="Alto"),"Crítico","No Crítico") -> Crítico | Z34: =IF(T34='Clasificación'!$B$9,'Clasificación'!$C$9,IF(T34='Clasificación'!$B$10,'Clasificación'!$C$10,IF(OR(T34='Clasificación'!$B$11,T34='Clasificación'!$C$11),'Clasificación'!$C$11,"Por clasificar"))) -> Altamente Confidencial | AA34: =IF(V34='Clasificación'!$B$15,'Clasificación'!$C$15, IF(V34='Clasificación'!$B$16,'Clasificación'!$C$16,IF(V34='Clasificación'!$B$17,'Clasificación'!$C$17,"Por clasificar"))) -> Alta | AB34: =IF(X34='Clasificación'!$B$22,'Clasificación'!$C$22, IF(X34='Clasificación'!$B$23,'Clasificación'!$C$23,IF(X34='Clasificación'!$B$24,'Clasificación'!$C$24,"Por clasificar"))) -> Alta | AC34: IC/R-IA-DA | AD34: Ver en matriz de riesgos seguridad y privacidad
A35: 28 | B35: Gestión administrativa | C35: Gestión de activos y mantenimiento | D35: CP-GAD-AFS-001 | E35: GAD-AFS-ACT-001 | F35: Información de actividades y servicios de gestión de activos y mantenimiento | G35: Información de actividades y servicios de gestión de activos y mantenimiento | H35: Incluye: - Plan de trabajo servicios de aseo y vigilancia / excel - Rutinas de aseo / formatos del proveedor e informe de gestión de proveedores - Actas físicas de seguridad, entrenamiento y capacitación - Plan de trabajo de mantenimientos preventivos - Programación de adquisición de activos fijos - Cronograma de pago de arrendamientos y servicios - Planeación soportes seguros / ItBid - Soportes y registros de la ejecución de actividades - Cuadros de control para registro de consumos - Informes de gestión mensual de los proveedores | I35: NO | J35: NO | K35: SI | L35: NO | M35: Actas físicas servicios de vigilancia Actas capacitaciones sobre botones pánico Archivo propio del área | N35: Facturas / informes de gestión de proveedores - correo electrónico Cuadros de control - Drive Excel plan de trabajo de aseo - Equipo de cómputo | O35: Wisner realiza backup sobre el equipo en disco duro externo (No tiene cifrado) | P35: Coordinación de mantenimiento | Q35: Coordinación de mantenimiento | R35: excel, word | S35: Coordinador de mantenimiento | T35: Alto | V35: Medio | X35: Medio | Y35: =IF( OR(T35="Alto",V35="Alto",X35="Alto"),"Crítico","No Crítico") -> Crítico | Z35: =IF(T35='Clasificación'!$B$9,'Clasificación'!$C$9,IF(T35='Clasificación'!$B$10,'Clasificación'!$C$10,IF(OR(T35='Clasificación'!$B$11,T35='Clasificación'!$C$11),'Clasificación'!$C$11,"Por clasificar"))) -> Altamente Confidencial | AA35: =IF(V35='Clasificación'!$B$15,'Clasificación'!$C$15, IF(V35='Clasificación'!$B$16,'Clasificación'!$C$16,IF(V35='Clasificación'!$B$17,'Clasificación'!$C$17,"Por clasificar"))) -> Medio | AB35: =IF(X35='Clasificación'!$B$22,'Clasificación'!$C$22, IF(X35='Clasificación'!$B$23,'Clasificación'!$C$23,IF(X35='Clasificación'!$B$24,'Clasificación'!$C$24,"Por clasificar"))) -> Medio | AC35: IC/R-IM_DM | AD35: Ver en matriz de riesgos de seguridad y privacidad
A36: 29 | B36: Gestión administrativa | C36: Gestión de activos y mantenimiento | D36: CP-GAD-AFS-001 | E36: GAD-AFS-ACT-002 | F36: Planes o esquemas de seguridad de sedes | G36: Planes o esquemas de seguridad de sedes de SOS | H36: N/A | I36: NO | J36: NO | K36: SI | L36: NO | N36: Drive Wisner Equipo cómputo Disco duro externo Físico (bajo llave) | P36: Coordinación de mantenimiento | Q36: Coordinación de mantenimiento | R36: pdf, formatos de imagenes | S36: Coordinador de mantenimiento | T36: Alto | V36: Medio | X36: Medio | Y36: =IF( OR(T36="Alto",V36="Alto",X36="Alto"),"Crítico","No Crítico") -> Crítico | Z36: =IF(T36='Clasificación'!$B$9,'Clasificación'!$C$9,IF(T36='Clasificación'!$B$10,'Clasificación'!$C$10,IF(OR(T36='Clasificación'!$B$11,T36='Clasificación'!$C$11),'Clasificación'!$C$11,"Por clasificar"))) -> Altamente Confidencial | AA36: =IF(V36='Clasificación'!$B$15,'Clasificación'!$C$15, IF(V36='Clasificación'!$B$16,'Clasificación'!$C$16,IF(V36='Clasificación'!$B$17,'Clasificación'!$C$17,"Por clasificar"))) -> Medio | AB36: =IF(X36='Clasificación'!$B$22,'Clasificación'!$C$22, IF(X36='Clasificación'!$B$23,'Clasificación'!$C$23,IF(X36='Clasificación'!$B$24,'Clasificación'!$C$24,"Por clasificar"))) -> Medio | AC36: IC/R-IM_DM | AD36: Ver en matriz de riesgos de seguridad y privacidad
A37: 30 | B37: Gestión administrativa | C37: Gestión de activos y mantenimiento | D37: CP-GAD-AFS-001 | E37: GAD-AFS-ACT-003 | F37: Información de seguridad electrónica | G37: Información de seguridad electrónica | H37: Incluye: - Información de CCTV - Información de Sistemas de intrusiòn - Información de Sistemas control de acceso | I37: NO | J37: NO | K37: SI | L37: NO | N37: Drive Wisner Equipo cómputo Disco duro externo Físico (bajo llave) | P37: Coordinación de mantenimiento | Q37: Coordinación de mantenimiento | R37: pdf, formatos de imagenes | S37: Coordinador de mantenimiento Empresa de vigilancia contratada | T37: Alto | V37: Medio | X37: Medio | Y37: =IF( OR(T37="Alto",V37="Alto",X37="Alto"),"Crítico","No Crítico") -> Crítico | Z37: =IF(T37='Clasificación'!$B$9,'Clasificación'!$C$9,IF(T37='Clasificación'!$B$10,'Clasificación'!$C$10,IF(OR(T37='Clasificación'!$B$11,T37='Clasificación'!$C$11),'Clasificación'!$C$11,"Por clasificar"))) -> Altamente Confidencial | AA37: =IF(V37='Clasificación'!$B$15,'Clasificación'!$C$15, IF(V37='Clasificación'!$B$16,'Clasificación'!$C$16,IF(V37='Clasificación'!$B$17,'Clasificación'!$C$17,"Por clasificar"))) -> Medio | AB37: =IF(X37='Clasificación'!$B$22,'Clasificación'!$C$22, IF(X37='Clasificación'!$B$23,'Clasificación'!$C$23,IF(X37='Clasificación'!$B$24,'Clasificación'!$C$24,"Por clasificar"))) -> Medio | AC37: IC/R-IM_DM | AD37: Ver en matriz de riesgos de seguridad y privacidad
A38: 31 | B38: Gestión de información | C38: Gestión actuarial | D38: N/A | E38: GI-GA-ACT-001 | F38: Información de riesgo actuarial | G38: Información de riesgo actuarial | H38: Incluye: - Notas técnicas (global y las que soportan primas de planes complementarios son de las más críticas) - Información de seguimiento (análisis e informes) - Matrices de riesgo actuarial - Copia de BD facturación cuentas médicas | I38: SI | J38: SI | K38: SI | L38: NO | N38: Drive John Walter Gomez carpeta principal de información del proceso Correo electrónico - algunos soportes de lo que maneja cada persona en el área | P38: Gerencia de actuaria | Q38: Gerencia de actuaria Infraestructura tecnológica | R38: pdf, txt, word, excel, python | S38: Equipo de actuaria | T38: Alto | V38: Medio | X38: Medio | Y38: =IF( OR(T38="Alto",V38="Alto",X38="Alto"),"Crítico","No Crítico") -> Crítico | Z38: =IF(T38='Clasificación'!$B$9,'Clasificación'!$C$9,IF(T38='Clasificación'!$B$10,'Clasificación'!$C$10,IF(OR(T38='Clasificación'!$B$11,T38='Clasificación'!$C$11),'Clasificación'!$C$11,"Por clasificar"))) -> Altamente Confidencial | AA38: =IF(V38='Clasificación'!$B$15,'Clasificación'!$C$15, IF(V38='Clasificación'!$B$16,'Clasificación'!$C$16,IF(V38='Clasificación'!$B$17,'Clasificación'!$C$17,"Por clasificar"))) -> Medio | AB38: =IF(X38='Clasificación'!$B$22,'Clasificación'!$C$22, IF(X38='Clasificación'!$B$23,'Clasificación'!$C$23,IF(X38='Clasificación'!$B$24,'Clasificación'!$C$24,"Por clasificar"))) -> Medio | AC38: IC/R-IM-DM | AD38: Ver en matriz de riesgos de seguridad y privacidad
A39: 32 | B39: Gestión administrativa | C39: Gestión documental y correspondencia | D39: CP-GAD-CAD-002 | E39: GAD-CAD-ACT-001 | F39: Información de radicación | G39: Información de radicación | H39: Incluye: - Información de seguimiento a radicación y distribución - BD hojas de cáculo con radicación de documentos que ingresan por ventanilla | I39: SI | J39: NO | K39: SI | L39: NO | N39: Sites.google SOS espacio servicios administrativos - BD hojas de cálculo Drive - desde aqui acceden a los documentos Responde - canalizar casos específicos como PQRS, moras de cartera correo electrónico - radicación facturación electrónica administrativa | P39: Coordinación de gestión documental | Q39: Coordinación de gestión documental Infraestructura tecnológicos | R39: excel | S39: Equipo de gestión documental | T39: Medio | V39: Medio | X39: Medio | Y39: =IF( OR(T39="Alto",V39="Alto",X39="Alto"),"Crítico","No Crítico") -> No Crítico | Z39: =IF(T39='Clasificación'!$B$9,'Clasificación'!$C$9,IF(T39='Clasificación'!$B$10,'Clasificación'!$C$10,IF(OR(T39='Clasificación'!$B$11,T39='Clasificación'!$C$11),'Clasificación'!$C$11,"Por clasificar"))) -> Confidencial | AA39: =IF(V39='Clasificación'!$B$15,'Clasificación'!$C$15, IF(V39='Clasificación'!$B$16,'Clasificación'!$C$16,IF(V39='Clasificación'!$B$17,'Clasificación'!$C$17,"Por clasificar"))) -> Medio | AB39: =IF(X39='Clasificación'!$B$22,'Clasificación'!$C$22, IF(X39='Clasificación'!$B$23,'Clasificación'!$C$23,IF(X39='Clasificación'!$B$24,'Clasificación'!$C$24,"Por clasificar"))) -> Medio | AC39: UI-IM-DM | AD39: Ver en matriz de riesgos de seguridad y privacidad
A40: 33 | B40: Gestión administrativa | C40: Gestión documental y correspondencia | D40: CP-GAD-CAD-002 | E40: GAD-CAD-ACT-002 | F40: Información de servicios de apoyo | G40: Relacionados con fotocopiado, correo, transporte de carga, suscripciones, diligencias | H40: Incluye: - Bases de datos para seguimiento de servicios de apoyo por proceso y por año - Soportes de prestación del servicio al área solicitante (guías, acuses de recibido) | I40: SI | J40: NO | K40: SI | L40: NO | N40: Sites.google SOS espacio servicios administrativos - BD hojas de cálculo Drive - desde aqui acceden a los documentos | P40: Coordinación de gestión documental | Q40: Coordinación de gestión documental | R40: excel | S40: Equipo de gestión documental | T40: Medio | V40: Medio | X40: Medio | Y40: =IF( OR(T40="Alto",V40="Alto",X40="Alto"),"Crítico","No Crítico") -> No Crítico | Z40: =IF(T40='Clasificación'!$B$9,'Clasificación'!$C$9,IF(T40='Clasificación'!$B$10,'Clasificación'!$C$10,IF(OR(T40='Clasificación'!$B$11,T40='Clasificación'!$C$11),'Clasificación'!$C$11,"Por clasificar"))) -> Confidencial | AA40: =IF(V40='Clasificación'!$B$15,'Clasificación'!$C$15, IF(V40='Clasificación'!$B$16,'Clasificación'!$C$16,IF(V40='Clasificación'!$B$17,'Clasificación'!$C$17,"Por clasificar"))) -> Medio | AB40: =IF(X40='Clasificación'!$B$22,'Clasificación'!$C$22, IF(X40='Clasificación'!$B$23,'Clasificación'!$C$23,IF(X40='Clasificación'!$B$24,'Clasificación'!$C$24,"Por clasificar"))) -> Medio | AC40: UI-IM-DM | AD40: Ver en matriz de riesgos de seguridad y privacidad
A41: 34 | B41: Gestión administrativa | C41: Gestión documental y correspondencia | D41: CP-GAD-CAD-002 | E41: GAD-CAD-ACT-003 | F41: Información de custodia de archivos | G41: Información de custodia de archivos. Desde equipo de gestión documental se hace el enlace con el proveedor y las áreas para los procesos de archivo | H41: Incluye: - Documentación en custodia - archivo activo e inactivo - Información de seguimiento sobre custodia de documentación - Soportes de destrucción de archivos (actas, evidencia, video, gráfica, certificados) - Soportes de donación de material de reciclaje - Informes de gestión del proveedor | I41: SI | J41: NO | K41: SI | L41: NO | M41: Guías Acuses de recibido cuando las areas lo pasan a gestión documental GRM Colombia - proveedor de gestión documental | N41: Sites.google SOS espacio servicios administrativos - BD hojas de cálculo Drive - desde aqui acceden a los documentos | P41: Coordinación de gestión documental | Q41: Coordinación de gestión documental | R41: excel | S41: Equipo de gestión documental | T41: Medio | V41: Medio | X41: Alto | Y41: =IF( OR(T41="Alto",V41="Alto",X41="Alto"),"Crítico","No Crítico") -> Crítico | Z41: =IF(T41='Clasificación'!$B$9,'Clasificación'!$C$9,IF(T41='Clasificación'!$B$10,'Clasificación'!$C$10,IF(OR(T41='Clasificación'!$B$11,T41='Clasificación'!$C$11),'Clasificación'!$C$11,"Por clasificar"))) -> Confidencial | AA41: =IF(V41='Clasificación'!$B$15,'Clasificación'!$C$15, IF(V41='Clasificación'!$B$16,'Clasificación'!$C$16,IF(V41='Clasificación'!$B$17,'Clasificación'!$C$17,"Por clasificar"))) -> Medio | AB41: =IF(X41='Clasificación'!$B$22,'Clasificación'!$C$22, IF(X41='Clasificación'!$B$23,'Clasificación'!$C$23,IF(X41='Clasificación'!$B$24,'Clasificación'!$C$24,"Por clasificar"))) -> Alta | AC41: UI-IM-DA | AD41: Ver en matriz de riesgos de seguridad y privacidad
A42: 35 | B42: Gestión de tecnología | C42: Infraestructura informática | D42: CP-GTE-GII-001 | E42: GTE-GII-ACT-001 | F42: Información de soporte técnico | G42: Información sobre requerimientos de soporte técnico a nivel tecnológico | H42: Incluye: - Tickets de soporte - Catálogos de servicios - Matriz de escalamiento | I42: SI | J42: NO | K42: SI | L42: NO | N42: Aranda - registro de tickets | P42: Coordinador Soporte Técnico y Microinformática Coordinador Infraestructura | Q42: Coordinador Soporte Técnico y Microinformática Coordinador Infraestructura | S42: Equipo de infraestructura y soluciones informáticas | T42: Medio | V42: Medio | X42: Medio | Y42: =IF( OR(T42="Alto",V42="Alto",X42="Alto"),"Crítico","No Crítico") -> No Crítico | Z42: =IF(T42='Clasificación'!$B$9,'Clasificación'!$C$9,IF(T42='Clasificación'!$B$10,'Clasificación'!$C$10,IF(OR(T42='Clasificación'!$B$11,T42='Clasificación'!$C$11),'Clasificación'!$C$11,"Por clasificar"))) -> Confidencial | AA42: =IF(V42='Clasificación'!$B$15,'Clasificación'!$C$15, IF(V42='Clasificación'!$B$16,'Clasificación'!$C$16,IF(V42='Clasificación'!$B$17,'Clasificación'!$C$17,"Por clasificar"))) -> Medio | AB42: =IF(X42='Clasificación'!$B$22,'Clasificación'!$C$22, IF(X42='Clasificación'!$B$23,'Clasificación'!$C$23,IF(X42='Clasificación'!$B$24,'Clasificación'!$C$24,"Por clasificar"))) -> Medio | AC42: UI-IM-DM | AD42: Ver en matriz de riesgos de seguridad y privacidad
A43: 36 | B43: Gestión de tecnología | C43: Infraestructura informática | D43: CP-GTE-GII-001 | E43: GTE-GII-ACT-002 | F43: Información sobre administración de infraestructura tecnológica | G43: Información sobre administración de infraestructura tecnológica | H43: Incluye: - Inventarios de activos (servidores, redes, bases de datos) - Diagramas de infraestructura - Informes de seguimiento a proveedores - Políticas de respaldo | I43: NO | J43: NO | K43: SI | L43: SI | N43: Drive Carpeta infraestructura (cuenta datosdriveunificado) Keypass - uso por parte de Jessica Archivo con credenciales en drive - Pendiente por parte de John Isolucion - diagramas de red, manuales, formatos | O43: Tercerizado adm servidores con Arus Infraestructura en IBM En proceso de implementación MFA con Google. A través de VPN acceso de equipo de tecnología Acceso a aplicaciones core a través de VPN - pendiente implementar MFA | P43: Coordinador Soporte Técnico y Microinformática Coordinador Infraestructura | Q43: Coordinador Soporte Técnico y Microinformática Coordinador Infraestructura | R43: pdf. excel, word, imágenes | S43: Equipo de infraestructura | T43: Alto | V43: Medio | X43: Medio | Y43: =IF( OR(T43="Alto",V43="Alto",X43="Alto"),"Crítico","No Crítico") -> Crítico | Z43: =IF(T43='Clasificación'!$B$9,'Clasificación'!$C$9,IF(T43='Clasificación'!$B$10,'Clasificación'!$C$10,IF(OR(T43='Clasificación'!$B$11,T43='Clasificación'!$C$11),'Clasificación'!$C$11,"Por clasificar"))) -> Altamente Confidencial | AA43: =IF(V43='Clasificación'!$B$15,'Clasificación'!$C$15, IF(V43='Clasificación'!$B$16,'Clasificación'!$C$16,IF(V43='Clasificación'!$B$17,'Clasificación'!$C$17,"Por clasificar"))) -> Medio | AB43: =IF(X43='Clasificación'!$B$22,'Clasificación'!$C$22, IF(X43='Clasificación'!$B$23,'Clasificación'!$C$23,IF(X43='Clasificación'!$B$24,'Clasificación'!$C$24,"Por clasificar"))) -> Medio | AC43: IC/R-IM-DM | AD43: Ver en matriz de riesgos de seguridad y privacidad
A44: 37 | B44: Gestión de información | C44: Inteligencia de negocios | D44: CP-GTE-INE-001 | E44: GTE-INE-ACT-001 | F44: Información de inteligencia de negocios | G44: Información generada para servir a la toma de decisiones de SOS | H44: Incluye: - Modelos de información (afiliación, gestión de riesgos en salud, gestión de redes, acceso al servicio, componentes modelo de auditoria y procesos de soporte) - Información de resultados obtenidos (patrones, tendencias) - Información de implementación de modelos - Scripts para gestionar información | I44: SI | J44: NO | K44: SI | L44: NO | N44: BD de las aplicaciones SOS Servidor Argus - Carpeta con script para gestionar información | P44: Jefatura inteligencia de negocios | Q44: Jefatura inteligencia de negocios Infraestructura tecnológíca | R44: sql | S44: Equipo de inteligencia de negocios | T44: Alto | V44: Medio | X44: Alto | Y44: =IF( OR(T44="Alto",V44="Alto",X44="Alto"),"Crítico","No Crítico") -> Crítico | Z44: =IF(T44='Clasificación'!$B$9,'Clasificación'!$C$9,IF(T44='Clasificación'!$B$10,'Clasificación'!$C$10,IF(OR(T44='Clasificación'!$B$11,T44='Clasificación'!$C$11),'Clasificación'!$C$11,"Por clasificar"))) -> Altamente Confidencial | AA44: =IF(V44='Clasificación'!$B$15,'Clasificación'!$C$15, IF(V44='Clasificación'!$B$16,'Clasificación'!$C$16,IF(V44='Clasificación'!$B$17,'Clasificación'!$C$17,"Por clasificar"))) -> Medio | AB44: =IF(X44='Clasificación'!$B$22,'Clasificación'!$C$22, IF(X44='Clasificación'!$B$23,'Clasificación'!$C$23,IF(X44='Clasificación'!$B$24,'Clasificación'!$C$24,"Por clasificar"))) -> Alta | AC44: IC/R-IM-DA | AD44: Ver en matriz de riesgos de seguridad y privacidad
A45: 38 | B45: Gestión de información | C45: Inteligencia de negocios | D45: CP-GTE-INE-001 | E45: GTE-INE-ACT-002 | F45: Reportes solicitudes de respuesta de ley | G45: Requeridos por entes de control (super, contraloria, revisoria, etc) | H45: Trazabilidad de reportes de ley generados desde el área | I45: SI | J45: NO | K45: SI | L45: NO | N45: Servidor Argus - Carpeta Soporte de radicados Correo electrónico - copia al líder de proceso responsable de la información | P45: Jefatura inteligencia de negocios | Q45: Jefatura inteligencia de negocios Infraestructura tecnológíca | R45: pdf, excel, word, BD, archivos planos | S45: Equipo de inteligencia de negocios | T45: Alto | V45: Alto | X45: Bajo | Y45: =IF( OR(T45="Alto",V45="Alto",X45="Alto"),"Crítico","No Crítico") -> Crítico | Z45: =IF(T45='Clasificación'!$B$9,'Clasificación'!$C$9,IF(T45='Clasificación'!$B$10,'Clasificación'!$C$10,IF(OR(T45='Clasificación'!$B$11,T45='Clasificación'!$C$11),'Clasificación'!$C$11,"Por clasificar"))) -> Altamente Confidencial | AA45: =IF(V45='Clasificación'!$B$15,'Clasificación'!$C$15, IF(V45='Clasificación'!$B$16,'Clasificación'!$C$16,IF(V45='Clasificación'!$B$17,'Clasificación'!$C$17,"Por clasificar"))) -> Alta | AB45: =IF(X45='Clasificación'!$B$22,'Clasificación'!$C$22, IF(X45='Clasificación'!$B$23,'Clasificación'!$C$23,IF(X45='Clasificación'!$B$24,'Clasificación'!$C$24,"Por clasificar"))) -> Bajo | AC45: IC/R-IA-DB | AD45: Ver en matriz de riesgos de seguridad y privacidad
A46: 39 | B46: Gestión jurídica | C46: Procesos jurídicos | D46: N/A | E46: GJ-PJ-ACT-001 | F46: Información de procesos judiciales y administrativos | G46: Todos los documentos que pueden hacer parte de un proceso jurídico y da cuenta de la evolución del tramite y las actividades que se realizan para gestionarlo | H46: Puede incluir: - Notificaciones - Documentos relacionados con demandas - Actas de audiencias - Sentencias - Contestaciones - Pruebas | I46: SI | J46: NO | K46: SI | L46: NO | N46: Drive de cada abogado por cada asunto que se maneje | O46: Copias de expedientes en Despachos judiciales donde se adelantan los trámites | P46: Gerencia jurídica Jefatura jurídica | Q46: Jefatura jurídica Infraestructura tecnológica | R46: pdf, word, excel | S46: Equipo de jefatura jurídica | T46: Medio | V46: Alto | X46: Medio | Y46: =IF( OR(T46="Alto",V46="Alto",X46="Alto"),"Crítico","No Crítico") -> Crítico | Z46: =IF(T46='Clasificación'!$B$9,'Clasificación'!$C$9,IF(T46='Clasificación'!$B$10,'Clasificación'!$C$10,IF(OR(T46='Clasificación'!$B$11,T46='Clasificación'!$C$11),'Clasificación'!$C$11,"Por clasificar"))) -> Confidencial | AA46: =IF(V46='Clasificación'!$B$15,'Clasificación'!$C$15, IF(V46='Clasificación'!$B$16,'Clasificación'!$C$16,IF(V46='Clasificación'!$B$17,'Clasificación'!$C$17,"Por clasificar"))) -> Alta | AB46: =IF(X46='Clasificación'!$B$22,'Clasificación'!$C$22, IF(X46='Clasificación'!$B$23,'Clasificación'!$C$23,IF(X46='Clasificación'!$B$24,'Clasificación'!$C$24,"Por clasificar"))) -> Medio | AC46: UI-IA-DA | AD46: Ver en matriz de riesgos de seguridad y privacidad
A47: 40 | B47: Gestión jurídica | C47: Procesos jurídicos | D47: N/A | E47: GJ-PJ-ACT-002 | F47: Información de procesos disciplinarios | G47: Todos los documentos que pueden hacer parte de un proceso disciplinario | H47: Puede incluir: - Solicitud de proceso - Comunicaciones - Documentos de conceptos y análisis - Citaciones - Actas de descargos - Acta s de compromiso, seguimiento - Llamados de atención - Notificaciones de suspensión o terminación de contrato Ante ausencias de Diego, se mantiene el proceso manualmente sin acceso a la macro | I47: SI | J47: NO | K47: SI | L47: NO | M47: Carpeta de Historia laboral que archiva gestión humana | N47: Drive Diego Quijano - Macro en excel para almacenar sitaciones, declaración trabajador, cierre proceso disciplinario Correo electrónico - manejo de casos desde el 2020 | P47: Gerencia jurídica Jefatura jurídica | Q47: Jefatura jurídica Infraestructura tecnológica Gestión humana | R47: word, excel, pdf | S47: Abogado de asuntos corporativos y laborales Gerente jurídica | T47: Alto | V47: Medio | X47: Medio | Y47: =IF( OR(T47="Alto",V47="Alto",X47="Alto"),"Crítico","No Crítico") -> Crítico | Z47: =IF(T47='Clasificación'!$B$9,'Clasificación'!$C$9,IF(T47='Clasificación'!$B$10,'Clasificación'!$C$10,IF(OR(T47='Clasificación'!$B$11,T47='Clasificación'!$C$11),'Clasificación'!$C$11,"Por clasificar"))) -> Altamente Confidencial | AA47: =IF(V47='Clasificación'!$B$15,'Clasificación'!$C$15, IF(V47='Clasificación'!$B$16,'Clasificación'!$C$16,IF(V47='Clasificación'!$B$17,'Clasificación'!$C$17,"Por clasificar"))) -> Medio | AB47: =IF(X47='Clasificación'!$B$22,'Clasificación'!$C$22, IF(X47='Clasificación'!$B$23,'Clasificación'!$C$23,IF(X47='Clasificación'!$B$24,'Clasificación'!$C$24,"Por clasificar"))) -> Medio | AC47: IC/R-ID-DM | AD47: Ver en matriz de riesgos de seguridad y privacidad
A48: 41 | B48: Gestión jurídica | C48: Procesos jurídicos | D48: N/A | E48: GJ-PJ-ACT-003 | F48: Informes de seguimiento y control | G48: Informes para entes de control y comités internos de la Gerencia jurídica | H48: Externo: - SuperSalud - Informes SIRECI - Contraloria - Informes comité técnico jurídico Internos: - Provisiones de contingencia - contraleria delegada Se manejan informes de otras temáticas: - Tutelas - Contratación administrativa - Contratación salud | I48: SI | J48: NO | K48: SI | L48: NO | N48: Drive - Del colaborador Aldo Rojas (temas Judiciales) Drive - Del colaborador Carolina Ortegon (temas Sancionatorios) Correo electrónico Cargue en plataformas de entidades | P48: Gerencia jurídica Jefatura jurídica | Q48: Jefatura jurídica Infraestructura tecnológica | R48: word, excel, pdf | S48: Abogados apoderados con acceso a los drive para alimentar información | T48: Medio | V48: Alto | X48: Medio | Y48: =IF( OR(T48="Alto",V48="Alto",X48="Alto"),"Crítico","No Crítico") -> Crítico | Z48: =IF(T48='Clasificación'!$B$9,'Clasificación'!$C$9,IF(T48='Clasificación'!$B$10,'Clasificación'!$C$10,IF(OR(T48='Clasificación'!$B$11,T48='Clasificación'!$C$11),'Clasificación'!$C$11,"Por clasificar"))) -> Confidencial | AA48: =IF(V48='Clasificación'!$B$15,'Clasificación'!$C$15, IF(V48='Clasificación'!$B$16,'Clasificación'!$C$16,IF(V48='Clasificación'!$B$17,'Clasificación'!$C$17,"Por clasificar"))) -> Alta | AB48: =IF(X48='Clasificación'!$B$22,'Clasificación'!$C$22, IF(X48='Clasificación'!$B$23,'Clasificación'!$C$23,IF(X48='Clasificación'!$B$24,'Clasificación'!$C$24,"Por clasificar"))) -> Medio | AC48: UI-IA-DM | AD48: Ver en matriz de riesgos de seguridad y privacidad
A49: 42 | B49: Gestión de tecnología | C49: Gestión de soluciones informáticas | D49: CP-GTE-GSI-001 | E49: GTE-GSI-ACT-001 | F49: Información sobre aplicativos desarrollados | G49: Considera los elementos que se elaboran para el desarrollo, prueba y puesta en producción de aplicativos | H49: Incluye: - Documentación de diseño - Documentación de pruebas - Documentación técnica de los aplicativos - Modelo de datos de la solución informática - Actas comité de cambios - Código fuente | I49: SI | J49: NO | K49: SI | L49: SI | N49: Doc diseño - Drive por aplicación proyectosoluciones@sos.com.co Email - documentación pruebas funcionales Sonarqube - revisión código estático Modelo de datos - Enterprise Architect y BD Isolucion Mantis - Registro y gestión de no conformidades en desarrollo Código fuente - Repositorio configuraciones | O49: Datos drive unificado - paso datos drive de personal retirado | P49: Soluciones informáticas | Q49: Soluciones informáticas | R49: pdf. word. excel, archivos de enterprise architect | S49: Equipo de soluciones informáticas | T49: Alto | V49: Medio | X49: Medio | Y49: =IF( OR(T49="Alto",V49="Alto",X49="Alto"),"Crítico","No Crítico") -> Crítico | Z49: =IF(T49='Clasificación'!$B$9,'Clasificación'!$C$9,IF(T49='Clasificación'!$B$10,'Clasificación'!$C$10,IF(OR(T49='Clasificación'!$B$11,T49='Clasificación'!$C$11),'Clasificación'!$C$11,"Por clasificar"))) -> Altamente Confidencial | AA49: =IF(V49='Clasificación'!$B$15,'Clasificación'!$C$15, IF(V49='Clasificación'!$B$16,'Clasificación'!$C$16,IF(V49='Clasificación'!$B$17,'Clasificación'!$C$17,"Por clasificar"))) -> Medio | AB49: =IF(X49='Clasificación'!$B$22,'Clasificación'!$C$22, IF(X49='Clasificación'!$B$23,'Clasificación'!$C$23,IF(X49='Clasificación'!$B$24,'Clasificación'!$C$24,"Por clasificar"))) -> Medio | AC49: IC/R-IM_DM | AD49: Ver en matriz de riesgos de seguridad y privacidad
A50: 43 | B50: Gestión de tecnología | C50: Gestión de soluciones informáticas | D50: CP-GTE-GSI-001 | E50: GTE-GSI-ACT-002 | F50: Tickets solicitudes sobre aplicativos | G50: Tickets a través de los cuales se gestinan solicitudes de provisión, incidentes y eventos de mantenimiento sobre aplicativos de la entidad | H50: Incluye: - Tickets provisión (desarrollo o adquisición) aplicativos - Tickets mantenimiento aplicativos | I50: SI | J50: NO | K50: SI | L50: SI | N50: Aranda | P50: Soluciones informáticas | Q50: Soluciones informáticas | R50: Formato de app | S50: Equipo de soluciones informáticas | T50: Medio | V50: Medio | X50: Medio | Y50: =IF( OR(T50="Alto",V50="Alto",X50="Alto"),"Crítico","No Crítico") -> No Crítico | Z50: =IF(T50='Clasificación'!$B$9,'Clasificación'!$C$9,IF(T50='Clasificación'!$B$10,'Clasificación'!$C$10,IF(OR(T50='Clasificación'!$B$11,T50='Clasificación'!$C$11),'Clasificación'!$C$11,"Por clasificar"))) -> Confidencial | AA50: =IF(V50='Clasificación'!$B$15,'Clasificación'!$C$15, IF(V50='Clasificación'!$B$16,'Clasificación'!$C$16,IF(V50='Clasificación'!$B$17,'Clasificación'!$C$17,"Por clasificar"))) -> Medio | AB50: =IF(X50='Clasificación'!$B$22,'Clasificación'!$C$22, IF(X50='Clasificación'!$B$23,'Clasificación'!$C$23,IF(X50='Clasificación'!$B$24,'Clasificación'!$C$24,"Por clasificar"))) -> Medio | AC50: UI-IM_DM | AD50: Ver en matriz de riesgos de seguridad y privacidad
A51: 44 | B51: Gestión de tecnología | C51: Gestión de soluciones informáticas | D51: CP-GTE-GSI-001 | E51: GTE-GSI-ACT-004 | F51: Informe de gestión de soluciones informáticas | G51: Informe con análisis del logro y de necesidades a partir de los resultados de los indicadores de gestión, estrategia, riesgos e informes de auditoría | H51: Incluye: - Informes de gestión del proceso a partir de resultado interno - Informes de gestión de proveedores que soporten la presentación de resultados del proceso | I51: NO | J51: NO | K51: NO | L51: NO | N51: Power BI | P51: Soluciones informáticas | Q51: Soluciones informáticas | R51: Formato de app | S51: Equipo de soluciones informáticas | T51: Medio | V51: Medio | X51: Medio | Y51: =IF( OR(T51="Alto",V51="Alto",X51="Alto"),"Crítico","No Crítico") -> No Crítico | Z51: =IF(T51='Clasificación'!$B$9,'Clasificación'!$C$9,IF(T51='Clasificación'!$B$10,'Clasificación'!$C$10,IF(OR(T51='Clasificación'!$B$11,T51='Clasificación'!$C$11),'Clasificación'!$C$11,"Por clasificar"))) -> Confidencial | AA51: =IF(V51='Clasificación'!$B$15,'Clasificación'!$C$15, IF(V51='Clasificación'!$B$16,'Clasificación'!$C$16,IF(V51='Clasificación'!$B$17,'Clasificación'!$C$17,"Por clasificar"))) -> Medio | AB51: =IF(X51='Clasificación'!$B$22,'Clasificación'!$C$22, IF(X51='Clasificación'!$B$23,'Clasificación'!$C$23,IF(X51='Clasificación'!$B$24,'Clasificación'!$C$24,"Por clasificar"))) -> Medio | AC51: UI-IM_DM | AD51: Ver en matriz de riesgos de seguridad y privacidad
A52: 45 | B52: Gestión del talento humano | C52: Seguridad y salud en el trabajo | D52: CP-GTH-SST-001 | E52: GTH-SST-ACT-001 | F52: Información de requisitos de SST | G52: Información sobre los requisitos de SST que deben ser aplicables en la organización basado en brechas de cumplimiento | H52: Incluye: - Matriz legal de requisitos de SST - Brechas de cumplimiento de estándares mínimos | I52: NO | J52: NO | K52: SI | L52: NO | N52: Correo electrónico Drive cuenta Líder SST | P52: Bienestar, Seguridad y Salud en el trabajo | Q52: Bienestar, Seguridad y Salud en el trabajo | R52: Excel. word, pdf | S52: Equipo de trabajo SST (Líder y analista) | T52: Medio | V52: Medio | X52: Medio | Y52: =IF( OR(T52="Alto",V52="Alto",X52="Alto"),"Crítico","No Crítico") -> No Crítico | Z52: =IF(T52='Clasificación'!$B$9,'Clasificación'!$C$9,IF(T52='Clasificación'!$B$10,'Clasificación'!$C$10,IF(OR(T52='Clasificación'!$B$11,T52='Clasificación'!$C$11),'Clasificación'!$C$11,"Por clasificar"))) -> Confidencial | AA52: =IF(V52='Clasificación'!$B$15,'Clasificación'!$C$15, IF(V52='Clasificación'!$B$16,'Clasificación'!$C$16,IF(V52='Clasificación'!$B$17,'Clasificación'!$C$17,"Por clasificar"))) -> Medio | AB52: =IF(X52='Clasificación'!$B$22,'Clasificación'!$C$22, IF(X52='Clasificación'!$B$23,'Clasificación'!$C$23,IF(X52='Clasificación'!$B$24,'Clasificación'!$C$24,"Por clasificar"))) -> Medio | AC52: UI-IM-DM
A53: 46 | B53: Gestión del talento humano | C53: Seguridad y salud en el trabajo | D53: CP-GTH-SST-001 | E53: GTH-SST-ACT-002 | F53: Información de riesgos de SST | G53: Información sobre la identificación de peligros y evaluación de riesgos de SST y las estrategias para su intervención | H53: Incluye: - Matriz de riesgos de SST --- incluye toda la documentación - Estrategias de intervención en riesgos - Programa de vigilancia epidemiológica - Reportes de condiciones inseguras - Planes de acción ante condiciones inseguras | I53: NO | J53: NO | K53: SI | L53: NO | N53: Drive cuenta Líder SST Drive cuenta Analista SST | P53: Bienestar, Seguridad y Salud en el trabajo | Q53: Bienestar, Seguridad y Salud en el trabajo | R53: Excel. word, pdf | S53: Equipo de trabajo SST (Líder y analista) | T53: Alto | V53: Medio | X53: Medio | Y53: =IF( OR(T53="Alto",V53="Alto",X53="Alto"),"Crítico","No Crítico") -> Crítico | Z53: =IF(T53='Clasificación'!$B$9,'Clasificación'!$C$9,IF(T53='Clasificación'!$B$10,'Clasificación'!$C$10,IF(OR(T53='Clasificación'!$B$11,T53='Clasificación'!$C$11),'Clasificación'!$C$11,"Por clasificar"))) -> Altamente Confidencial | AA53: =IF(V53='Clasificación'!$B$15,'Clasificación'!$C$15, IF(V53='Clasificación'!$B$16,'Clasificación'!$C$16,IF(V53='Clasificación'!$B$17,'Clasificación'!$C$17,"Por clasificar"))) -> Medio | AB53: =IF(X53='Clasificación'!$B$22,'Clasificación'!$C$22, IF(X53='Clasificación'!$B$23,'Clasificación'!$C$23,IF(X53='Clasificación'!$B$24,'Clasificación'!$C$24,"Por clasificar"))) -> Medio | AC53: IC/R-IM-DM
A54: 47 | B54: Gestión del talento humano | C54: Seguridad y salud en el trabajo | D54: CP-GTH-SST-001 | E54: GTH-SST-ACT-003 | F54: Información del sistema de gestión de SST | G54: Información sobre el programa de SST en proceso de ejecución para el cumplimiento normativo | H54: Incluye: - Plan de trabajo de SST - Evidencia de cumplimiento de actividades - Documentación del sistema de gestión (programas, sistemas de vigilancia epidemiológica, estudios de caso de salud) - Actas (comités de convivencia - paritario, brigada de emergencias, entrega de implementos protección personal) - Documentación de capacitaciones | I54: NO | J54: NO | K54: SI | L54: NO | N54: Correo electrónico Drive cuenta Líder SST | P54: Bienestar, Seguridad y Salud en el trabajo | Q54: Bienestar, Seguridad y Salud en el trabajo | R54: Excel. word, pdf | S54: Equipo de trabajo SST (Líder y analista) | T54: Medio | V54: Medio | X54: Medio | Y54: =IF( OR(T54="Alto",V54="Alto",X54="Alto"),"Crítico","No Crítico") -> No Crítico | Z54: =IF(T54='Clasificación'!$B$9,'Clasificación'!$C$9,IF(T54='Clasificación'!$B$10,'Clasificación'!$C$10,IF(OR(T54='Clasificación'!$B$11,T54='Clasificación'!$C$11),'Clasificación'!$C$11,"Por clasificar"))) -> Confidencial | AA54: =IF(V54='Clasificación'!$B$15,'Clasificación'!$C$15, IF(V54='Clasificación'!$B$16,'Clasificación'!$C$16,IF(V54='Clasificación'!$B$17,'Clasificación'!$C$17,"Por clasificar"))) -> Medio | AB54: =IF(X54='Clasificación'!$B$22,'Clasificación'!$C$22, IF(X54='Clasificación'!$B$23,'Clasificación'!$C$23,IF(X54='Clasificación'!$B$24,'Clasificación'!$C$24,"Por clasificar"))) -> Medio | AC54: UI-IM-DM
A55: 48 | B55: Gestión del talento humano | C55: Seguridad y salud en el trabajo | D55: CP-GTH-SST-001 | E55: GTH-SST-ACT-004 | F55: Información de accidentes, incidentes, enfermendades laborales | G55: Considera elementos sobre la atención , reporte y gestión de accidentes e incidentes laborales | H55: Incluye: - Reportes de accidente o incidente - Informes de invetigaciones y recomendaciones - Informes de investigación a la ARL - Documentación de tramites administrativos con IPS - Documentación de incapacidades (incluyendo soportes) | I55: SI | J55: NO | K55: SI | L55: NO | N55: Correo electrónico Drive cuenta Líder SST | P55: Bienestar, Seguridad y Salud en el trabajo | Q55: Bienestar, Seguridad y Salud en el trabajo | R55: Excel. word, pdf | S55: Equipo de trabajo SST (Líder y analista) | T55: Alto | V55: Alto | X55: Alto | Y55: =IF( OR(T55="Alto",V55="Alto",X55="Alto"),"Crítico","No Crítico") -> Crítico | Z55: =IF(T55='Clasificación'!$B$9,'Clasificación'!$C$9,IF(T55='Clasificación'!$B$10,'Clasificación'!$C$10,IF(OR(T55='Clasificación'!$B$11,T55='Clasificación'!$C$11),'Clasificación'!$C$11,"Por clasificar"))) -> Altamente Confidencial | AA55: =IF(V55='Clasificación'!$B$15,'Clasificación'!$C$15, IF(V55='Clasificación'!$B$16,'Clasificación'!$C$16,IF(V55='Clasificación'!$B$17,'Clasificación'!$C$17,"Por clasificar"))) -> Alta | AB55: =IF(X55='Clasificación'!$B$22,'Clasificación'!$C$22, IF(X55='Clasificación'!$B$23,'Clasificación'!$C$23,IF(X55='Clasificación'!$B$24,'Clasificación'!$C$24,"Por clasificar"))) -> Alta | AC55: IC/R-IA-DA
A56: 49 | B56: Gestión del talento humano | C56: Seguridad y salud en el trabajo | D56: CP-GTH-SST-001 | E56: GTH-SST-ACT-006 | F56: Informe de gestión de SST | G56: Informe con análisis del logro y de necesidades a partir de los resultados de los indicadores de gestión, estrategia, riesgos e informes de auditoría | H56: Incluye: - Informes de gestión del proceso a partir de resultado interno - Informes de gestión de proveedores que soporten la presentación de resultados del proceso - Indicadores de gestión de acuerdo con la norma (se han establecido 19 indicadores con seguimiento mensual) | I56: NO | J56: NO | K56: NO | L56: NO | N56: Correo electrónico Drive cuenta Líder SST | P56: Bienestar, Seguridad y Salud en el trabajo | Q56: Bienestar, Seguridad y Salud en el trabajo | R56: Excel. word, pdf | S56: Equipo de trabajo SST (Líder y analista) | T56: Medio | V56: Medio | X56: Medio | Y56: =IF( OR(T56="Alto",V56="Alto",X56="Alto"),"Crítico","No Crítico") -> No Crítico | Z56: =IF(T56='Clasificación'!$B$9,'Clasificación'!$C$9,IF(T56='Clasificación'!$B$10,'Clasificación'!$C$10,IF(OR(T56='Clasificación'!$B$11,T56='Clasificación'!$C$11),'Clasificación'!$C$11,"Por clasificar"))) -> Confidencial | AA56: =IF(V56='Clasificación'!$B$15,'Clasificación'!$C$15, IF(V56='Clasificación'!$B$16,'Clasificación'!$C$16,IF(V56='Clasificación'!$B$17,'Clasificación'!$C$17,"Por clasificar"))) -> Medio | AB56: =IF(X56='Clasificación'!$B$22,'Clasificación'!$C$22, IF(X56='Clasificación'!$B$23,'Clasificación'!$C$23,IF(X56='Clasificación'!$B$24,'Clasificación'!$C$24,"Por clasificar"))) -> Medio | AC56: UI-IM-DM
A57: 50 | B57: Gestión jurídica | C57: Tutelas, desacatos y sanciones | D57: N/A | E57: GJ-TDS-ACT-001 | F57: Información de tutelas | G57: Todos los documentos que hacen parte de la acción de tutela | H57: Incluye: - Auto admisorio - Fallo de tutela - Impugnación fallo tutela (Opcional según el caso) - Requerimiento judicial (Opcional según el caso) - Apertura formal (Opcional según el caso) - Apertura a pruebas (Opcional según el caso) - Sanción (Opcional según el caso) - Confirmación de sanción (Opcional según el caso) - Revocatoria de sanción (Opcional según el caso) - Archivo de desacato (Opcional según el caso) | I57: SI | J57: NO | K57: SI | L57: NO | N57: Orion - Repositorio documentos Correo de notificaciones judiciales notificacionesjudiciales@sos.com.co | P57: Coordinación de tutelas | Q57: Soluciones informáticas | R57: PDF en Orion | S57: Correo - Acceso por Auxiliar jurídico (Paola Vinasco) Orion - Acceso por perfiles según funcionalidad requerida | T57: Alto | V57: Alto | X57: Alto | Y57: =IF( OR(T57="Alto",V57="Alto",X57="Alto"),"Crítico","No Crítico") -> Crítico | Z57: =IF(T57='Clasificación'!$B$9,'Clasificación'!$C$9,IF(T57='Clasificación'!$B$10,'Clasificación'!$C$10,IF(OR(T57='Clasificación'!$B$11,T57='Clasificación'!$C$11),'Clasificación'!$C$11,"Por clasificar"))) -> Altamente Confidencial | AA57: =IF(V57='Clasificación'!$B$15,'Clasificación'!$C$15, IF(V57='Clasificación'!$B$16,'Clasificación'!$C$16,IF(V57='Clasificación'!$B$17,'Clasificación'!$C$17,"Por clasificar"))) -> Alta | AB57: =IF(X57='Clasificación'!$B$22,'Clasificación'!$C$22, IF(X57='Clasificación'!$B$23,'Clasificación'!$C$23,IF(X57='Clasificación'!$B$24,'Clasificación'!$C$24,"Por clasificar"))) -> Alta | AC57: IC/R-IA-DA | AD57: Ver en matriz de riesgos de seguridad y privacidad
A58: 51 | B58: Sistema integrado de gestión | C58: Gestión de proyectos | D58: CP-GDO-GPR-001 | E58: GDO-GPR-ACT-001 | F58: Información de mejoramientos a los procesos | G58: Información de mejoramientos a los procesos | H58: Incluye: - Plan de trabajo - Entregables - Informes de avances y seguimiento - Solicitudes de cambios (cuando aplique) - Actas de entrega y recepción de entregables - Documentación de cierre | I58: SI | J58: NO | K58: SI | L58: NO | N58: Drive proyectos de mejoramiento - Datos drive unificado Seguimientos, presentaciones, cierre de avances - A través de correo electrónico | O58: Los accesos los gestiona los líderes de proyecto de mejoramiento, falta generar seguimiento a los permisos y retirarlos cuando alguien cambia de proyecto | P58: Gerencia de procesos y análisis de información | Q58: Gerencia de procesos y análisis de información | R58: excel, word, pdf | S58: Ingenieros y líderes de procesos asignados para cada plan de mejoramiento particular | T58: Alto | V58: Medio | X58: Medio | Y58: =IF( OR(T58="Alto",V58="Alto",X58="Alto"),"Crítico","No Crítico") -> Crítico | Z58: =IF(T58=[1]Clasificación!$B$9,[1]Clasificación!$C$9,IF(T58=[1]Clasificación!$B$10,[1]Clasificación!$C$10,IF(OR(T58=[1]Clasificación!$B$11,T58=[1]Clasificación!$C$11),[1]Clasificación!$C$11,"Por clasificar"))) -> #ERROR! | AA58: =IF(OR(V58=[1]Clasificación!$B$15,V58=[1]Clasificación!$B$16),[1]Clasificación!$C$15,IF(V58=[1]Clasificación!$B$17,[1]Clasificación!$C$17,"Por clasificar")) -> #ERROR! | AB58: =IF(OR(X58=[1]Clasificación!$B$22,X58=[1]Clasificación!$B$23),[1]Clasificación!$C$22,IF(X58=[1]Clasificación!$B$24,[1]Clasificación!$C$24,"Por clasificar")) -> #ERROR! | AC58: IC/R - IM - DM | AD58: Ver matriz de riesgos de seguridad y privacidad
A59: 52 | B59: Sistema integrado de gestión | C59: Direccionamiento estratégico | D59: CP-GDO-GPR-001 | E59: GDO-GPR-ACT-002 | F59: Información de direccionamiento estratégico | G59: Información de direccionamiento estratégico | H59: Incluye: - Definiciones de estrategia de negocio - Insumos de decisiones frente a costo y contratación (articular a los gerente para logro de resultados) - Entes de control (información relacionada con iniciativas a decisiones estratégicas) - Junta directiva y asamblea (insumo y seguimiento de compromisos) - Información financiera, operativa, administrativa para la gestión de estrategias - Información administrativa humana (cambios en roles a nivel directivo) - Acceso a información de sanciones, demandas a la EPS - Información estratégica para relacionamiento con terceros | I59: SI | J59: NO | K59: SI | L59: SI | N59: Correo electrónico Equipo de cómputo Coordinador de gestión integral, proyectos e innovación | P59: Gerencia de procesos y análisis de información | Q59: Gerencia de procesos y análisis de información | R59: excel, word, pdf | S59: Gerentes, directores Dirección ejecutiva y asistente de gerencia Miembros de junta y asamblea | T59: Alto | V59: Alto | X59: Alto | Y59: =IF( OR(T59="Alto",V59="Alto",X59="Alto"),"Crítico","No Crítico") -> Crítico | Z59: =IF(T59=[1]Clasificación!$B$9,[1]Clasificación!$C$9,IF(T59=[1]Clasificación!$B$10,[1]Clasificación!$C$10,IF(OR(T59=[1]Clasificación!$B$11,T59=[1]Clasificación!$C$11),[1]Clasificación!$C$11,"Por clasificar"))) -> #ERROR! | AA59: =IF(OR(V59=[1]Clasificación!$B$15,V59=[1]Clasificación!$B$16),[1]Clasificación!$C$15,IF(V59=[1]Clasificación!$B$17,[1]Clasificación!$C$17,"Por clasificar")) -> #ERROR! | AB59: =IF(OR(X59=[1]Clasificación!$B$22,X59=[1]Clasificación!$B$23),[1]Clasificación!$C$22,IF(X59=[1]Clasificación!$B$24,[1]Clasificación!$C$24,"Por clasificar")) -> #ERROR! | AC59: IC/R - IA - DA | AD59: Ver matriz de riesgos de seguridad y privacidad
A60: 53 | B60: Sistema integrado de gestión | C60: Gestión de calidad | D60: CP-SIG-GCL-001 | E60: SIG-GCL-ACT-001 | F60: Información de gestión de calidad | G60: Información de gestión de calidad | H60: Incluye: - Diagnóstico de cumplimiento - Información de objetivos y metas en el sistema de gestión de calidad - DOFA - Documentación de partes interesadas y requisitos - Alcance del sistema - Información de revisión por la dirección - Información de evaluación de desempeño (conformidad de productos y servicios, satisfacción del cliente, desempeño de proveedores) - Información de colaboradores de S.O.S. (perfiles con nombre, usuario de red, cargo) - Isolucion - Indicadores - Información de objetivos y metas en el modelo de madurez de procesos - Documentación de procesos(caracterizaciones, estándares, manuales, instructivos, políticas) - Indicadores de gestión de procesos - Mapa de procesos, listado documentos, normograma (Isolucion) - Actas Las actas de junta las maneja Diego Camilo actualmente. Pero la empezará a manejar la asistente de gerencia. Sin embargo dado que la asistente es reciente, el flujo está en revisión | I60: SI | J60: NO | K60: SI | L60: NO | N60: Isolucion | O60: Aura Santos - Administradora encargada de la app Accesos basado en roles y perfiles de la herramienta | P60: Gerente de procesos y análisis de información | Q60: Gerente de procesos y análisis de información | R60: Formatos admitidos por la herramienta | S60: Equipo de gestión de calidad | T60: Alto | V60: Alto | X60: Alto | Y60: =IF( OR(T60="Alto",V60="Alto",X60="Alto"),"Crítico","No Crítico") -> Crítico | Z60: =IF(T60=[2]Clasificación!$B$9,[2]Clasificación!$C$9,IF(T60=[2]Clasificación!$B$10,[2]Clasificación!$C$10,IF(OR(T60=[2]Clasificación!$B$11,T60=[2]Clasificación!$C$11),[2]Clasificación!$C$11,"Por clasificar"))) -> #ERROR! | AA60: =IF(OR(V60=[2]Clasificación!$B$15,V60=[2]Clasificación!$B$16),[2]Clasificación!$C$15,IF(V60=[2]Clasificación!$B$17,[2]Clasificación!$C$17,"Por clasificar")) -> #ERROR! | AB60: =IF(OR(X60=[2]Clasificación!$B$22,X60=[2]Clasificación!$B$23),[2]Clasificación!$C$22,IF(X60=[2]Clasificación!$B$24,[2]Clasificación!$C$24,"Por clasificar")) -> #ERROR! | AC60: IC/R - IA - DA | AD60: Ver matriz de riesgos de seguridad y privacidad
A61: 54 | B61: Sistema integrado de gestión | C61: Administración de riesgos organizacionales | D61: CP-SIG-SIR-001 | E61: SIG-SIR-ACT-001 | F61: Información del subsistema de riesgos en salud | G61: Información del subsistema de riesgos en salud | H61: Incluye: - Plan de capacitación de riesgos (registros de asistencia) - Matrices de riesgos (DOFA, Riesgos, matrices de calor inherente y residual) - Planes de acción para controles con novedades - Perfil de riesgo de la organización - Respuesta a solicitudes y requerimientos de terceros - Pruebas de control y resultados | I61: NO | J61: NO | K61: SI | L61: NO | N61: Drive compartido del área desde Datos drive unificado - por carpeta por territorio incluyendo los riesgos de todos los subsistemas | P61: Gerencia de riesgos y cumplimiento | Q61: Gerencia de riesgos y cumplimiento | R61: Excel, word, pdf | S61: Equipo de riesgos y cumplimiento | T61: Alto | V61: Alto | X61: Medio | Y61: =IF( OR(T61="Alto",V61="Alto",X61="Alto"),"Crítico","No Crítico") -> Crítico | Z61: =IF(T61=[3]Clasificación!$B$9,[3]Clasificación!$C$9,IF(T61=[3]Clasificación!$B$10,[3]Clasificación!$C$10,IF(OR(T61=[3]Clasificación!$B$11,T61=[3]Clasificación!$C$11),[3]Clasificación!$C$11,"Por clasificar"))) -> #ERROR! | AA61: =IF(OR(V61=[3]Clasificación!$B$15,V61=[3]Clasificación!$B$16),[3]Clasificación!$C$15,IF(V61=[3]Clasificación!$B$17,[3]Clasificación!$C$17,"Por clasificar")) -> #ERROR! | AB61: =IF(OR(X61=[3]Clasificación!$B$15,X61=[3]Clasificación!$B$16),[3]Clasificación!$C$15,IF(X61=[3]Clasificación!$B$17,[3]Clasificación!$C$17,"Por clasificar")) -> #ERROR! | AC61: IC/R-IA-DM | AD61: Ver en matriz de riesgos de seguridad y privacidad
A62: 55 | B62: Sistema integrado de gestión | C62: Administración de riesgos organizacionales | D62: CP-SIG-SIR-001 | E62: SIG-SIR-ACT-002 | F62: Información del subsistema de riesgos actuarial | G62: Información del subsistema de riesgos actuarial | H62: Incluye: - Plan de capacitación de riesgos (registros de asistencia) - Matrices de riesgos (DOFA, Riesgos, matrices de calor inherente y residual) - Planes de acción para controles con novedades - Pruebas de back y stresstesting de reservas técnicas, flujo de caja e inversiones para conocimiento del comité de riesgos - Perfil de riesgo de la organización - Respuesta a solicitudes y requerimientos de terceros - Pruebas de control y resultados | I62: NO | J62: NO | K62: SI | L62: NO | N62: Drive compartido del área desde Datos drive unificado - por carpeta por territorio incluyendo los riesgos de todos los subsistemas | P62: Gerencia de riesgos y cumplimiento | Q62: Gerencia de riesgos y cumplimiento | R62: Excel, word, pdf | S62: Equipo de riesgos y cumplimiento | T62: Alto | V62: Alto | X62: Medio | Y62: =IF( OR(T62="Alto",V62="Alto",X62="Alto"),"Crítico","No Crítico") -> Crítico | Z62: =IF(T62=[3]Clasificación!$B$9,[3]Clasificación!$C$9,IF(T62=[3]Clasificación!$B$10,[3]Clasificación!$C$10,IF(OR(T62=[3]Clasificación!$B$11,T62=[3]Clasificación!$C$11),[3]Clasificación!$C$11,"Por clasificar"))) -> #ERROR! | AA62: =IF(OR(V62=[3]Clasificación!$B$15,V62=[3]Clasificación!$B$16),[3]Clasificación!$C$15,IF(V62=[3]Clasificación!$B$17,[3]Clasificación!$C$17,"Por clasificar")) -> #ERROR! | AB62: =IF(OR(X62=[3]Clasificación!$B$22,X62=[3]Clasificación!$B$23),[3]Clasificación!$C$22,IF(X62=[3]Clasificación!$B$24,[3]Clasificación!$C$24,"Por clasificar")) -> #ERROR! | AC62: IC/R-IA-DM | AD62: Ver en matriz de riesgos de seguridad y privacidad
A63: 56 | B63: Sistema integrado de gestión | C63: Administración de riesgos organizacionales | D63: CP-SIG-SIR-001 | E63: SIG-SIR-ACT-003 | F63: Información del subsistema de riesgos de crédito | G63: Información del subsistema de riesgos de crédito | H63: Incluye: - Plan de capacitación de riesgos (registros de asistencia) - Matrices de riesgos (DOFA, Riesgos, matrices de calor inherente y residual) - Planes de acción para controles con novedades - Perfil de riesgo de la organización - Respuesta a solicitudes y requerimientos de terceros - Pruebas de control y resultados | I63: NO | J63: NO | K63: SI | L63: NO | N63: Drive compartido del área desde Datos drive unificado - por carpeta por territorio incluyendo los riesgos de todos los subsistemas | P63: Gerencia de riesgos y cumplimiento | Q63: Gerencia de riesgos y cumplimiento | R63: Excel, word, pdf | S63: Equipo de riesgos y cumplimiento | T63: Alto | V63: Alto | X63: Medio | Y63: =IF( OR(T63="Alto",V63="Alto",X63="Alto"),"Crítico","No Crítico") -> Crítico | Z63: =IF(T63=[3]Clasificación!$B$9,[3]Clasificación!$C$9,IF(T63=[3]Clasificación!$B$10,[3]Clasificación!$C$10,IF(OR(T63=[3]Clasificación!$B$11,T63=[3]Clasificación!$C$11),[3]Clasificación!$C$11,"Por clasificar"))) -> #ERROR! | AA63: =IF(OR(V63=[3]Clasificación!$B$15,V63=[3]Clasificación!$B$16),[3]Clasificación!$C$15,IF(V63=[3]Clasificación!$B$17,[3]Clasificación!$C$17,"Por clasificar")) -> #ERROR! | AB63: =IF(OR(X63=[3]Clasificación!$B$22,X63=[3]Clasificación!$B$23),[3]Clasificación!$C$22,IF(X63=[3]Clasificación!$B$24,[3]Clasificación!$C$24,"Por clasificar")) -> #ERROR! | AC63: IC/R-IA-DM | AD63: Ver en matriz de riesgos de seguridad y privacidad
A64: 57 | B64: Sistema integrado de gestión | C64: Administración de riesgos organizacionales | D64: CP-SIG-SIR-001 | E64: SIG-SIR-ACT-004 | F64: Información del subsistema de riesgos de liquidez | G64: Información del subsistema de riesgos de liquidez | H64: Incluye: - Plan de capacitación de riesgos (registros de asistencia) - Matrices de riesgos (DOFA, Riesgos, matrices de calor inherente y residual) - Planes de acción para controles con novedades - Perfil de riesgo de la organización - Respuesta a solicitudes y requerimientos de terceros - Pruebas de control y resultados | I64: NO | J64: NO | K64: SI | L64: NO | N64: Drive compartido del área desde Datos drive unificado - por carpeta por territorio incluyendo los riesgos de todos los subsistemas | P64: Gerencia de riesgos y cumplimiento | Q64: Gerencia de riesgos y cumplimiento | R64: Excel, word, pdf | S64: Equipo de riesgos y cumplimiento | T64: Alto | V64: Alto | X64: Medio | Y64: =IF( OR(T64="Alto",V64="Alto",X64="Alto"),"Crítico","No Crítico") -> Crítico | Z64: =IF(T64=[3]Clasificación!$B$9,[3]Clasificación!$C$9,IF(T64=[3]Clasificación!$B$10,[3]Clasificación!$C$10,IF(OR(T64=[3]Clasificación!$B$11,T64=[3]Clasificación!$C$11),[3]Clasificación!$C$11,"Por clasificar"))) -> #ERROR! | AA64: =IF(OR(V64=[3]Clasificación!$B$15,V64=[3]Clasificación!$B$16),[3]Clasificación!$C$15,IF(V64=[3]Clasificación!$B$17,[3]Clasificación!$C$17,"Por clasificar")) -> #ERROR! | AB64: =IF(OR(X64=[3]Clasificación!$B$22,X64=[3]Clasificación!$B$23),[3]Clasificación!$C$22,IF(X64=[3]Clasificación!$B$24,[3]Clasificación!$C$24,"Por clasificar")) -> #ERROR! | AC64: IC/R-IA-DM | AD64: Ver en matriz de riesgos de seguridad y privacidad
A65: 58 | B65: Sistema integrado de gestión | C65: Administración de riesgos organizacionales | D65: CP-SIG-SIR-001 | E65: SIG-SIR-ACT-005 | F65: Información del subsistema de riesgos de mercado de capitales | G65: Información del subsistema de riesgos de mercado de capitales | H65: Incluye: - Plan de capacitación de riesgos (registros de asistencia) - Matrices de riesgos (DOFA, Riesgos, matrices de calor inherente y residual) - Planes de acción para controles con novedades - Perfil de riesgo de la organización - Respuesta a solicitudes y requerimientos de terceros - Pruebas de control y resultados | I65: NO | J65: NO | K65: SI | L65: NO | N65: Drive compartido del área desde Datos drive unificado - por carpeta por territorio incluyendo los riesgos de todos los subsistemas | P65: Gerencia de riesgos y cumplimiento | Q65: Gerencia de riesgos y cumplimiento | R65: Excel, word, pdf | S65: Equipo de riesgos y cumplimiento | T65: Alto | V65: Alto | X65: Medio | Y65: =IF( OR(T65="Alto",V65="Alto",X65="Alto"),"Crítico","No Crítico") -> Crítico | Z65: =IF(T65=[3]Clasificación!$B$9,[3]Clasificación!$C$9,IF(T65=[3]Clasificación!$B$10,[3]Clasificación!$C$10,IF(OR(T65=[3]Clasificación!$B$11,T65=[3]Clasificación!$C$11),[3]Clasificación!$C$11,"Por clasificar"))) -> #ERROR! | AA65: =IF(OR(V65=[3]Clasificación!$B$15,V65=[3]Clasificación!$B$16),[3]Clasificación!$C$15,IF(V65=[3]Clasificación!$B$17,[3]Clasificación!$C$17,"Por clasificar")) -> #ERROR! | AB65: =IF(OR(X65=[3]Clasificación!$B$22,X65=[3]Clasificación!$B$23),[3]Clasificación!$C$22,IF(X65=[3]Clasificación!$B$24,[3]Clasificación!$C$24,"Por clasificar")) -> #ERROR! | AC65: IC/R-IA-DM | AD65: Ver en matriz de riesgos de seguridad y privacidad
A66: 59 | B66: Sistema integrado de gestión | C66: Administración de riesgos organizacionales | D66: CP-SIG-SIR-001 | E66: SIG-SIR-ACT-006 | F66: Información del subsistema de riesgo operacional | G66: Información del subsistema de riesgo operacional | H66: Incluye: - Plan de capacitación de riesgos (registros de asistencia) - Matrices de riesgos (DOFA, Riesgos, matrices de calor inherente y residual) - Planes de acción para controles con novedades - Perfil de riesgo de la organización - Respuesta a solicitudes y requerimientos de terceros - Pruebas de control y resultados | I66: NO | J66: NO | K66: SI | L66: NO | N66: Drive compartido del área desde Datos drive unificado - por carpeta por territorio incluyendo los riesgos de todos los subsistemas | P66: Gerencia de riesgos y cumplimiento | Q66: Gerencia de riesgos y cumplimiento | R66: Excel, word, pdf | S66: Equipo de riesgos y cumplimiento | T66: Alto | V66: Alto | X66: Medio | Y66: =IF( OR(T66="Alto",V66="Alto",X66="Alto"),"Crítico","No Crítico") -> Crítico | Z66: =IF(T66=[3]Clasificación!$B$9,[3]Clasificación!$C$9,IF(T66=[3]Clasificación!$B$10,[3]Clasificación!$C$10,IF(OR(T66=[3]Clasificación!$B$11,T66=[3]Clasificación!$C$11),[3]Clasificación!$C$11,"Por clasificar"))) -> #ERROR! | AA66: =IF(OR(V66=[3]Clasificación!$B$15,V66=[3]Clasificación!$B$16),[3]Clasificación!$C$15,IF(V66=[3]Clasificación!$B$17,[3]Clasificación!$C$17,"Por clasificar")) -> #ERROR! | AB66: =IF(OR(X66=[3]Clasificación!$B$22,X66=[3]Clasificación!$B$23),[3]Clasificación!$C$22,IF(X66=[3]Clasificación!$B$24,[3]Clasificación!$C$24,"Por clasificar")) -> #ERROR! | AC66: IC/R-IA-DM | AD66: Ver en matriz de riesgos de seguridad y privacidad
A67: 60 | B67: Sistema integrado de gestión | C67: Administración de riesgos organizacionales | D67: CP-SIG-SIR-001 | E67: SIG-SIR-ACT-007 | F67: Información del subsistema de riesgo de fallas de mercado de salud | G67: Información del subsistema de riesgo de fallas de mercado de salud | H67: Incluye: - Plan de capacitación de riesgos (registros de asistencia) - Matrices de riesgos (DOFA, Riesgos, matrices de calor inherente y residual) - Planes de acción para controles con novedades - Perfil de riesgo de la organización - Respuesta a solicitudes y requerimientos de terceros - Pruebas de control y resultados | I67: NO | J67: NO | K67: SI | L67: NO | N67: Drive compartido del área desde Datos drive unificado - por carpeta por territorio incluyendo los riesgos de todos los subsistemas | P67: Gerencia de riesgos y cumplimiento | Q67: Gerencia de riesgos y cumplimiento | R67: Excel, word, pdf | S67: Equipo de riesgos y cumplimiento | T67: Alto | V67: Alto | X67: Medio | Y67: =IF( OR(T67="Alto",V67="Alto",X67="Alto"),"Crítico","No Crítico") -> Crítico | Z67: =IF(T67=[3]Clasificación!$B$9,[3]Clasificación!$C$9,IF(T67=[3]Clasificación!$B$10,[3]Clasificación!$C$10,IF(OR(T67=[3]Clasificación!$B$11,T67=[3]Clasificación!$C$11),[3]Clasificación!$C$11,"Por clasificar"))) -> #ERROR! | AA67: =IF(OR(V67=[3]Clasificación!$B$15,V67=[3]Clasificación!$B$16),[3]Clasificación!$C$15,IF(V67=[3]Clasificación!$B$17,[3]Clasificación!$C$17,"Por clasificar")) -> #ERROR! | AB67: =IF(OR(X67=[3]Clasificación!$B$22,X67=[3]Clasificación!$B$23),[3]Clasificación!$C$22,IF(X67=[3]Clasificación!$B$24,[3]Clasificación!$C$24,"Por clasificar")) -> #ERROR! | AC67: IC/R-IA-DM | AD67: Ver en matriz de riesgos de seguridad y privacidad
A68: 61 | B68: Sistema integrado de gestión | C68: Administración de riesgos organizacionales | D68: CP-SIG-SIR-001 | E68: SIG-SIR-ACT-008 | F68: Información del subsistema de riesgo de grupo | G68: Información del subsistema de riesgo de grupo | H68: Incluye: - Plan de capacitación de riesgos (registros de asistencia) - Matrices de riesgos (DOFA, Riesgos, matrices de calor inherente y residual) - Planes de acción para controles con novedades - Perfil de riesgo de la organización - Respuesta a solicitudes y requerimientos de terceros - Pruebas de control y resultados | I68: NO | J68: NO | K68: SI | L68: NO | N68: Drive compartido del área desde Datos drive unificado - por carpeta por territorio incluyendo los riesgos de todos los subsistemas | P68: Gerencia de riesgos y cumplimiento | Q68: Gerencia de riesgos y cumplimiento | R68: Excel, word, pdf | S68: Equipo de riesgos y cumplimiento | T68: Alto | V68: Alto | X68: Medio | Y68: =IF( OR(T68="Alto",V68="Alto",X68="Alto"),"Crítico","No Crítico") -> Crítico | Z68: =IF(T68=[3]Clasificación!$B$9,[3]Clasificación!$C$9,IF(T68=[3]Clasificación!$B$10,[3]Clasificación!$C$10,IF(OR(T68=[3]Clasificación!$B$11,T68=[3]Clasificación!$C$11),[3]Clasificación!$C$11,"Por clasificar"))) -> #ERROR! | AA68: =IF(OR(V68=[3]Clasificación!$B$15,V68=[3]Clasificación!$B$16),[3]Clasificación!$C$15,IF(V68=[3]Clasificación!$B$17,[3]Clasificación!$C$17,"Por clasificar")) -> #ERROR! | AB68: =IF(OR(X68=[3]Clasificación!$B$22,X68=[3]Clasificación!$B$23),[3]Clasificación!$C$22,IF(X68=[3]Clasificación!$B$24,[3]Clasificación!$C$24,"Por clasificar")) -> #ERROR! | AC68: IC/R-IA-DM | AD68: Ver en matriz de riesgos de seguridad y privacidad
A69: 62 | B69: Sistema integrado de gestión | C69: Administración de riesgos organizacionales | D69: CP-SIG-SIR-001 | E69: SIG-SIR-ACT-009 | F69: Información del subsistema de riesgo reputacional | G69: Información del subsistema de riesgo reputacional | H69: Incluye: - Plan de capacitación de riesgos (registros de asistencia) - Matrices de riesgos (DOFA, Riesgos, matrices de calor inherente y residual) - Planes de acción para controles con novedades - Perfil de riesgo de la organización - Respuesta a solicitudes y requerimientos de terceros - Pruebas de control y resultados | I69: NO | J69: NO | K69: SI | L69: NO | N69: Drive compartido del área desde Datos drive unificado - por carpeta por territorio incluyendo los riesgos de todos los subsistemas | P69: Gerencia de riesgos y cumplimiento | Q69: Gerencia de riesgos y cumplimiento | R69: Excel, word, pdf | S69: Equipo de riesgos y cumplimiento | T69: Alto | V69: Alto | X69: Medio | Y69: =IF( OR(T69="Alto",V69="Alto",X69="Alto"),"Crítico","No Crítico") -> Crítico | Z69: =IF(T69=[3]Clasificación!$B$9,[3]Clasificación!$C$9,IF(T69=[3]Clasificación!$B$10,[3]Clasificación!$C$10,IF(OR(T69=[3]Clasificación!$B$11,T69=[3]Clasificación!$C$11),[3]Clasificación!$C$11,"Por clasificar"))) -> #ERROR! | AA69: =IF(OR(V69=[3]Clasificación!$B$15,V69=[3]Clasificación!$B$16),[3]Clasificación!$C$15,IF(V69=[3]Clasificación!$B$17,[3]Clasificación!$C$17,"Por clasificar")) -> #ERROR! | AB69: =IF(OR(X69=[3]Clasificación!$B$22,X69=[3]Clasificación!$B$23),[3]Clasificación!$C$22,IF(X69=[3]Clasificación!$B$24,[3]Clasificación!$C$24,"Por clasificar")) -> #ERROR! | AC69: IC/R-IA-DM | AD69: Ver en matriz de riesgos de seguridad y privacidad
A70: 63 | B70: Sistema integrado de gestión | C70: Administración de riesgos organizacionales | D70: CP-SIG-SIR-001 | E70: SIG-SIR-ACT-010 | F70: Información del subsistema de riesgo lavado de activos y financiación del terrorismo | G70: Información del subsistema de riesgo lavado de activos y financiación del terrorismo | H70: Incluye: - Plan de capacitación de riesgos (registros de asistencia) - Matrices de riesgos (DOFA, Riesgos, matrices de calor inherente y residual) - Planes de acción para controles con novedades - Reporte de operaciones sospechosas - Perfil de riesgo de la organización - Reportes UIAF - Respuesta a solicitudes y requerimientos de terceros - Pruebas de control y resultados - Información Conocimiento del tercero (afiliados, proveedores,prestadores, colaboradores, miembros junta, socios accionanistas) | I70: SI | J70: NO | K70: SI | L70: NO | N70: Drive compartido del área desde Datos drive unificado - por carpeta por territorio incluyendo los riesgos de todos los subsistemas oficialdecumplimiento@sos.com.co | O70: Revisar que carpetas debe acceder cada persona dejandolo solo en manos de Lucia, Mabel, Carlos, William | P70: Gerencia de riesgos y cumplimiento | Q70: Gerencia de riesgos y cumplimiento | R70: Excel, word, pdf | S70: Gerente de riesgos y cumplimiento Coordinadora de cumplimiento Analista de riesgo sarlaft Aprendiz riesgos sarlaft | T70: Alto | V70: Alto | X70: Medio | Y70: =IF( OR(T70="Alto",V70="Alto",X70="Alto"),"Crítico","No Crítico") -> Crítico | Z70: =IF(T70=[3]Clasificación!$B$9,[3]Clasificación!$C$9,IF(T70=[3]Clasificación!$B$10,[3]Clasificación!$C$10,IF(OR(T70=[3]Clasificación!$B$11,T70=[3]Clasificación!$C$11),[3]Clasificación!$C$11,"Por clasificar"))) -> #ERROR! | AA70: =IF(OR(V70=[3]Clasificación!$B$15,V70=[3]Clasificación!$B$16),[3]Clasificación!$C$15,IF(V70=[3]Clasificación!$B$17,[3]Clasificación!$C$17,"Por clasificar")) -> #ERROR! | AB70: =IF(OR(X70=[3]Clasificación!$B$22,X70=[3]Clasificación!$B$23),[3]Clasificación!$C$22,IF(X70=[3]Clasificación!$B$24,[3]Clasificación!$C$24,"Por clasificar")) -> #ERROR! | AC70: IC/R-IA-DM | AD70: Ver en matriz de riesgos de seguridad y privacidad
A71: 64 | B71: Sistema integrado de gestión | C71: Administración de riesgos organizacionales | D71: CP-SIG-SIR-001 | E71: SIG-SIR-ACT-011 | F71: Información del subsistema de riesgos de seguridad y privacidad | G71: Información del subsistema de riesgos de seguridad y privacidad | H71: Incluye: - Plan de capacitación de riesgos (registros de asistencia) . Matrices de activos de información - Matrices de riesgos (DOFA, Riesgos, matrices de calor inherente y residual) - Planes de acción para controles con novedades - Planes de tratamiento para riesgos - Perfil de riesgo de la organización - Respuesta a solicitudes y requerimientos de terceros - Pruebas de control y resultados - Información de RNBD - Información de reclamos, solicitudes y asesorias en temas de seguridad y privacidad | I71: SI | J71: NO | K71: SI | L71: NO | N71: Drive compartido del área desde Datos drive unificado - por carpeta por territorio incluyendo los riesgos de todos los subsistemas protecciondedatos@sos.com.co | P71: Gerencia de riesgos y cumplimiento | Q71: Gerencia de riesgos y cumplimiento | R71: Excel, word, pdf | S71: Equipo de riesgos y cumplimiento | T71: Alto | V71: Alto | X71: Medio | Y71: =IF( OR(T71="Alto",V71="Alto",X71="Alto"),"Crítico","No Crítico") -> Crítico | Z71: =IF(T71=[3]Clasificación!$B$9,[3]Clasificación!$C$9,IF(T71=[3]Clasificación!$B$10,[3]Clasificación!$C$10,IF(OR(T71=[3]Clasificación!$B$11,T71=[3]Clasificación!$C$11),[3]Clasificación!$C$11,"Por clasificar"))) -> #ERROR! | AA71: =IF(OR(V71=[3]Clasificación!$B$15,V71=[3]Clasificación!$B$16),[3]Clasificación!$C$15,IF(V71=[3]Clasificación!$B$17,[3]Clasificación!$C$17,"Por clasificar")) -> #ERROR! | AB71: =IF(OR(X71=[3]Clasificación!$B$22,X71=[3]Clasificación!$B$23),[3]Clasificación!$C$22,IF(X71=[3]Clasificación!$B$24,[3]Clasificación!$C$24,"Por clasificar")) -> #ERROR! | AC71: IC/R-IA-DM | AD71: Ver en matriz de riesgos de seguridad y privacidad
A72: 65 | B72: Sistema integrado de gestión | C72: Administración de riesgos organizacionales | D72: CP-SIG-SIR-001 | E72: SIG-SIR-ACT-012 | F72: Información del subsistema de riesgos de continuidad de negocio | G72: Información del subsistema de riesgos de continuidad de negocio | H72: Incluye: - Plan de capacitación de riesgos (registros de asistencia) - Matrices de riesgos (DOFA, Riesgos, matrices de calor inherente y residual) - Planes de acción para controles con novedades - Perfil de riesgo de la organización - Respuesta a solicitudes y requerimientos de terceros - Pruebas de control y resultados | I72: NO | J72: NO | K72: SI | L72: NO | N72: Drive compartido del área desde Datos drive unificado - por carpeta por territorio incluyendo los riesgos de todos los subsistemas | P72: Gerencia de riesgos y cumplimiento | Q72: Gerencia de riesgos y cumplimiento | R72: Excel, word, pdf | S72: Equipo de riesgos y cumplimiento | T72: Alto | V72: Alto | X72: Medio | Y72: =IF( OR(T72="Alto",V72="Alto",X72="Alto"),"Crítico","No Crítico") -> Crítico | Z72: =IF(T72=[3]Clasificación!$B$9,[3]Clasificación!$C$9,IF(T72=[3]Clasificación!$B$10,[3]Clasificación!$C$10,IF(OR(T72=[3]Clasificación!$B$11,T72=[3]Clasificación!$C$11),[3]Clasificación!$C$11,"Por clasificar"))) -> #ERROR! | AA72: =IF(OR(V72=[3]Clasificación!$B$15,V72=[3]Clasificación!$B$16),[3]Clasificación!$C$15,IF(V72=[3]Clasificación!$B$17,[3]Clasificación!$C$17,"Por clasificar")) -> #ERROR! | AB72: =IF(OR(X72=[3]Clasificación!$B$22,X72=[3]Clasificación!$B$23),[3]Clasificación!$C$22,IF(X72=[3]Clasificación!$B$24,[3]Clasificación!$C$24,"Por clasificar")) -> #ERROR! | AC72: IC/R-IA-DM | AD72: Ver en matriz de riesgos de seguridad y privacidad
A73: 66 | B73: Sistema integrado de gestión | C73: Administración de riesgos organizacionales | D73: CP-SIG-SIR-001 | E73: SIG-SIR-ACT-013 | F73: Información del subsistema de riesgos de SICOF | G73: Información del subsistema de riesgos de SICOF | H73: Incluye: - Plan de capacitación de riesgos (registros de asistencia) - Matrices de riesgos (DOFA, Riesgos, matrices de calor inherente y residual) - Planes de acción para controles con novedades - Perfil de riesgo de la organización - Respuesta a solicitudes y requerimientos de terceros - Pruebas de control y resultados | I73: NO | J73: NO | K73: SI | L73: NO | N73: Drive compartido del área desde Datos drive unificado - por carpeta por territorio incluyendo los riesgos de todos los subsistemas oficialdecumplimiento@sos.com.co | P73: Gerencia de riesgos y cumplimiento | Q73: Gerencia de riesgos y cumplimiento | R73: Excel, word, pdf | S73: Equipo de riesgos y cumplimiento | T73: Alto | V73: Alto | X73: Medio | Y73: =IF( OR(T73="Alto",V73="Alto",X73="Alto"),"Crítico","No Crítico") -> Crítico | Z73: =IF(T73=[3]Clasificación!$B$9,[3]Clasificación!$C$9,IF(T73=[3]Clasificación!$B$10,[3]Clasificación!$C$10,IF(OR(T73=[3]Clasificación!$B$11,T73=[3]Clasificación!$C$11),[3]Clasificación!$C$11,"Por clasificar"))) -> #ERROR! | AA73: =IF(OR(V73=[3]Clasificación!$B$15,V73=[3]Clasificación!$B$16),[3]Clasificación!$C$15,IF(V73=[3]Clasificación!$B$17,[3]Clasificación!$C$17,"Por clasificar")) -> #ERROR! | AB73: =IF(OR(X73=[3]Clasificación!$B$22,X73=[3]Clasificación!$B$23),[3]Clasificación!$C$22,IF(X73=[3]Clasificación!$B$24,[3]Clasificación!$C$24,"Por clasificar")) -> #ERROR! | AC73: IC/R-IA-DM | AD73: Ver en matriz de riesgos de seguridad y privacidad
A74: 67 | B74: Sistema integrado de gestión | C74: Administración de riesgos organizacionales | D74: CP-SIG-SIR-001 | E74: SIG-SIR-ACT-014 | F74: Información de la Línea ética | G74: Información de la Línea ética | H74: Formulario de google en acceso de la Gerente de riesgos y cumplimiento para gestión de información de la línea ética | I74: NO | J74: NO | K74: SI | L74: NO | N74: Correo electrónico Gerente de riesgos y cumplimiento | P74: Gerencia de riesgos y cumplimiento | Q74: Gerencia de riesgos y cumplimiento | R74: Google forms | S74: Gerente de riesgos y cumplimiento | T74: Alto | V74: Alto | X74: Medio | Y74: =IF( OR(T74="Alto",V74="Alto",X74="Alto"),"Crítico","No Crítico") -> Crítico | Z74: =IF(T74=[3]Clasificación!$B$9,[3]Clasificación!$C$9,IF(T74=[3]Clasificación!$B$10,[3]Clasificación!$C$10,IF(OR(T74=[3]Clasificación!$B$11,T74=[3]Clasificación!$C$11),[3]Clasificación!$C$11,"Por clasificar"))) -> #ERROR! | AA74: =IF(OR(V74=[3]Clasificación!$B$15,V74=[3]Clasificación!$B$16),[3]Clasificación!$C$15,IF(V74=[3]Clasificación!$B$17,[3]Clasificación!$C$17,"Por clasificar")) -> #ERROR! | AB74: =IF(OR(X74=[3]Clasificación!$B$22,X74=[3]Clasificación!$B$23),[3]Clasificación!$C$22,IF(X74=[3]Clasificación!$B$24,[3]Clasificación!$C$24,"Por clasificar")) -> #ERROR! | AC74: IC/R-IA-DM | AD74: Ver en matriz de riesgos de seguridad y privacidad
A75: 68 | B75: Sistema integrado de gestión | C75: Administración de riesgos organizacionales | D75: CP-SIG-SIR-001 | E75: SIG-SIR-ACT-015 | F75: Información de Control interno | G75: Información de Control interno | H75: Controles de fraude. Información con acceso restringido por la gerente y coordinadoras dado el tipo de datos que se manejan | I75: NO | J75: NO | K75: SI | L75: NO | N75: Drive compartido del área desde Datos drive unificado | O75: Revisar que carpetas debe acceder cada persona dejandolo solo en manos de Lucia, Mabel, Maribel | P75: Gerencia de riesgos y cumplimiento | Q75: Gerencia de riesgos y cumplimiento | R75: Excel, word, pdf | S75: Gerente de riesgos y cumplimiento Coordinadora de cumplimiento Coordinadora gestión de riesgos | T75: Alto | V75: Alto | X75: Alto | Y75: =IF( OR(T75="Alto",V75="Alto",X75="Alto"),"Crítico","No Crítico") -> Crítico | Z75: =IF(T75=[3]Clasificación!$B$9,[3]Clasificación!$C$9,IF(T75=[3]Clasificación!$B$10,[3]Clasificación!$C$10,IF(OR(T75=[3]Clasificación!$B$11,T75=[3]Clasificación!$C$11),[3]Clasificación!$C$11,"Por clasificar"))) -> #ERROR! | AA75: =IF(OR(V75=[3]Clasificación!$B$15,V75=[3]Clasificación!$B$16),[3]Clasificación!$C$15,IF(V75=[3]Clasificación!$B$17,[3]Clasificación!$C$17,"Por clasificar")) -> #ERROR! | AB75: =IF(OR(X75=[3]Clasificación!$B$22,X75=[3]Clasificación!$B$23),[3]Clasificación!$C$22,IF(X75=[3]Clasificación!$B$24,[3]Clasificación!$C$24,"Por clasificar")) -> #ERROR! | AC75: IC/R-IA-DA | AD75: Ver en matriz de riesgos de seguridad y privacidad
A76: 69 | B76: Sistema integrado de gestión | C76: Administración de riesgos organizacionales | D76: CP-SIG-SIR-001 | E76: SIG-SIR-ACT-016 | F76: Actas comité de apoyo junta directiva | G76: Actas comité de apoyo junta directiva | H76: Actas con información de riesgos, gobierno organizacional, contraloría, conducta | I76: SI | J76: NO | K76: SI | L76: NO | N76: Equipo de cómputo Gerente de riesgos y cumplimiento Correo electrónico y Drive Gerente de riesgos y cumplimiento | P76: Gerencia de riesgos y cumplimiento | Q76: Gerencia de riesgos y cumplimiento | R76: word, pdf | S76: Equipo de riesgos y cumplimiento | T76: Alto | V76: Alto | X76: Alto | Y76: =IF( OR(T76="Alto",V76="Alto",X76="Alto"),"Crítico","No Crítico") -> Crítico | Z76: =IF(T76=[3]Clasificación!$B$9,[3]Clasificación!$C$9,IF(T76=[3]Clasificación!$B$10,[3]Clasificación!$C$10,IF(OR(T76=[3]Clasificación!$B$11,T76=[3]Clasificación!$C$11),[3]Clasificación!$C$11,"Por clasificar"))) -> #ERROR! | AA76: =IF(OR(V76=[3]Clasificación!$B$15,V76=[3]Clasificación!$B$16),[3]Clasificación!$C$15,IF(V76=[3]Clasificación!$B$17,[3]Clasificación!$C$17,"Por clasificar")) -> #ERROR! | AB76: =IF(OR(X76=[3]Clasificación!$B$22,X76=[3]Clasificación!$B$23),[3]Clasificación!$C$22,IF(X76=[3]Clasificación!$B$24,[3]Clasificación!$C$24,"Por clasificar")) -> #ERROR! | AC76: IC/R-IA-DA | AD76: Ver en matriz de riesgos de seguridad y privacidad
A77: 70 | B77: Cumplimiento del modelo de atención | C77: Auditoría médica | D77: N/A | E77: CMA-AM-ACT-001 | F77: Información de auditoría hospitalaria y auditoría médica ambulatoria | G77: Información de auditoría hospitalaria y auditoría médica ambulatoria | H77: incluye: - Modelo de auditoría médica (estándar de auditoría) - Distribución del equipo de auditoría, donde cada equipo maneja su cronograma - Listas de chequeo y soportes de auditorías en médica (herramientas específicas para toma de muestras, listas de chequeo de pertinencia médica, informe del indicador, plan de acción de acuerdo con hallazgos) y en hospitalaria (información de notificación hospitalario) - Soportes en planes de auditoría (información de muestreo) - Informes de auditoría - Censos hospitalarios - Eventos adversos - Información de trazabilidad del PRU - Información del ahorro hospitalario Información relevante y necesaria como parte del proceso de habilitación | I77: SI | J77: NO | K77: SI | L77: SI | N77: Drive del personal del equipo de trabajo Responde (herramienta de consulta y para dar respuesta a PQRS) Encuestas de google drive con formato específico para cada temática Aplicación auditoria hospitalaria - notificador hospitalario centralaplicaciones.sos.com.co | O77: Notificador hospitalario hemos tenido problemas en registro de información, posterior se revisa y no aparece (TI indica que son problemas de red) Validación hospitalaria desde notificador ->> debe migrar automático a Responde, pero a veces no pasa y es necesario registrarlo manualmente | P77: Jefatura auditoría médica | Q77: Jefatura auditoría médica | R77: excel, word, pdf | S77: Equipo de auditoría médica ambulatoria y hospitalaria | T77: Medio | V77: Medio | X77: Alto | Y77: =IF( OR(T77="Alto",V77="Alto",X77="Alto"),"Crítico","No Crítico") -> Crítico | Z77: =IF(T77=[4]Clasificación!$B$9,[4]Clasificación!$C$9,IF(T77=[4]Clasificación!$B$10,[4]Clasificación!$C$10,IF(OR(T77=[4]Clasificación!$B$11,T77=[4]Clasificación!$C$11),[4]Clasificación!$C$11,"Por clasificar"))) -> #ERROR! | AA77: =IF(OR(V77=[4]Clasificación!$B$15,V77=[4]Clasificación!$B$16),[4]Clasificación!$C$15,IF(V77=[4]Clasificación!$B$17,[4]Clasificación!$C$17,"Por clasificar")) -> #ERROR! | AB77: =IF(OR(X77=[4]Clasificación!$B$22,X77=[4]Clasificación!$B$23),[4]Clasificación!$C$22,IF(X77=[4]Clasificación!$B$24,[4]Clasificación!$C$24,"Por clasificar")) -> #ERROR! | AC77: UI - IM - DA | AD77: Ver matriz de riesgos de seguridad y privacidad
A78: 71 | B78: Cumplimiento del modelo de atención | C78: Auditoría médica | D78: N/A | E78: CMA-AM-ACT-002 | F78: Información de seguimiento sobre convenios | G78: Información de seguimiento sobre convenios | H78: Incluye: - Contratos vigentes por periodo - Tabla de indicadores - Formato de auditoria - Informe de ejecución - Evaluación de desempeño Trabajado con áreas de Actuaria, Garantía de la Calidad, Auditoría médica (hospitalaria y ambulatoria) Información relevante y necesaria como parte del proceso de habilitación | I78: NO | J78: NO | K78: SI | L78: SI | N78: Drive de la Analista de seguimiento a contratos | P78: Jefatura auditoría médica | Q78: Jefatura auditoría médica | R78: word, excel | S78: Equipo de seguimiento a convenios | T78: Medio | V78: Medio | X78: Alto | Y78: =IF( OR(T78="Alto",V78="Alto",X78="Alto"),"Crítico","No Crítico") -> Crítico | Z78: =IF(T78=[4]Clasificación!$B$9,[4]Clasificación!$C$9,IF(T78=[4]Clasificación!$B$10,[4]Clasificación!$C$10,IF(OR(T78=[4]Clasificación!$B$11,T78=[4]Clasificación!$C$11),[4]Clasificación!$C$11,"Por clasificar"))) -> #ERROR! | AA78: =IF(OR(V78=[4]Clasificación!$B$15,V78=[4]Clasificación!$B$16),[4]Clasificación!$C$15,IF(V78=[4]Clasificación!$B$17,[4]Clasificación!$C$17,"Por clasificar")) -> #ERROR! | AB78: =IF(OR(X78=[4]Clasificación!$B$22,X78=[4]Clasificación!$B$23),[4]Clasificación!$C$22,IF(X78=[4]Clasificación!$B$24,[4]Clasificación!$C$24,"Por clasificar")) -> #ERROR! | AC78: UI - IM - DA | AD78: Ver matriz de riesgos de seguridad y privacidad
A79: 72 | B79: Gestión de la prestación de servicios en salud | C79: Autorización y direccionamiento de servicios | D79: CP-GES-AYD-001 | E79: GES-AYD-ACT-001 | F79: Información sobre prestación de servicios | G79: Información sobre prestación de servicios | H79: Incluye: - Solicitudes de servicio recibidas y validadas - Información de direccionamiento de prestación de servicios - Solicitudes de remisión, hospitalización o servicios - Ordenes de prestación de servicio - Información de análisis sobre desviaciones en prescripción médica - Análisis de ejecución de costos médicos - Plan de intervención a prestadores | I79: SI | J79: SI | K79: SI | L79: SI | P79: Gerencia prestación servicios en salud | Q79: Gerencia prestación servicios en salud | T79: Alto | V79: Alto | X79: Alto | Y79: =IF( OR(T79="Alto",V79="Alto",X79="Alto"),"Crítico","No Crítico") -> Crítico | Z79: =IF(T79=[5]Clasificación!$B$9,[5]Clasificación!$C$9,IF(T79=[5]Clasificación!$B$10,[5]Clasificación!$C$10,IF(OR(T79=[5]Clasificación!$B$11,T79=[5]Clasificación!$C$11),[5]Clasificación!$C$11,"Por clasificar"))) -> #ERROR! | AA79: =IF(OR(V79=[5]Clasificación!$B$15,V79=[5]Clasificación!$B$16),[5]Clasificación!$C$15,IF(V79=[5]Clasificación!$B$17,[5]Clasificación!$C$17,"Por clasificar")) -> #ERROR! | AB79: =IF(OR(X79=[5]Clasificación!$B$22,X79=[5]Clasificación!$B$23),[5]Clasificación!$C$22,IF(X79=[5]Clasificación!$B$24,[5]Clasificación!$C$24,"Por clasificar")) -> #ERROR! | AC79: IC/R - IA - DA | AD79: Ver matriz de riesgos de seguridad y privacidad
A80: 73 | B80: Gestión de la prestación de servicios en salud | C80: Gestión farmaceutica | D80: CP-GES-GFA-001 | E80: GES-GFA-ACT-001 | F80: Información sobre operadores y prestadores de medicamentos y dispositivos médicos | G80: Información sobre operadores y prestadores de medicamentos y dispositivos médicos para su vinculación y gestión | H80: Incluye: - Información de convenios (contrato, anexos de contrato - cláusulas de confidencialidad, notas técnicas) - Información del operador (rut, camara comercio, representación legal, revisión sarlaft, propuesta de funcionamiento del operador) - Información de portafolios (actualizaciones y precios) - Informes de dispensación (cantidades, ubicaciones, etc) - en computador de cada uno adicional al drive - Informes de pendientes de entrega (cantidades, ubicaciones, etc) - en computador de cada uno adicional al drive - Información de auditoria del contrato (tarifas, servicio, que lo que se pacta es lo que se dispensa, etc) - Matrices farmaceuticas (información de medicamentos con tarifas) - con claves en archivos y con campos protegidos En temas de fraude y corupción por el tipo de información está sujeto a que se úeda dar, pero por el flujo de información hay revisión por varios procesos que minimiza el riesgo | I80: SI | J80: SI | K80: SI | L80: SI | N80: Plataforma ItBid - acceso solo por una cuenta del equipo (Patricia Peña y Jhon Trejos comparten cuenta) Drive del personal por cada persona y se comparte entre el grupo Correo electrónico Carpeta para guardar información del área en \\clargus\documentosos\ReqEntesTerritoriales\Gestion de medicamentos | P80: Gerencia de Gestión farmaceutica | Q80: Gerencia de Gestión farmaceutica | R80: excel, word, pdf | S80: Personal de coordinación de gestión farmaceútica | T80: Alto | V80: Medio | X80: Medio | Y80: =IF( OR(T80="Alto",V80="Alto",X80="Alto"),"Crítico","No Crítico") -> Crítico | Z80: =IF(T80=[6]Clasificación!$B$9,[6]Clasificación!$C$9,IF(T80=[6]Clasificación!$B$10,[6]Clasificación!$C$10,IF(OR(T80=[6]Clasificación!$B$11,T80=[6]Clasificación!$C$11),[6]Clasificación!$C$11,"Por clasificar"))) -> #ERROR! | AA80: =IF(OR(V80=[6]Clasificación!$B$15,V80=[6]Clasificación!$B$16),[6]Clasificación!$C$15,IF(V80=[6]Clasificación!$B$17,[6]Clasificación!$C$17,"Por clasificar")) -> #ERROR! | AB80: =IF(OR(X80=[6]Clasificación!$B$22,X80=[6]Clasificación!$B$23),[6]Clasificación!$C$22,IF(X80=[6]Clasificación!$B$24,[6]Clasificación!$C$24,"Por clasificar")) -> #ERROR! | AC80: IC/R - IM - DM | AD80: Ver matriz de riesgos de seguridad y privacidad
A81: 74 | B81: Gestión de la prestación de servicios en salud | C81: Gestión farmaceutica | D81: CP-GES-GFA-001 | E81: GES-GFA-ACT-002 | F81: Información de medicamentos y dispositivos médicos | G81: Información de medicamentos y dispositivos médicos de gestión interna, análisis y seguimiento de los servicios | H81: Incluye: - Portafolio de productos - Informes de agotamiento, desabastecimiento, retirados (seguimiento) - Informes de alertas públicas INVIMA - Informes de manejo de eventos adversos (análisis sobre los eventos para toma de acciones) - si es de conocimiento puede dar pie a temas de demandas, quejas, etc, por los usuarios. - Acta de retiro de productos del portafolio | I81: SI | J81: NO | K81: SI | L81: SI | N81: Farmacovigilancia (Nathalia Burbano) Drive compartido con operador de Cruz verde, Comfandi para registro de casos (queda desde datos drive unificado) | O81: Tecnovigilancia (revisarlo en matriz auditoría médica) | P81: Gerencia de Gestión farmaceutica | Q81: Gerencia de Gestión farmaceutica | S81: Nathalia Burbano, Jhon Trejos y los externos de Cruz verde y Comfandi | T81: Alto | V81: Medio | X81: Medio | Y81: =IF( OR(T81="Alto",V81="Alto",X81="Alto"),"Crítico","No Crítico") -> Crítico | Z81: =IF(T81=[6]Clasificación!$B$9,[6]Clasificación!$C$9,IF(T81=[6]Clasificación!$B$10,[6]Clasificación!$C$10,IF(OR(T81=[6]Clasificación!$B$11,T81=[6]Clasificación!$C$11),[6]Clasificación!$C$11,"Por clasificar"))) -> #ERROR! | AA81: =IF(OR(V81=[6]Clasificación!$B$15,V81=[6]Clasificación!$B$16),[6]Clasificación!$C$15,IF(V81=[6]Clasificación!$B$17,[6]Clasificación!$C$17,"Por clasificar")) -> #ERROR! | AB81: =IF(OR(X81=[6]Clasificación!$B$22,X81=[6]Clasificación!$B$23),[6]Clasificación!$C$22,IF(X81=[6]Clasificación!$B$24,[6]Clasificación!$C$24,"Por clasificar")) -> #ERROR! | AC81: IC/R - IM - DM | AD81: Ver matriz de riesgos de seguridad y privacidad
A82: 75 | B82: Gestión de la prestación de servicios en salud | C82: Medicina laboral | D82: CP-GES-UMT-001 | E82: GES-UMT-ACT-001 | F82: Información sobre incapacidades | G82: Información sobre incapacidades temporales | H82: Incluye: - Información de reconocimiento de incapacidad - Informes sobre estados de incapacidad - Información de recobros de licencias a ADRES - Información de recobros a ARL - Informes sobre calificación y certificación de pérdida de capacidad laboral - Información de siniestralidad - Exceles auditoría médica, devoluciones, creación de médicos / dentro de drive de correo de recepción. Tenemos aquí una carpeta para historias clínicas | I82: SI | J82: SI | K82: SI | L82: NO | N82: Correo electrónico - recepción recepción incapacidades@sos.com.co Se baja a las compartidas Carpetas compartidas Drive del correo de recepción - Información (incapacidad y soportes) Aplicativo SIIS - información incapacidades | O82: Se dió un evento de pérdida de información por fallas en las carpetas | P82: Gerencia medicina del trabajo | Q82: Gerencia medicina del trabajo | S82: Radicadores de incapacidades | T82: Alto | V82: Alto | X82: Alto | Y82: =IF( OR(T82="Alto",V82="Alto",X82="Alto"),"Crítico","No Crítico") -> Crítico | Z82: =IF(T82=[7]Clasificación!$B$9,[7]Clasificación!$C$9,IF(T82=[7]Clasificación!$B$10,[7]Clasificación!$C$10,IF(OR(T82=[7]Clasificación!$B$11,T82=[7]Clasificación!$C$11),[7]Clasificación!$C$11,"Por clasificar"))) -> #ERROR! | AA82: =IF(OR(V82=[7]Clasificación!$B$15,V82=[7]Clasificación!$B$16),[7]Clasificación!$C$15,IF(V82=[7]Clasificación!$B$17,[7]Clasificación!$C$17,"Por clasificar")) -> #ERROR! | AB82: =IF(OR(X82=[7]Clasificación!$B$15,X82=[7]Clasificación!$B$16),[7]Clasificación!$C$15,IF(X82=[7]Clasificación!$B$17,[7]Clasificación!$C$17,"Por clasificar")) -> #ERROR! | AC82: IC/R-IA-DA | AD82: Ver matriz de riesgos de seguridad y privacidad
A83: 76 | B83: Gestión de la prestación de servicios en salud | C83: Medicina laboral | D83: CP-GES-UMT-001 | E83: GES-UMT-ACT-002 | F83: Información de cumplimiento en medicina laboral | G83: Considera los elementos para dar cumplimiento a solicitudes de ley, PQRD y hallazgos de auditorías para apoyar respuesta por ejemplo de restitución | H83: Incluye: - Respuesta a solicitudes de ley - Respuesta a PQRD - Planes de acción para cierre de hallazgos de auditoría - Planes de mejoramiento - Informes | I83: SI | J83: SI | K83: NO | L83: NO | N83: infomta@sos.com.co notificaciones de accidentes de trabajo, enfermedad laboral y gestión de calificación pqrdmedicinalaboral@sos.com.co Correo a cargo de Mayerly Valois abuso derecho@sos.com.co Correo a cargo de Diana Paola Castro | P83: Gerencia medicina del trabajo | Q83: Gerencia medicina del trabajo | S83: Encargados de cuentas de correo electrónico | T83: Alto | V83: Alto | X83: Alto | Y83: =IF( OR(T83="Alto",V83="Alto",X83="Alto"),"Crítico","No Crítico") -> Crítico | Z83: =IF(T83=[7]Clasificación!$B$9,[7]Clasificación!$C$9,IF(T83=[7]Clasificación!$B$10,[7]Clasificación!$C$10,IF(OR(T83=[7]Clasificación!$B$11,T83=[7]Clasificación!$C$11),[7]Clasificación!$C$11,"Por clasificar"))) -> #ERROR! | AA83: =IF(OR(V83=[7]Clasificación!$B$15,V83=[7]Clasificación!$B$16),[7]Clasificación!$C$15,IF(V83=[7]Clasificación!$B$17,[7]Clasificación!$C$17,"Por clasificar")) -> #ERROR! | AB83: =IF(OR(X83=[7]Clasificación!$B$22,X83=[7]Clasificación!$B$23),[7]Clasificación!$C$22,IF(X83=[7]Clasificación!$B$24,[7]Clasificación!$C$24,"Por clasificar")) -> #ERROR! | AC83: IC/R-IA-DA | AD83: Ver matriz de riesgos de seguridad y privacidad
A84: 77 | B84: Gestión de la prestación de servicios en salud | C84: Medicina laboral | D84: CP-GES-UMT-001 | E84: GES-UMT-ACT-003 | F84: Accidentes de trabajo enfermedad laboral | G84: Accidentes de trabajo enfermedad laboral | H84: Incluye: - Notificaciones por correo y físicas en accidentes de trabajo y enfermedad laboral - Información de calificación de enfermedades laborales y accidentes - Soportes de usuarios y afiliados para gestionar los casos (historias clínicas, copias de documentos de identidad, calificaciones de origen, entre otros) - Información de la gestión de recobros (compartida con áreas Ingresos) | I84: SI | J84: NO | K84: SI | L84: SI | M84: Física de periodos anteriores en archivo activo | N84: Correo electrónico y drive - infomta@sos.com.co Aplicativo Salud - Funcionalidad Notificaciones ALEL (solo se ingresa texto, no documentación) | P84: Gerencia medicina del trabajo | Q84: Gerencia medicina del trabajo | S84: Equipo área de medicina del trabajo tiene perfiles acceso a ALEL | T84: Alto | V84: Alto | X84: Alto | Y84: =IF( OR(T84="Alto",V84="Alto",X84="Alto"),"Crítico","No Crítico") -> Crítico | Z84: =IF(T84=[7]Clasificación!$B$9,[7]Clasificación!$C$9,IF(T84=[7]Clasificación!$B$10,[7]Clasificación!$C$10,IF(OR(T84=[7]Clasificación!$B$11,T84=[7]Clasificación!$C$11),[7]Clasificación!$C$11,"Por clasificar"))) -> #ERROR! | AA84: =IF(OR(V84=[7]Clasificación!$B$15,V84=[7]Clasificación!$B$16),[7]Clasificación!$C$15,IF(V84=[7]Clasificación!$B$17,[7]Clasificación!$C$17,"Por clasificar")) -> #ERROR! | AB84: =IF(OR(X84=[7]Clasificación!$B$22,X84=[7]Clasificación!$B$23),[7]Clasificación!$C$22,IF(X84=[7]Clasificación!$B$24,[7]Clasificación!$C$24,"Por clasificar")) -> #ERROR! | AC84: IC/R-IA-DA | AD84: Ver matriz de riesgos de seguridad y privacidad
A85: 78 | B85: Gestión de la prestación de servicios en salud | C85: Medicina laboral | D85: CP-GES-UMT-001 | E85: GES-UMT-ACT-004 | F85: Notificaciones de los CRH (conceptos de rehabilitación y de pérdida de capacidad laboral) | G85: Notificaciones de los CRH conceptos de rehabilitación y de PCL pérdida de capacidad laboral | H85: Incluye: - Certificado de fondo de pensión - Formato de CRH - Formato PCL - Récord de incapacidad - Remisión al fondo de pensiones - Soportes de historias clínica, exámenes - Cartas de concepto según el caso - Matriz seguimiento de casos Hay reglamento legal en el caso de PCL, que incluye tiempos de respuesta y gestión Conceptos de CRH tienen plazo de 180 días, si no se cumple se tiene que hacer pago de incapacidades | I85: SI | J85: NO | K85: SI | L85: NO | M85: Notificaciones físicas dirigidas a Colpensiones - Enviado en sobre y nos quedamos copia de notificación con acuse de recibido Se envían a digitalizar y se visualizan por Visos y copia en correo de Maria del Pilar | N85: Drive - Correo electrónico notificacionesmedicinalaboral@sos.com.co Aplicativo Salud | P85: Gerencia medicina del trabajo | Q85: Gerencia medicina del trabajo | S85: Equipo área de medicina del trabajo tiene perfiles acceso a ALEL | T85: Alto | V85: Alto | X85: Medio | Y85: =IF( OR(T85="Alto",V85="Alto",X85="Alto"),"Crítico","No Crítico") -> Crítico | Z85: =IF(T85=[7]Clasificación!$B$9,[7]Clasificación!$C$9,IF(T85=[7]Clasificación!$B$10,[7]Clasificación!$C$10,IF(OR(T85=[7]Clasificación!$B$11,T85=[7]Clasificación!$C$11),[7]Clasificación!$C$11,"Por clasificar"))) -> #ERROR! | AA85: =IF(OR(V85=[7]Clasificación!$B$15,V85=[7]Clasificación!$B$16),[7]Clasificación!$C$15,IF(V85=[7]Clasificación!$B$17,[7]Clasificación!$C$17,"Por clasificar")) -> #ERROR! | AB85: =IF(OR(X85=[7]Clasificación!$B$22,X85=[7]Clasificación!$B$23),[7]Clasificación!$C$22,IF(X85=[7]Clasificación!$B$24,[7]Clasificación!$C$24,"Por clasificar")) -> #ERROR! | AC85: IC/R-IA-DM | AD85: Ver matriz de riesgos de seguridad y privacidad
A86: 79 | B86: Gestión de redes integrales | C86: Planeación de la oferta | D86: CP-GRI-PLO-001 | E86: GRI-PLO-ACT-001 | F86: Información oferta de prestadores de servicio | G86: Información oferta de prestadores de servicio | H86: Incluye: - Matriz de suficiencia (construida 1 vez al año con info de demanda agregada que entrega equipo de Actuaría) - Manejada por territoriedad y capacidad instalada - Información sobre redes de prestadores - Completitud de la red - Informe de gestión mensual (distribución de riesgos compartido por IPS primarias, mapa de la red por municipio, estimación de la oferta, población sin red) - Comités de UTC (formato de brechas por sede mensual o cuando se requiere) - Información de población (con datos personales privado) | I86: SI | J86: NO | K86: SI | L86: SI | N86: Drive cuenta de Sebastian Ochoa Correos electrónicos del área y del equipo de trabajo gestionderedesintegrales@sos.com.co Equipos de cómputo del equipo | P86: Gerencia redes de servicios de salud | Q86: Gerencia redes de servicios de salud | R86: excel | S86: Equipo de redes integrales Equipo de actuaria | T86: Alto | V86: Medio | X86: Medio | Y86: =IF( OR(T86="Alto",V86="Alto",X86="Alto"),"Crítico","No Crítico") -> Crítico | Z86: =IF(T86=[8]Clasificación!$B$9,[8]Clasificación!$C$9,IF(T86=[8]Clasificación!$B$10,[8]Clasificación!$C$10,IF(OR(T86=[8]Clasificación!$B$11,T86=[8]Clasificación!$C$11),[8]Clasificación!$C$11,"Por clasificar"))) -> #ERROR! | AA86: =IF(OR(V86=[8]Clasificación!$B$15,V86=[8]Clasificación!$B$16),[8]Clasificación!$C$15,IF(V86=[8]Clasificación!$B$17,[8]Clasificación!$C$17,"Por clasificar")) -> #ERROR! | AB86: =IF(OR(X86=[8]Clasificación!$B$22,X86=[8]Clasificación!$B$23),[8]Clasificación!$C$22,IF(X86=[8]Clasificación!$B$24,[8]Clasificación!$C$24,"Por clasificar")) -> #ERROR! | AC86: IC/R - IM - DM | AD86: Ver matriz de riesgos de seguridad y privacidad
A87: 80 | B87: Gestión Comercial | C87: Relacionamiento con el cliente (canales) | D87: CP-GEC-CCL-001 | E87: GEC-CCL-ACT-001 | F87: Información del modelo de experiencia del usuario | G87: Información del modelo de experiencia del usuario | H87: Incluye: - Información Canales de comunicación definidos - Información de ANS de atención definidos por canal y por área - Información de herramientas metodológicas y los resultados de análisis - Información sobre derechos y deberes de afiliados (definiciones, comunicados, etc.) - Estudios de satisfacción de usuarios - Planes de mejoramiento - Información de métricas de servicio - Indicadores - Información de actividades de participación de usuarios - Información de actividades de rendición de cuentas - Información de asociación de usuarios - Reportes de ley a entes de control (Cartas en drive y correo electrónico) Considerar Formularios utilizados por Orientadores en las IPS (registro) y droguerías (satisfacción del usuario) respecto a temas de privacidad. Avisos de privacidad en sedes - pendiente validar si está en todas las sedes | I87: SI | J87: NO | K87: SI | L87: NO | N87: Drive de cada persona del equipo de trabajo - Se comparte acceso entre el equipo Drive información de MEC - con acceso de Gerencia de experiencia al usuario, coordinador PQRS y Coordinador canales de atención MEC Aplicación Sin Cola - Aplicativo de turnos para atención presencial Aplicación CIR - Centro inteligente de reportes Aplicación Responde Aplicación QuickWeb Aplicación BI - Encuesta de satisfacción de la oficina virtual Oficina virtual afiliados y Oficina virtual empleadores | O87: Valoración considerando la criticidad de aplicaciones y la información que se gestiona a través de estas | P87: Gerencia de experiencia al usuario | Q87: Gerencia de experiencia al usuario | R87: excel, word, pdf | S87: Equipo de experiencia al usuario | T87: Alto | V87: Alto | X87: Alto | Y87: =IF( OR(T87="Alto",V87="Alto",X87="Alto"),"Crítico","No Crítico") -> Crítico | Z87: =IF(T87=[9]Clasificación!$B$9,[9]Clasificación!$C$9,IF(T87=[9]Clasificación!$B$10,[9]Clasificación!$C$10,IF(OR(T87=[9]Clasificación!$B$11,T87=[9]Clasificación!$C$11),[9]Clasificación!$C$11,"Por clasificar"))) -> #ERROR! | AA87: =IF(OR(V87=[9]Clasificación!$B$15,V87=[9]Clasificación!$B$16),[9]Clasificación!$C$15,IF(V87=[9]Clasificación!$B$17,[9]Clasificación!$C$17,"Por clasificar")) -> #ERROR! | AB87: =IF(OR(X87=[9]Clasificación!$B$22,X87=[9]Clasificación!$B$23),[9]Clasificación!$C$22,IF(X87=[9]Clasificación!$B$24,[9]Clasificación!$C$24,"Por clasificar")) -> #ERROR! | AC87: IC/R - IA - DA | AD87: Ver matriz de riesgos de seguridad y privacidad
A88: 81 | B88: Cumplimiento del modelo de atención | C88: Sistema obligatorio garantia de calidad | D88: CP-GRP-SOG-001 | E88: GRP-SOG-ACT-001 | F88: Información de planeación de la calidad | G88: Información de planeación de la calidad | H88: Incluye: - Política de calidad en salud y seguridad del paciente - Plan estratégico para la garantía de la calidad en salud (único para el área) - Manual del Sistema de Garantía de la Calidad - Manual seguimiento y evaluación de la RIPSS - Procedimientos, instructivos y formatos - Matriz indicadores de seguimiento (datos técnicos del indicador) - Critlerios contractuales para evaluación de prestadores - Plan de despliegue y comunicaciones (único para el área) - Información sobre capacitaciones - Información sobre comunicaciones (presentaciones, actas, correo, etc) | I88: NO | J88: NO | K88: SI | L88: SI | N88: Plataforma Procex (tercero con proveedor Procex software) Equipo de cómputo del área Drive equipo de trabajo principalmente de Hector Isolucion - documentación estándar y políticas | P88: Gerencia cumplimiento modelo de atención | Q88: Gerencia cumplimiento modelo de atención | R88: excel, word, power point, power BI, pdf, txt | S88: Equipo Sistema obligatorio garantia de calidad | T88: Medio | V88: Alto | X88: Medio | Y88: =IF( OR(T88="Alto",V88="Alto",X88="Alto"),"Crítico","No Crítico") -> Crítico | Z88: =IF(T88=[10]Clasificación!$B$9,[10]Clasificación!$C$9,IF(T88=[10]Clasificación!$B$10,[10]Clasificación!$C$10,IF(OR(T88=[10]Clasificación!$B$11,T88=[10]Clasificación!$C$11),[10]Clasificación!$C$11,"Por clasificar"))) -> #ERROR! | AA88: =IF(OR(V88=[10]Clasificación!$B$15,V88=[10]Clasificación!$B$16),[10]Clasificación!$C$15,IF(V88=[10]Clasificación!$B$17,[10]Clasificación!$C$17,"Por clasificar")) -> #ERROR! | AB88: =IF(OR(X88=[10]Clasificación!$B$22,X88=[10]Clasificación!$B$23),[10]Clasificación!$C$22,IF(X88=[10]Clasificación!$B$24,[10]Clasificación!$C$24,"Por clasificar")) -> #ERROR! | AC88: IC/R - IA - DA | AD88: Ver matriz de riesgos de seguridad y privacidad
A89: 82 | B89: Cumplimiento del modelo de atención | C89: Sistema obligatorio garantia de calidad | D89: CP-GRP-SOG-001 | E89: GRP-SOG-ACT-002 | F89: Información de seguimiento de la calidad | G89: Información de seguimiento de la calidad | H89: Incluye: - Información auditorias seguimiento a prestadores (habilitación, desempeño) - (se comparte con sedes) - Informes de cumplimiento de indicadores (se comparte con sedes) - Planes de mejoramiento - Información de seguimiento a planes - Reportes de eventos adversos - Unidades de análisis y plan de mejora - Actas de seguimiento con los prestadores Realizar las auditorías a los prestadores influye en que se pueda continuar con la contratación de servicios | I89: SI | J89: SI | K89: SI | L89: SI | N89: Plataforma Procex (tercero con proveedor Procex software) Equipo de cómputo del área Drive equipo de trabajo principalmente de Hector | O89: Ruta de matriz de indicadores fenix compartido con cumplimiento ha presentado problemas de acceso para edición https://docs.google.com/spreadsheets/d/1dtaLee_AS220JBhIqWwM2dUqlsQABFGCey-Qo9r3vEA/edit#gid=612329064 | P89: Gerencia cumplimiento modelo de atención | Q89: Gerencia cumplimiento modelo de atención | R89: excel, word, power point, power BI, pdf, txt | S89: Equipo Sistema obligatorio garantia de calidad | T89: Alto | V89: Alto | X89: Alto | Y89: =IF( OR(T89="Alto",V89="Alto",X89="Alto"),"Crítico","No Crítico") -> Crítico | Z89: =IF(T89=[10]Clasificación!$B$9,[10]Clasificación!$C$9,IF(T89=[10]Clasificación!$B$10,[10]Clasificación!$C$10,IF(OR(T89=[10]Clasificación!$B$11,T89=[10]Clasificación!$C$11),[10]Clasificación!$C$11,"Por clasificar"))) -> #ERROR! | AA89: =IF(OR(V89=[10]Clasificación!$B$15,V89=[10]Clasificación!$B$16),[10]Clasificación!$C$15,IF(V89=[10]Clasificación!$B$17,[10]Clasificación!$C$17,"Por clasificar")) -> #ERROR! | AB89: =IF(OR(X89=[10]Clasificación!$B$22,X89=[10]Clasificación!$B$23),[10]Clasificación!$C$22,IF(X89=[10]Clasificación!$B$24,[10]Clasificación!$C$24,"Por clasificar")) -> #ERROR! | AC89: IC/R - IA - DA | AD89: Ver matriz de riesgos de seguridad y privacidad
A90: 83 | B90: Gestión del talento humano | C90: Administración del talento humano | D90: CP-GTH-ADT-001 | E90: GTH-ADT-ACT-001 | F90: Información de selección de personal | G90: Información de selección de personal | H90: Incluye: - Información de reclutamiento y selección - Información de candidatos - Información de entrevistas y pruebas - Requisiciones de personal - Validación de antecedentes con Inspektor - Entrevistas de retiros | I90: SI | J90: NO | K90: SI | L90: SI | M90: Requisiciones en formatos físicos | N90: Equipo de cómputo del líder de selección Drive compartidos por Analistas de selección (información de procesos de selección, requisiciones) correo HV hojadevida@sos.com.co Kactus - información básica del candidato que va a contratación | P90: Gerencia de gestión humana | Q90: Gerencia de gestión humana | R90: word. excel, pdf | S90: Equipo administración de gestión humana | T90: Alto | V90: Medio | X90: Medio | Y90: =IF( OR(T90="Alto",V90="Alto",X90="Alto"),"Crítico","No Crítico") -> Crítico | Z90: =IF(T90=[11]Clasificación!$B$9,[11]Clasificación!$C$9,IF(T90=[11]Clasificación!$B$10,[11]Clasificación!$C$10,IF(OR(T90=[11]Clasificación!$B$11,T90=[11]Clasificación!$C$11),[11]Clasificación!$C$11,"Por clasificar"))) -> #ERROR! | AA90: =IF(OR(V90=[11]Clasificación!$B$15,V90=[11]Clasificación!$B$16),[11]Clasificación!$C$15,IF(V90=[11]Clasificación!$B$17,[11]Clasificación!$C$17,"Por clasificar")) -> #ERROR! | AB90: =IF(OR(X90=[11]Clasificación!$B$15,X90=[11]Clasificación!$B$16),[11]Clasificación!$C$15,IF(X90=[11]Clasificación!$B$17,[11]Clasificación!$C$17,"Por clasificar")) -> #ERROR! | AC90: IC/R-IM-DM | AD90: Ver en matriz de riesgos de seguridad y privacidad
A91: 84 | B91: Gestión del talento humano | C91: Administración del talento humano | D91: CP-GTH-ADT-001 | E91: GTH-ADT-ACT-002 | F91: Información de contratación de personal | G91: Información de contratación de personal | H91: Carpeta con historia laboral que incluye: - Documentación y soportes solicitados a seleccionados - Documentación contractual (contrato, acuerdo de confidencialidad, otrosi, promociones, prórrogas) - Encargaturas - Soportes de análisis de antecedentes con Inspektor - Información de procesos disciplinario (actas de descargos) Drive SST para exámenes médicos y solo se notifica a Gestión humana el estado para continuar con contratación - Información de nómina - controles sobre cargos que tienen autorizados pagos extras por turnos, dominicales, etc. | I91: SI | J91: NO | K91: SI | L91: SI | M91: Carpeta historia laboral - Sede Nacional - Archivador con llave | N91: Kactus Drive compartido con Infraestructura - Se comparten ingresos, retiros, movimientos internos | P91: Gerencia de gestión humana | Q91: Gerencia de gestión humana | R91: word. excel, pdf | S91: Equipo administración de gestión humana | T91: Alto | V91: Medio | X91: Medio | Y91: =IF( OR(T91="Alto",V91="Alto",X91="Alto"),"Crítico","No Crítico") -> Crítico | Z91: =IF(T91=[11]Clasificación!$B$9,[11]Clasificación!$C$9,IF(T91=[11]Clasificación!$B$10,[11]Clasificación!$C$10,IF(OR(T91=[11]Clasificación!$B$11,T91=[11]Clasificación!$C$11),[11]Clasificación!$C$11,"Por clasificar"))) -> #ERROR! | AA91: =IF(OR(V91=[11]Clasificación!$B$15,V91=[11]Clasificación!$B$16),[11]Clasificación!$C$15,IF(V91=[11]Clasificación!$B$17,[11]Clasificación!$C$17,"Por clasificar")) -> #ERROR! | AB91: =IF(OR(X91=[11]Clasificación!$B$22,X91=[11]Clasificación!$B$23),[11]Clasificación!$C$22,IF(X91=[11]Clasificación!$B$24,[11]Clasificación!$C$24,"Por clasificar")) -> #ERROR! | AC91: IC/R-IM-DM | AD91: Ver en matriz de riesgos de seguridad y privacidad
A92: 85 | B92: Gestión del talento humano | C92: Administración del talento humano | D92: CP-GTH-ADT-001 | E92: GTH-ADT-ACT-003 | F92: Información de desvinculación de personal | G92: Información de desvinculación de personal | H92: Incluye: - Notificación de retiro - Información de liquidación - Carta laboral - Retiro de cesantías - Examen de egreso - Seguridad social - Carpeta con historia laboral de inactivos | I92: SI | J92: NO | K92: SI | L92: SI | M92: Carpetas de inactivos - Archivo muerto que maneja Servicios administrativos | N92: Kactus Drive compartido con Mesa de Ayuda para ingresos y retiros | P92: Gerencia de gestión humana | Q92: Gerencia de gestión humana | R92: word. excel, pdf | S92: Equipo administración de gestión humana | T92: Alto | V92: Medio | X92: Medio | Y92: =IF( OR(T92="Alto",V92="Alto",X92="Alto"),"Crítico","No Crítico") -> Crítico | Z92: =IF(T92=[11]Clasificación!$B$9,[11]Clasificación!$C$9,IF(T92=[11]Clasificación!$B$10,[11]Clasificación!$C$10,IF(OR(T92=[11]Clasificación!$B$11,T92=[11]Clasificación!$C$11),[11]Clasificación!$C$11,"Por clasificar"))) -> #ERROR! | AA92: =IF(OR(V92=[11]Clasificación!$B$15,V92=[11]Clasificación!$B$16),[11]Clasificación!$C$15,IF(V92=[11]Clasificación!$B$17,[11]Clasificación!$C$17,"Por clasificar")) -> #ERROR! | AB92: =IF(OR(X92=[11]Clasificación!$B$22,X92=[11]Clasificación!$B$23),[11]Clasificación!$C$22,IF(X92=[11]Clasificación!$B$24,[11]Clasificación!$C$24,"Por clasificar")) -> #ERROR! | AC92: IC/R-IM-DM | AD92: Ver en matriz de riesgos de seguridad y privacidad
A93: 86 | B93: Gestión del talento humano | C93: Desarrollo del talento humano | D93: CP-GTH-DTH-001 | E93: GTH-DTH-ACT-001 | F93: Información de capacitación organizacional | G93: Información de capacitación y entrenamiento organizacional | H93: Incluye: - Plan organizacional de capacitación - Listas de asistencia (físicas en sede Cali, excel en caso de virtuales) - Resultados evaluación por capacitación - Información de elearning - Información de capacitación definida por la Secretaría de salud - Base de personal activo (CC, nombre, cargo, área, fecha ingreso, jefe inmediato) - Información auditorías de capacitación Asistencia física se registra en el mismo excel de la asistencia virtual para su control | I93: SI | J93: NO | K93: SI | L93: NO | M93: Listas de asistencia físicas - AZ en oficina de gestión humana | N93: Moodle - contenidos de formación y programáticos Drive analista formación - excel asistencia (Vicky y Jennifer) | O93: Con Moodle hemos tenido situaciones respecto a actualizaciones que hacen que no se hagan en los tiempos requeridos (es necesario contratar a terceros) y lo que implica en costos | P93: Gerencia de gestión humana | Q93: Gerencia de gestión humana | R93: excel | S93: Equipo desarrollo talento humano | T93: Alto | V93: Medio | X93: Medio | Y93: =IF( OR(T93="Alto",V93="Alto",X93="Alto"),"Crítico","No Crítico") -> Crítico | Z93: =IF(T93=[12]Clasificación!$B$9,[12]Clasificación!$C$9,IF(T93=[12]Clasificación!$B$10,[12]Clasificación!$C$10,IF(OR(T93=[12]Clasificación!$B$11,T93=[12]Clasificación!$C$11),[12]Clasificación!$C$11,"Por clasificar"))) -> #ERROR! | AA93: =IF(OR(V93=[12]Clasificación!$B$15,V93=[12]Clasificación!$B$16),[12]Clasificación!$C$15,IF(V93=[12]Clasificación!$B$17,[12]Clasificación!$C$17,"Por clasificar")) -> #ERROR! | AB93: =IF(OR(X93=[12]Clasificación!$B$15,X93=[12]Clasificación!$B$16),[12]Clasificación!$C$15,IF(X93=[12]Clasificación!$B$17,[12]Clasificación!$C$17,"Por clasificar")) -> #ERROR! | AC93: IC/R-IM-DM | AD93: Ver en matriz de riesgos de seguridad y privacidad
A94: 87 | B94: Gestión del talento humano | C94: Desarrollo del talento humano | D94: CP-GTH-DTH-001 | E94: GTH-DTH-ACT-002 | F94: Información del modelo de desarrollo | G94: Información del modelo de desarrollo | H94: Incluye: - Programa ADI - Información de indicadores - Programación de evaluación de clima y liderazgo - Resultados de evaluación clima laboral y liderazgo - Resultados de desempeño colaboradores - Planes de desarrollo para colaboradores con brechas de desempeño - Diagnóstico de necesidades de capacitación - Información sobre evaluaciones de desempeño para procesos de sucesión y escalamiento laboral - Base de personal activo (CC, nombre, cargo, área, fecha ingreso, jefe inmediato) | I94: SI | J94: NO | K94: SI | L94: NO | N94: Aplicación competencias Evaluación clima y liderazgo a través de un proveedor y se realiza virtual Drive Carmen - informes, presentaciones, etc. generados con información exportada desde Competencias. Base de datos de clima laboral | P94: Gerencia de gestión humana | Q94: Gerencia de gestión humana | R94: excel | S94: Equipo desarrollo talento humano | T94: Alto | V94: Medio | X94: Medio | Y94: =IF( OR(T94="Alto",V94="Alto",X94="Alto"),"Crítico","No Crítico") -> Crítico | Z94: =IF(T94=[12]Clasificación!$B$9,[12]Clasificación!$C$9,IF(T94=[12]Clasificación!$B$10,[12]Clasificación!$C$10,IF(OR(T94=[12]Clasificación!$B$11,T94=[12]Clasificación!$C$11),[12]Clasificación!$C$11,"Por clasificar"))) -> #ERROR! | AA94: =IF(OR(V94=[12]Clasificación!$B$15,V94=[12]Clasificación!$B$16),[12]Clasificación!$C$15,IF(V94=[12]Clasificación!$B$17,[12]Clasificación!$C$17,"Por clasificar")) -> #ERROR! | AB94: =IF(OR(X94=[12]Clasificación!$B$22,X94=[12]Clasificación!$B$23),[12]Clasificación!$C$22,IF(X94=[12]Clasificación!$B$24,[12]Clasificación!$C$24,"Por clasificar")) -> #ERROR! | AC94: IC/R-IM-DM | AD94: Ver en matriz de riesgos de seguridad y privacidad
A95: 88 | B95: Gestión financiera | C95: Gestión contable | D95: CP-GFF-CON-001 | E95: GFF-CON-ACT-001 | F95: Información contable | G95: Información contable | H95: Incluye: - Cronograma de cierre contable - Registros contabilizados (movimientos contables, provisiones, depreciaciones, amortizaciones) - Conciliaciones (activos fijos, recaudos PBS, bancos, módulo de diferidos, declaración retención en la fuente, IVA, nómina, cuentas médicas, giros y traslados del proceso de conciliación) | I95: SI | J95: SI | K95: SI | L95: SI | N95: Aplicativo CG/IFS | O95: No se cuenta con un aplicativo integral para la gestión de la información | P95: Gerente de contabilidad | Q95: Gerente de contabilidad Soluciones tecnológicas | R95: Propio de aplicativo | S95: Equipo de gestión contable (perfiles de acceso en aplicación) | T95: Medio | V95: Alto | X95: Alto | Y95: =IF( OR(T95="Alto",V95="Alto",X95="Alto"),"Crítico","No Crítico") -> Crítico | Z95: =IF(T95=[13]Clasificación!$B$9,[13]Clasificación!$C$9,IF(T95=[13]Clasificación!$B$10,[13]Clasificación!$C$10,IF(OR(T95=[13]Clasificación!$B$11,T95=[13]Clasificación!$C$11),[13]Clasificación!$C$11,"Por clasificar"))) -> #ERROR! | AA95: =IF(OR(V95=[13]Clasificación!$B$15,V95=[13]Clasificación!$B$16),[13]Clasificación!$C$15,IF(V95=[13]Clasificación!$B$17,[13]Clasificación!$C$17,"Por clasificar")) -> #ERROR! | AB95: =IF(OR(X95=[13]Clasificación!$B$15,X95=[13]Clasificación!$B$16),[13]Clasificación!$C$15,IF(X95=[13]Clasificación!$B$17,[13]Clasificación!$C$17,"Por clasificar")) -> #ERROR! | AC95: UI-IA-DA | AD95: Ver en matriz de riesgos de seguridad y privacidad
A96: 89 | B96: Gestión financiera | C96: Gestión contable | D96: CP-GFF-CON-001 | E96: GFF-CON-ACT-002 | F96: Información estados financieros y obligaciones tributarias | G96: Información estados financieros y obligaciones tributarias | H96: Incluye: - Estados financieros - Declaración de impuestos - Reportes a entes de control (en información exógena, ventas, compras se puede tener información de personas naturales) Reporte a supersalud según solicita Circular 016 | I96: SI | J96: SI | K96: SI | L96: NO | N96: Aplicativo Unit4 Agresso Aplicativo CG/IFS | P96: Gerente de contabilidad | Q96: Gerente de contabilidad | S96: Equipo de contabilidad | T96: Medio | V96: Alto | X96: Alto | Y96: =IF( OR(T96="Alto",V96="Alto",X96="Alto"),"Crítico","No Crítico") -> Crítico | Z96: =IF(T96=[13]Clasificación!$B$9,[13]Clasificación!$C$9,IF(T96=[13]Clasificación!$B$10,[13]Clasificación!$C$10,IF(OR(T96=[13]Clasificación!$B$11,T96=[13]Clasificación!$C$11),[13]Clasificación!$C$11,"Por clasificar"))) -> #ERROR! | AA96: =IF(OR(V96=[13]Clasificación!$B$15,V96=[13]Clasificación!$B$16),[13]Clasificación!$C$15,IF(V96=[13]Clasificación!$B$17,[13]Clasificación!$C$17,"Por clasificar")) -> #ERROR! | AB96: =IF(OR(X96=[13]Clasificación!$B$22,X96=[13]Clasificación!$B$23),[13]Clasificación!$C$22,IF(X96=[13]Clasificación!$B$24,[13]Clasificación!$C$24,"Por clasificar")) -> #ERROR! | AC96: UI-IA-DA | AD96: Ver en matriz de riesgos de seguridad y privacidad
A97: 90 | B97: Gestión financiera | C97: Gestión de ingresos | D97: CP-GFR-GDI-001 | E97: GFR-GDI-ACT-001 | F97: Información recaudos POS | G97: Información recaudos PBS | H97: Incluye: - Presupuesto por tipo de ingreso - Información de planilla PILA - Información sobre UPC Proceso de corrección de registros con ADRES | I97: SI | J97: NO | K97: SI | L97: SI | N97: Aplicativo de Recaudo - se reciben archivos txt de los operadores de PILA - y esta información se cruza contra los reportes bancarios (conciliación) Aplicativo Greco (consulta unificada) - se alimenta de la información de Recaudo una vez hechas las validaciones Aplicativo Rezagos | P97: Jefatura gestión de ingresos | Q97: Jefatura gestión de ingresos | R97: BD propias de aplicativos | S97: Equipo de gestión de ingresos | T97: Alto | V97: Alto | X97: Alto | Y97: =IF( OR(T97="Alto",V97="Alto",X97="Alto"),"Crítico","No Crítico") -> Crítico | Z97: =IF(T97=[14]Clasificación!$B$9,[14]Clasificación!$C$9,IF(T97=[14]Clasificación!$B$10,[14]Clasificación!$C$10,IF(OR(T97=[14]Clasificación!$B$11,T97=[14]Clasificación!$C$11),[14]Clasificación!$C$11,"Por clasificar"))) -> #ERROR! | AA97: =IF(OR(V97=[14]Clasificación!$B$15,V97=[14]Clasificación!$B$16),[14]Clasificación!$C$15,IF(V97=[14]Clasificación!$B$17,[14]Clasificación!$C$17,"Por clasificar")) -> #ERROR! | AB97: =IF(OR(X97=[14]Clasificación!$B$22,X97=[14]Clasificación!$B$23),[14]Clasificación!$C$22,IF(X97=[14]Clasificación!$B$24,[14]Clasificación!$C$24,"Por clasificar")) -> #ERROR! | AC97: IC/R - IA - DA | AD97: Ver en matriz de riesgos de seguridad y privacidad
A98: 91 | B98: Gestión financiera | C98: Gestión de ingresos | D98: CP-GFR-GDI-001 | E98: GFR-GDI-ACT-002 | F98: Información recaudos PAC | G98: Información recaudos PAC | H98: Incluye: - Presupuesto por tipo de ingreso - Información de tarifas - Facturación por afiliado o empresa Pagos por Banco, PSE, o AvalPay | I98: SI | J98: NO | K98: SI | L98: SI | N98: Aplicativo de cartera - Reportes bancarios - cruce contra facturación (conciliación) Desde información de Cartera se alimenta Consulta unificada Aplicativo Rezagos (consulta de información de qué información se tiene) | P98: Jefatura gestión de ingresos | Q98: Jefatura gestión de ingresos | R98: BD propias de aplicativos | S98: Equipo de gestión de ingresos | T98: Alto | V98: Alto | X98: Alto | Y98: =IF( OR(T98="Alto",V98="Alto",X98="Alto"),"Crítico","No Crítico") -> Crítico | Z98: =IF(T98=[14]Clasificación!$B$9,[14]Clasificación!$C$9,IF(T98=[14]Clasificación!$B$10,[14]Clasificación!$C$10,IF(OR(T98=[14]Clasificación!$B$11,T98=[14]Clasificación!$C$11),[14]Clasificación!$C$11,"Por clasificar"))) -> #ERROR! | AA98: =IF(OR(V98=[14]Clasificación!$B$15,V98=[14]Clasificación!$B$16),[14]Clasificación!$C$15,IF(V98=[14]Clasificación!$B$17,[14]Clasificación!$C$17,"Por clasificar")) -> #ERROR! | AB98: =IF(OR(X98=[14]Clasificación!$B$22,X98=[14]Clasificación!$B$23),[14]Clasificación!$C$22,IF(X98=[14]Clasificación!$B$24,[14]Clasificación!$C$24,"Por clasificar")) -> #ERROR! | AC98: IC/R - IA - DA | AD98: Ver en matriz de riesgos de seguridad y privacidad
A99: 92 | B99: Gestión financiera | C99: Gestión de ingresos | D99: CP-GFR-GDI-001 | E99: GFR-GDI-ACT-003 | F99: Información recaudos No PBS | G99: Información recaudos No PBS | H99: Incluye: - Presupuesto por tipo de ingreso - Información de facturación radicada (basado en IPS o EPS según tipo de cobro) | I99: SI | J99: NO | K99: SI | L99: SI | N99: Manejado por SQL - directamente en el AS400 (con scripts que se tienen desde el acceso al servidor virtual) Con esto se informa a tesorería para que generen los pagos. Y desde recobros se aplica por medio de AS400 | P99: Jefatura gestión de ingresos | Q99: Jefatura gestión de ingresos | R99: BD propias de aplicativos | S99: Equipo de gestión de ingresos | T99: Alto | V99: Alto | X99: Alto | Y99: =IF( OR(T99="Alto",V99="Alto",X99="Alto"),"Crítico","No Crítico") -> Crítico | Z99: =IF(T99=[14]Clasificación!$B$9,[14]Clasificación!$C$9,IF(T99=[14]Clasificación!$B$10,[14]Clasificación!$C$10,IF(OR(T99=[14]Clasificación!$B$11,T99=[14]Clasificación!$C$11),[14]Clasificación!$C$11,"Por clasificar"))) -> #ERROR! | AA99: =IF(OR(V99=[14]Clasificación!$B$15,V99=[14]Clasificación!$B$16),[14]Clasificación!$C$15,IF(V99=[14]Clasificación!$B$17,[14]Clasificación!$C$17,"Por clasificar")) -> #ERROR! | AB99: =IF(OR(X99=[14]Clasificación!$B$22,X99=[14]Clasificación!$B$23),[14]Clasificación!$C$22,IF(X99=[14]Clasificación!$B$24,[14]Clasificación!$C$24,"Por clasificar")) -> #ERROR! | AC99: IC/R - IA - DA | AD99: Ver en matriz de riesgos de seguridad y privacidad
A100: 93 | B100: Gestión financiera | C100: Gestión de ingresos | D100: CP-GFR-GDI-001 | E100: GFR-GDI-ACT-004 | F100: Información recaudos Subsidiado | G100: Información recaudos Subsidiado | H100: Incluye: - Presupuesto por tipo de ingreso - Información sobre UPC | I100: SI | J100: NO | K100: SI | L100: SI | N100: SFTP disponible por ADRES con archivos de liquidación, restitución y causales de glosas Los archivos se cargan en SQL - y se tienen que generar los scripts para sacar la información requerida del dashboard para gestionar la información | O100: En proceso de creación de calculo automático para automatizar este proceso - junto con el equipo de Tecnología | P100: Jefatura gestión de ingresos | Q100: Jefatura gestión de ingresos | R100: BD propias de aplicativos | S100: Equipo de gestión de ingresos | T100: Alto | V100: Alto | X100: Alto | Y100: =IF( OR(T100="Alto",V100="Alto",X100="Alto"),"Crítico","No Crítico") -> Crítico | Z100: =IF(T100=[14]Clasificación!$B$9,[14]Clasificación!$C$9,IF(T100=[14]Clasificación!$B$10,[14]Clasificación!$C$10,IF(OR(T100=[14]Clasificación!$B$11,T100=[14]Clasificación!$C$11),[14]Clasificación!$C$11,"Por clasificar"))) -> #ERROR! | AA100: =IF(OR(V100=[14]Clasificación!$B$15,V100=[14]Clasificación!$B$16),[14]Clasificación!$C$15,IF(V100=[14]Clasificación!$B$17,[14]Clasificación!$C$17,"Por clasificar")) -> #ERROR! | AB100: =IF(OR(X100=[14]Clasificación!$B$22,X100=[14]Clasificación!$B$23),[14]Clasificación!$C$22,IF(X100=[14]Clasificación!$B$24,[14]Clasificación!$C$24,"Por clasificar")) -> #ERROR! | AC100: IC/R - IA - DA | AD100: Ver en matriz de riesgos de seguridad y privacidad
A101: 94 | B101: Gestión financiera | C101: Gestión de tesorería y recursos financieros | D101: CP-GFF-RFI-001 | E101: GFF-RFI-ACT-001 | F101: Información sobre administración de pagos | G101: Información sobre administración de pagos | H101: Incluye: - Escenarios de pagos mensuales y anual (Definición y seguimiento) - Información de seguimiento sobre saldos de cuentas - Comprobantes de pagos (interfaz entre CXP y contabilidad) - Información sobre movimientos bancarios - Información sobre conciliación de flujo de efectivo - Información de recaudo (arqueo de caja) En comprobantes de pago y BD de pago podemos tener nombre, cuenta de persona natural. Formato de creación de prestadores y aportantes empresas (hay cláusulas de autorización manejo información desde Registro). Medicina laboral y compras en salud también lo manejan | I101: SI | J101: SI | K101: SI | L101: SI | N101: Equipos de tesorería - Macros excenarios de pagos Correo electrónico - macros entre tesorería y gestión financiera CXP Caja | P101: Gerencia de planeación financiera | Q101: Gerencia de planeación financiera | R101: Excel, BD en aplicación | S101: Equipo de tesorería | T101: Medio | V101: Alto | X101: Alto | Y101: =IF( OR(T101="Alto",V101="Alto",X101="Alto"),"Crítico","No Crítico") -> Crítico | Z101: =IF(T101=[15]Clasificación!$B$9,[15]Clasificación!$C$9,IF(T101=[15]Clasificación!$B$10,[15]Clasificación!$C$10,IF(OR(T101=[15]Clasificación!$B$11,T101=[15]Clasificación!$C$11),[15]Clasificación!$C$11,"Por clasificar"))) -> #ERROR! | AA101: =IF(OR(V101=[15]Clasificación!$B$15,V101=[15]Clasificación!$B$16),[15]Clasificación!$C$15,IF(V101=[15]Clasificación!$B$17,[15]Clasificación!$C$17,"Por clasificar")) -> #ERROR! | AB101: =IF(OR(X101=[15]Clasificación!$B$15,X101=[15]Clasificación!$B$16),[15]Clasificación!$C$15,IF(X101=[15]Clasificación!$B$17,[15]Clasificación!$C$17,"Por clasificar")) -> #ERROR! | AC101: UI-IA-DA | AD101: Ver en matriz de riesgos de seguridad y privacidad

Sheet Inv. Activos de Soporte
A4: A. Información del Activo de Soporte | I4: D. Propiedad
A5: Nª | B5: Dependencia/Área | D5: Proceso/ Procedimiento | E5: Nombre | F5: Descripción | G5: Observaciones | I5: Propietario | J5: Custodio
A7: 1 | B7: Gestión de las directrices organizacionales | C7: Comunicación corporativa | D7: CP-ACO-COR-002 | E7: Masterbase | F7: Aplicación para envio de comunicaciones externas | G7: N/A | I7: Jefatura de comunicaciones | J7: Jefatura de comunicaciones
A8: 2 | B8: Gestión de las directrices organizacionales | C8: Comunicación corporativa | D8: CP-ACO-COR-002 | E8: Portal web | F8: Sitio web de SOS | G8: Webmaster desde equipo de comunicaciones Mantenimiento con tecnologia | I8: Jefatura de comunicaciones | J8: Soluciones informáticas
A9: 3 | B9: Gestión de las directrices organizacionales | C9: Comunicación corporativa | D9: CP-ACO-COR-002 | E9: Drive | F9: Servicio de Workspace para almacenamiento de archivos | I9: Google | J9: Soluciones informáticas
A10: 4 | B10: Gerencia Comercial | C10: Coordinación de registro | D10: CP-GEC-AFI-001 | E10: Génesis | F10: Aplicación que permite realizar el registro de la afiliación o registro de empresa desde la radicación hasta la vinculación e ingreso a la base de datos, soportada con la respectiva captura de documentos soporte y aplicación de novedades o cambios de informacio reportados por los afiliados. Las principales opciones son: 1. Radicación Formularios de afiliacion y empleadores. 2. Administración de Guías. 3. Ingreso Formularios. 4. Prceso de validacion y traspaso de formularios. 5. Revision de formularios de afiliacion y emleadores. 6. Consulta de Formularios de afiliacion y empleadores. 7. Informes. 8. Generancion de Novedades de afiliacion y empleadores. | G10: Desarrollo interno Operación en cloud BD SQL Server 2019 S.O. Windows Server | I10: Gestión de ingresos / Dirección financiera | J10: Soluciones informáticas
A11: 5 | B11: Gerencia Comercial | C11: Coordinación de registro | D11: CP-GEC-AFI-001 | E11: Parámetros | F11: Aplicación que permite gestionar (crud) de los parametrosque son utilizados en los procesos 1- Gestion parametros de afiliacion y novedades, 2-Gestion parametros cartera PBS 3-Gestion parametros cartera PAC, 4-Gestion parametros Recaudos. Por ejemplo (Sedes de SOS, ciudades, departamentos, tipo de cotizante, % de cotización, salarios, parentescos, motivos de devolución para novedades y formularios, plazos de pago, etc) | G11: Desarrollo interno Operación en cloud BD SQL Server 2019 S.O. Windows Server | I11: Gestión de ingresos / Dirección financiera | J11: Soluciones informáticas
A12: 6 | B12: Gerencia Comercial | C12: Coordinación de registro | D12: CP-GEC-AFI-001 | E12: Productos | F12: Aplicación que permite realizar la parametrización de los diferentes productos que comercializa la compañía y gestiona la información relacionada con los convenios comerciales que se tienen con los diferentes empleadores. Las principales opciones son: 1. Administracion de productos. 2. Administración de modelos. 3. Asociación Modelos a Productos. 4. Asociación Producto - Aportante. 5. La aplicacion de novedades. | G12: Desarrollo interno Operación en cloud BD SQL Server 2019 S.O. Windows Server | I12: Gestión de ingresos / Dirección financiera | J12: Soluciones informáticas
A13: 7 | B13: Gerencia Comercial | C13: Coordinación de registro | D13: CP-GEC-AFI-001 | E13: Visos | F13: Aplicación que realiza la consulta de Imágenes de documentos de procesos de negocio 1. visualización, impresión y descarga de Imágenes digitalizadas | G13: Desarrollo interno Operación en cloud BD SQL Server 2019 S.O. Windows Server | I13: Gestión de ingresos / Dirección financiera | J13: Soluciones informáticas
A14: 8 | B14: Gerencia Comercial | C14: Coordinación de registro | D14: CP-GEC-AFI-001 | E14: Servidor CLNEMESIS | F14: En este servidor se almacenan los informes de gestión del área | G14: N/A | I14: Soluciones informáticas | J14: Soluciones informáticas
A15: 9 | B15: Gestión de redes integrales | C15: Compras en salud | D15: CP-GRI-GCS-001 | E15: ItBid | F15: Aplicación que permite la gestión de los procesos de compra de la organización, sus principales opciones son: 1.eSourcing: Motor de RFx 2. eSourcing: Motor de Subastas 3. Gestión de Contratos 4. Gestión de Proyectos 5. Gestión de Proveedores - Homologación 6.Solicitudes de Compra (Requisiciones) 7. Centro de Mensajes 8. Flujo de Autorizaciones 9. Administración | G15: SQL Server 2019 Windows server Nube | I15: Planeación financiera | J15: Soluciones informáticas
A16: 10 | B16: Gestión de redes integrales | C16: Compras en salud | D16: CP-GRI-GCS-001 | E16: Red de Salud | F16: Aplicación que permite administrar los datos correspondientes a prestaciones y prestadores, las principales funcionalidades son: 1. Administración (creación,modificación) de prestaciones, medicamentos, insumos 2. Administración de convenios servicios, medicamentos , pgp 3. Administración de Prestadores, Profesionales 4. Administración de modelos de tarificación SOAT,ISS, lista precios 5. Administración de parametros tipos de financiamento 6. Administración de precios techo | G16: SQL Server 2019 Windows server Nube | I16: Coordinación de parámetros | J16: Soluciones informáticas
A17: 11 | B17: Gestión de redes integrales | C17: Compras en salud | D17: CP-GRI-GCS-001 | E17: Drive | F17: Servicio de Workspace para almacenamiento de archivos | I17: Google | J17: Soluciones informáticas
A18: 12 | B18: Gestión Comercial | C18: Mercadeo | D18: CP-GEC-MER-001
A19: 13 | B19: Gestión de riesgos en salud | C19: Planeación de la atención | D19: CP-GRP-PAT-001 | E19: Red de Salud | F19: Aplicación que permite administrar los datos correspondientes a prestaciones y prestadores, las principales funcionalidades son: 1. Administración (creación,modificación) de prestaciones, medicamentos, insumos 2. Administración de convenios servicios, medicamentos, pgp 3. Administración de Prestadores, Profesionales 4. Administración de modelos de tarificación SOAT,ISS, lista precios 5. Administración de parametros tipos de financiamento 6. Administración de precios techo | G19: BD SQL Server 2019 SO Windows server En nube | I19: Coordinación de parámetros | J19: Soluciones informáticas
A20: 14 | B20: Gestión de riesgos en salud | C20: Planeación de la atención | D20: CP-GRP-PAT-001 | E20: Isolucion | F20: Aplicación que permite la administración del Sistema de Gestión de Calidad como: 1. Actas 2. Control de documentos 3. Mapa de procesos 4. Mejoramiento Continuo 5. Flujo de tareas | G20: BD SQL Server 2019 SO Windows server En nube | I20: Gerencia de procesos y análisis de información | J20: Soluciones informáticas
A21: 15 | B21: Gestión de riesgos en salud | C21: Planeación de la atención | D21: CP-GRP-PAT-001 | E21: Drive | F21: Servicio de Workspace para almacenamiento de archivos | I21: Google | J21: Soluciones informáticas
A22: 16 | B22: Gerencia conocimiento en salu | C22: Riesgos en la población | D22: CP-GRP-RPL-001 | E22: Aplicativo Procex | F22: Aplicativo externo para calculo de indicadores de acuerdo con resolución para atención y mantenimiento de programas de salud | G22: Revisar en cumplimiento al modelo de atención - auditoria de calidad | I22: Auditoria de calidad | J22: Auditoria de calidad
A23: 17 | B23: Gestión de riesgos en salud | C23: Riesgos en la población | D23: CP-GRP-RPL-001 | E23: Drive | F23: Servicio de Workspace para almacenamiento de archivos | I23: Google | J23: Soluciones informáticas
A24: 18 | B24: Gestión de riesgos en salud | C24: Salud pública | D24: CP-GRP-SLP-001 | E24: Aplicativo Procex | F24: Aplicativo externo para calculo de indicadores de acuerdo con resolución para atención y mantenimiento de programas de salud | G24: Revisar en cumplimiento al modelo de atención - auditoria de calidad | I24: Auditoria de calidad | J24: Auditoria de calidad
A25: 19 | B25: Gestión de riesgos en salud | C25: Salud pública | D25: CP-GRP-SLP-001 | E25: Salud | F25: Notificaciones de mortalidad por vigilancia epidemiológica para actualización del estado de usuarios | I25: Coordinación de parámetros | J25: Soluciones informáticas
A26: 20 | B26: Gestión de riesgos en salud | C26: Salud pública | D26: CP-GRP-SLP-001 | E26: Drive | F26: Servicio de Workspace para almacenamiento de archivos | I26: Google | J26: Soluciones informáticas
A27: 21 | B27: Gestión administrativa | C27: Compras y contratación administrativa | D27: CP-GAD-CAD-001 | E27: ItBid | F27: Aplicación que permite la gestión de los procesos de compra de la organización, sus principales opciones son: 1.eSourcing: Motor de RFx 2. eSourcing: Motor de Subastas 3. Gestión de Contratos 4. Gestión de Proyectos 5. Gestión de Proveedores - Homologación 6.Solicitudes de Compra (Requisiciones) 7. Centro de Mensajes 8. Flujo de Autorizaciones 9. Administración | G27: Pueden haber mejoras sobre funcionalidades a partir de solicitudesde SOS que realiza el proveedor | I27: Gerencia de planeación financiera | J27: Soluciones informáticas
A28: 22 | B28: Gestión administrativa | C28: Compras y contratación administrativa | D28: CP-GAD-CAD-001 | E28: Drive | F28: Servicio de Workspace para almacenamiento de archivos | I28: Google | J28: Soluciones informáticas
A29: 23 | B29: Gestión financiera | C29: Concertación de pasivos con el prestador | D29: CP-GFF-GCP-001 | E29: fuentes conciliación pagos y fuente prestador | F29: Cargue en \\clhermes\Conciliaciones\Fuente | G29: Se han presentado problemas de intermitencia con la ruta, sin embargo, a mejorado. Aún se presentan inconsistencia en información que trae y debe ser revisada por el equipo | I29: Jefatura conciliación prestadores | J29: Infraestructura tecnológica
A30: 24 | B30: Gestión financiera | C30: Concertación de pasivos con el prestador | D30: CP-GFF-GCP-001 | E30: Drive | F30: Servicio de almacenamiento en SOS | I30: Infraestructura tecnológica | J30: Infraestructura tecnológica
A31: 25 | B31: Gestión financiera | C31: Cuentas médicas | D31: N/A | E31: Cuentas médicas (Silmed) | F31: Aplicación que realiza las siguientes funcionalidades: 1. Radicación de facturas 2. Liquidación de facturas 3. Validación frente convenios 4. Generación de interfaz contable 5. Aplicación de devoluciones y glosas 6. Generación notas crédito y débito | G31: SQL Server 2019 Windows Server En nube Autenticación contra direcctorio activo Roles y perfiles en el aplicativo | I31: Jefatura cuentas médicas | J31: Soluciones informáticas
A32: 26 | B32: Gestión financiera | C32: Cuentas médicas | D32: N/A | E32: AFSS (Funcionalidad dentro de Silmed) | F32: Aplicación que permite la gestión de las facturas de cuentas médicas que ingresan via AFSS desde los prestadores, sus prinicpales opciones son: 1. Carga de Factura Por Archivo 2. Consulta de Lotes Radicados 3. Preliquidacion de Facturas 4. Consulta de Afiliado - Validador de Derechos 5. Parametrización de Homologaciones de Prestaciones | G32: SQL Server 2019 Windows Server En nube Autenticación contra direcctorio activo Roles y perfiles en el aplicativo | I32: Jefatura cuentas médicas | J32: Soluciones informáticas
A33: 27 | B33: Gestión financiera | C33: Cuentas médicas | D33: N/A | E33: SOSSuiteWeb | F33: Aplicación que permite la autogestión de parámetros o cambios de datos de manera controlada y masiva para los usuarios, sus principales funcionalidades: 1. Actualizacion de codigo de prestador de facturas radicadas 2. Generacion de Interfazes a Pedido por medio de archivo 3. Actualizacion de estado de factura masiva 4. Actualizacion de codigo contable de forma masiva | G33: SQL Server 2019 Windows Server En nube | I33: Jefatura cuentas médicas | J33: Soluciones informáticas
A34: 28 | B34: Gestión financiera | C34: Cuentas médicas | D34: N/A | E34: SO@Invoice | F34: Aplicación que permite recibir, consolidar (y validar) las facturas electronicas (DIAN) que se envian a la organización. Algunas funcionalidades: 1. Consulta de facturas recibidas 2. Consulta de Soportes de Factura 3. Parametrizacion de Buzones para Recibir Facturas | G34: Desde cuentas médicas se es usuario de la app Externo | I34: Gestión financiera | J34: Soluciones informáticas
A35: 29 | B35: Gestión financiera | C35: Cuentas médicas | D35: N/A | E35: Drive | F35: Servicio de almacenamiento en SOS | I35: Infraestructura tecnológica | J35: Infraestructura tecnológica
A36: 30 | B36: Gestión Administrativa | C36: Gestión de activos y mantenimientos | D36: CP-GAD-AFS-001 | E36: Drive | F36: Servicio de Workspace para almacenamiento de archivos | I36: Google | J36: Soluciones informáticas
A37: 31 | B37: Gestión de información | C37: Gestión actuarial | D37: N/A | E37: R | F37: Software libre usado para hacer modelamiento | I37: Gestión actuarial | J37: Gestión actuarial
A38: 32 | B38: Gestión de información | C38: Gestión actuarial | D38: N/A | E38: SPSS Modeler | F38: Software comercial utilizado para hacer modelamiento | G38: Ante requerimiento de reinstalación es necesario solicitar este proceso al equipo de soporte tecnológico | I38: Gestión actuarial | J38: Gestión actuarial
A39: 33 | B39: Gestión de información | C39: Gestión actuarial | D39: N/A | E39: Knime | F39: Software libre usado para hacer modelamiento | I39: Gestión actuarial | J39: Gestión actuarial
A40: 34 | B40: Gestión de información | C40: Gestión actuarial | D40: N/A | E40: Drive | F40: Servicio de Workspace para almacenamiento de archivos | I40: Google | J40: Soluciones informáticas
A41: 35 | B41: Gestión administrativa | C41: Gestión documental y correspondencia | D41: CP-GAD-CAD-002 | E41: Pasos | F41: Aplicación carga los Documentos digitalizados (Imágenes) que se usan en los procesos de negocio 1. Cargue de imagenes por archivo (indices) | G41: SQL Server 2019 Windows Server En nube | I41: COORDINADOR DE REGISTRO PBS Y PAC COORDINADOR DE PARAMETROS JEFE GESTION DE INGRESOS | J41: Soluciones informáticas
A42: 36 | B42: Gestión administrativa | C42: Gestión documental y correspondencia | D42: CP-GAD-CAD-002 | E42: Visos | F42: Aplicación que realiza la consulta de Imágenes de documentos de procesos de negocio 1. visualización, impresión y descarga de Imágenes digitalizadas | G42: SQL Server 2019 Windows Server En nube | I42: COORDINADOR DE REGISTRO PBS Y PAC COORDINADOR DE PARAMETROS JEFE GESTION DE INGRESOS | J42: Soluciones informáticas
A43: 37 | B43: Gestión administrativa | C43: Gestión documental y correspondencia | D43: CP-GAD-CAD-002 | E43: Drive | F43: Servicio de almacenamiento en SOS | I43: Infraestructura tecnológica | J43: Infraestructura tecnológica
A44: 38 | B44: Gerencia de tecnología | C44: Coordinación de soporte técnico | D44: CP-GTE-GII-001 | E44: Gestión Requerimientos TI Aranda | F44: Aplicación que permite gestionar las solicitudes de los requerimiento de software y hardware de la empresa 1. Radicar solicitudes 2. Gestionar solicitudes 3. Calificar solicitudes 4. Informe de solicitudes | G44: Aplicación en la nube Desarrollo externo | I44: Gerencia de tecnología | J44: Coordinación de soporte técnico y microinformático
A45: 39 | B45: Gerencia de tecnología | C45: Coordinación de soporte técnico | D45: CP-GTE-GII-001 | E45: Drive | F45: Servicio de almacenamiento en SOS | I45: Infraestructura tecnológica | J45: Infraestructura tecnológica
A46: 40 | B46: Gestión de información | C46: Inteligencia de negocios | D46: CP-GTE-INE-001 | E46: Power BI | F46: Aplicación para gestión de la información | G46: N/A | I46: Inteligencia de negocios | J46: Infraestructura tecnológica
A47: 41 | B47: Gestión de información | C47: Inteligencia de negocios | D47: CP-GTE-INE-001 | E47: SQL Server | F47: Aplicación para generar consultas sobre las bases de datos | G47: N/A | I47: Inteligencia de negocios | J47: Infraestructura tecnológica
A48: 42 | B48: Gestión de información | C48: Inteligencia de negocios | D48: CP-GTE-INE-001 | E48: Servidor Argus | F48: Repositorio de scripts de inteligencia de negocios | G48: N/A | I48: Infraestructura tecnológica | J48: Infraestructura tecnológica
A49: 43 | B49: Gestión jurídica | C49: Procesos jurídicos | D49: GJ-PJ-ACT-003 | E49: Drive | F49: Servicio de Workspace para almacenamiento de archivos | I49: Google | J49: Soluciones informáticas
A50: 44 | B50: Gestión jurídica | C50: Procesos jurídicos | D50: N/A | E50: ItBid | F50: Aplicación que permite la gestión de los procesos de compra de la organización, sus principales opciones son: 1.eSourcing: Motor de RFx 2. eSourcing: Motor de Subastas 3. Gestión de Contratos 4. Gestión de Proyectos 5. Gestión de Proveedores - Homologación 6.Solicitudes de Compra (Requisiciones) 7. Centro de Mensajes 8. Flujo de Autorizaciones 9. Administración | I50: Gerencia de planeación financiera | J50: Soluciones informáticas
A51: 45 | B51: Gerencia de tecnología | C51: Coordinación de soporte técnico | D51: CP-GTE-GSI | E51: Gestión Requerimientos TI Aranda | F51: Aplicación que permite gestionar las solicitudes de los requerimiento de software y hardware de la empresa 1. Radicar solicitudes 2. Gestionar solicitudes 3. Calificar solicitudes 4. Informe de solicitudes | G51: Aplicación en la nube Desarrollo externo | I51: Gerencia de tecnología | J51: Coordinación de soporte técnico y microinformático
A52: 46 | B52: Gerencia de tecnología | C52: Coordinación de soporte técnico | D52: CP-GTE-GSI | E52: Drive | F52: Servicio de Workspace para almacenamiento de archivos | I52: Google | J52: Soluciones informáticas
A53: 47 | B53: Gestión del talento humano | C53: Seguridad y salud en el trabajo | D53: CP-GTH-SST-001 | E53: Excel manejo incapacidades | F53: Excel con macro diseñado para el manejo de incapacidades | G53: Se encuentra en el drive del correo seguridadysaludsos@gmail.com dado que al guardarlo en el correo corporativo, se dañan las macros | I53: Seguridad y salud en el trabajo | J53: Seguridad y salud en el trabajo
A54: 48 | B54: Gestión del talento humano | C54: Seguridad y salud en el trabajo | D54: CP-GTH-SST-001 | E54: Excel Casos médicos | F54: Excel con macro diseñado para el manejo de casos médicos | G54: Se encuentra en el equipo de cómputo de la Líder de SST | I54: Seguridad y salud en el trabajo | J54: Seguridad y salud en el trabajo
A55: 49 | B55: Gestión del talento humano | C55: Seguridad y salud en el trabajo | D55: CP-GTH-SST-001 | E55: Drive | F55: Servicio de Workspace para almacenamiento de archivos | I55: Google | J55: Soluciones informáticas
A56: 50 | B56: Gestión jurídica | C56: Tutelas, desacatos y sanciones | D56: N/A | E56: Orion | F56: Aplicación que permite el registro y administración de tutelas, fallos y desacatos | G56: Externo pero adquirido por SOS y con mantenimiento por el proveedor | I56: Coordinación jurídica de tutelas | J56: Soluciones informáticas
A57: 51 | B57: Sistema integrado de gestión | C57: Direccionamiento estratégico | D57: CP-GDO-GPR-001 | E57: Drive | F57: Servicio de Workspace para almacenamiento de archivos | I57: Google | J57: Soluciones informáticas
A58: 52 | B58: Sistema integrado de gestión | C58: Gestión de calidad | D58: CP-SIG-GCL-001 | E58: Isolucion | F58: Aplicación que permite la administración del Sistema de Gestión de Calidad como: 1. Actas 2. Control de documentos 3. Mapa de procesos 4. Mejoramiento Continuo 5. Flujo de tareas | G58: BD SQL Server 2019 SO Windows server En nube | I58: Gerencia de procesos y análisis de información | J58: Soluciones informáticas
A59: 53 | B59: Sistema integrado de gestion | C59: Administración de riesgos organizacionales | D59: CP-SIG-SIR-001 | E59: Drive | F59: Servicio de Workspace para almacenamiento de archivos | I59: Google | J59: Soluciones informáticas
A60: 54 | B60: Cumplimiento del modelo de atención | C60: Auditoria médica | D60: N/A | E60: Aplicación auditoria hospitalaria - notificador hospitalario | F60: Aplicativo utilizado para Información de auditoría hospitalaria y auditoria médica ambulatoria | I60: Auditoria médica | J60: Soluciones informáticas
A61: 55 | B61: Cumplimiento del modelo de atención | C61: Auditoria médica | D61: N/A | E61: Mega | F61: Usada para autorizaciones de eventos ambulatorios | J61: Soluciones informáticas
A62: 56 | B62: Cumplimiento del modelo de atención | C62: Auditoria médica | D62: N/A | E62: Drive | F62: Servicio de Workspace para almacenamiento de archivos | I62: Google | J62: Soluciones informáticas
A63: 57 | B63: Cumplimiento del modelo de atención | C63: Auditoria médica | D63: N/A | E63: Responde | F63: Herramienta de consulta y para dar respuesta a PQRS | I63: Atención al usuarios | J63: Soluciones informáticas
A64: 58 | B64: Gestión de la prestación de servicios en salud | C64: Autorización y direccionamiento de servicios | D64: CP-GES-AYD-001 | E64: PAD | F64: Aplicación que permite la gestión de solicitudes de prestaciones que se entregan de manera domiciliaria | G64: SQL Server 2019 Windows server En nube | I64: Coordinador de atención domiciliaria | J64: Soluciones informáticas
A65: 59 | B65: Gestión de la prestación de servicios en salud | C65: Autorización y direccionamiento de servicios | D65: CP-GES-AYD-001 | E65: MEGA | F65: Aplicación que permite la gestión de la prestación de servicio de salud de la EPS a sus afiliados | G65: SQL Server 2019 Windows server En nube | I65: Jefe nacional de autorizaciones | J65: Soluciones informáticas
A66: 60 | B66: Gestión de la prestación de servicios en salud | C66: Autorización y direccionamiento de servicios | D66: CP-GES-AYD-001 | E66: SIPRES | F66: Aplicación que permite la gestión de la prestación de servicio de salud de la EPS a sus afiliados | G66: SQL Server 2019 Windows server En nube | I66: Jefe nacional de autorizaciones | J66: Soluciones informáticas
A67: 61 | B67: Gestión de la prestación de servicios en salud | C67: Autorización y direccionamiento de servicios | D67: CP-GES-AYD-001 | E67: SOMA | F67: Aplicación que permite la gestión de la prestación de servicio de salud de la EPS a sus afiliados | G67: SQL Server 2019 Windows server En nube | I67: Gerente cumplimiento modelo de atención | J67: Soluciones informáticas
A68: 62 | B68: Gestión de la prestación de servicios en salud | C68: Autorización y direccionamiento de servicios | D68: CP-GES-AYD-001 | E68: Validador de derechos | F68: Web service que permite realizar la validación de derechos del afiliado para la prestación de servicios | G68: SQL Server 2019 Windows server En nube | I68: Coordinador registro PBS y PAC | J68: Soluciones informáticas
A69: 63 | B69: Gestión de la prestación de servicios en salud | C69: Autorización y direccionamiento de servicios | D69: CP-GES-AYD-001 | E69: Central de referencia | F69: Aplicación que permite llevar la trazabilidad de traslados de pacientes entre IPS e identificar los pacientes pendiente de traslado | G69: SQL Server 2019 Windows server En nube | I69: Coordinador central de referencia | J69: Soluciones informáticas
A70: 64 | B70: Gestión de la prestación de servicios en salud | C70: Gestión farmaceutica | D70: CP-GES-GFA-001 | E70: Red de Salud | F70: Aplicación que permite administrar los datos correspondientes a prestaciones y prestadores, las principales funcionalidades son: 1. Administración (creación,modificación) de prestaciones, medicamentos, insumos 2. Administración de convenios servicios, medicamentos , pgp 3. Administración de Prestadores, Profesionales 4. Administración de modelos de tarificación SOAT,ISS, lista precios 5. Administración de parametros tipos de financiamento 6. Administración de precios techo | G70: BD SQL Server 2019 SO Windows server En nube | I70: Coordinador de parámetros | J70: Soluciones informàticas
A71: 65 | B71: Gestión de la prestación de servicios en salud | C71: Gestión farmaceutica | D71: CP-GES-GFA-001 | E71: Parámetros Web | F71: Aplicación de apoyo que cuenta con las siguientes funcionalidades: 1. Carga Prestaciónes No Disponibles 2. Carga Precio Techo Medicamentos 3. Carga Masiva CUMS x Plan 4. Cartas Exoneración Tutelas | G71: BD SQL Server 2019 SO Windows server En nube | I71: Coordinador de parámetros | J71: Soluciones informàticas
A72: 66 | B72: Gestión de la prestación de servicios en salud | C72: Gestión farmaceutica | D72: CP-GES-GFA-001 | E72: ItBid | F72: Aplicación que permite la gestión de los procesos de compra de la organización, sus principales opciones son: 1.eSourcing: Motor de RFx 2. eSourcing: Motor de Subastas 3. Gestión de Contratos 4. Gestión de Proyectos 5. Gestión de Proveedores - Homologación 6.Solicitudes de Compra (Requisiciones) 7. Centro de Mensajes 8. Flujo de Autorizaciones 9. Administración | G72: SQL Server 2019 Windows server Nube | I72: Planeación financiera | J72: Soluciones informáticas
A73: 67 | B73: Gestión de la prestación de servicios en salud | C73: Gestión farmaceutica | D73: CP-GES-GFA-001 | E73: Drive | F73: Servicio de Workspace para almacenamiento de archivos | I73: Google | J73: Soluciones informáticas
A74: 68 | B74: Gestión de la prestación de servicios en salud | C74: Medicina laboral | D74: CP-GES-UMT-001 | E74: Aplicativo Salud - Funcionalidad Notificaciones ALEL | F74: Aplicación que permite el ingreso y modificación de notificaciones de accidente laboral y enfermedad laboral | G74: BD SQL Server 2019 S.O. Windows Server App en cloud | I74: Gerencia medicina del trabajo | J74: Soluciones informáticas
A75: 69 | B75: Gestión de la prestación de servicios en salud | C75: Medicina laboral | D75: CP-GES-UMT-001 | E75: SIIS (Sistema integrado de información en salud) | F75: Aplicación que permite gestionar y registrar históricas clínicas para medicina del trabajo, incluida la agenda medica. | G75: BD Postgresql S.O. Windows Server App en cloud SOPORTADO DE VERSIONES 11 EN ADELANTE | I75: Gerencia medicina del trabajo | J75: Soluciones informáticas
A76: 70 | B76: Gestión de la prestación de servicios en salud | C76: Medicina laboral | D76: CP-GES-UMT-001 | E76: Terceros CXP | F76: Aplicación que permite la creación de terceros que no existen para la generación de la interfaz contable desde Prestaciones Económicas | G76: BD SQL Server 2019 S.O. Windows Server App en cloud | I76: Gerencia medicina del trabajo | J76: Soluciones informáticas
A77: 71 | B77: Gestión de la prestación de servicios en salud | C77: Medicina laboral | D77: CP-GES-UMT-001 | E77: Prestaciones Economicas SOA PE | F77: Aplicación que permite la gestión de las solictudes de prestaciones economicas de la EPS, sus principales opciones son: 1. Consulta de prestaciones 2. Modificación de Prestaciones 3. Anulación de Folios 4. Proceso de interfaz 5. Proceso de recobro 6. Consulta y Creación de terceros Radicación, liquidación | G77: BD SQL Server 2019 S.O. Windows Server App en cloud | I77: Gerencia medicina del trabajo | J77: Soluciones informáticas
A78: 72 | B78: Gestión de la prestación de servicios en salud | C78: Medicina laboral | D78: CP-GES-UMT-001 | E78: Notificaciones ICP Funcionalidad dentro del app de Salud | F78: Aplicación que permite el ingreso, consulta y modificación de notificaciones de seguimiento de incapacidad prolongada | G78: BD SQL Server 2019 S.O. Windows Server App en cloud | I78: Gerencia medicina del trabajo | J78: Soluciones informáticas
A79: 73 | B79: Gestión de la prestación de servicios en salud | C79: Medicina laboral | D79: CP-GES-UMT-001 | E79: Histórico- Consulta de notificación Funcionalidad dentro del app de Salud | F79: Gestión de notificaciones de CRH conceptos de rehabilitación y de PCL pérdida de capacidad laboral | G79: Se cierra mu rápido la opción Problemas en ingreso como si no validara las credenciales de acceso y las solicita varias veces
A80: 74 | B80: Gestión de la prestación de servicios en salud | C80: Medicina laboral | D80: CP-GES-UMT-001 | E80: Drive | F80: Servicio de Workspace para almacenamiento de archivos | I80: Google | J80: Soluciones informáticas
A81: 75 | B81: Gestión de redes integrales | C81: Planeación de la oferta | D81: CP-GRI-PLO-001 | E81: Drive | F81: Servicio de Workspace para almacenamiento de archivos | I81: Google | J81: Soluciones informáticas
A82: 76 | B82: Gestión Comercial | C82: Relacionamiento con el cliente (canales) | D82: CP-GEC-CCL-001 | E82: BI | F82: El equipo de trabajo es usuario del aplicativo para generar tablero de control que se pone a disposición de la entidad | I82: Inteligencia de negocios | J82: Soluciones informáticas
A83: 77 | B83: Gestión Comercial | C83: Relacionamiento con el cliente (canales) | D83: CP-GEC-CCL-001 | E83: SinCola | F83: Aplicativo para manejo de turnos en atención presencial | G83: Datos de nombre, cédula, celular. El último para envio de SMS sobre turno y encuesta. Para esto enlace con americas PBS Proveedor Ricoh - Desde febrero 2022 se trabaja con este proveedor. Se han presentado caídas e intermitencias | I83: Proveedor Ricoh | J83: Proveedor Ricoh
A84: 78 | B84: Gestión Comercial | C84: Relacionamiento con el cliente (canales) | D84: CP-GEC-CCL-001 | E84: CIR - Centro inteligente de reportes | F84: Aplicación para gestión de interacciones en canales virtuales. Seguimiento a volumetría | G84: Proveedor Americas BPS - Desde 2017 con cláusulas de manejo de información y confidencialidad | I84: Americas BPS | J84: Americas BPS
A85: 79 | B85: Gestión Comercial | C85: Relacionamiento con el cliente (canales) | D85: CP-GEC-CCL-001 | E85: Responde Fox | F85: Aplicación que permite la administración y gestión de los PQRS, las principales opciones son: 1. Crear, canalizar, gestionar solicitudes de PQRS (empresas y usuarios). 2. Realiza gestión de central de referencia. 3. Validaciones y autorizaciones de hospitalización y urgencias. Tiene información de los usuarios (IBC, rango salarial, nucleo familiar, histórico de interacciones) | G85: Call center (Proveedor Americas BPS) hace uso de este aplicativo para registrar interacciones Acceso por terminal, VPN para acceso a la app (anterior Fox) Nueva subdominio de portal web - centralaplicaciones.sos.com.co | I85: Relacionamiento con el cliente (PQRS) | J85: Soluciones informáticas
A86: 80 | B86: Gestión Comercial | C86: Relacionamiento con el cliente (canales) | D86: CP-GEC-CCL-001 | E86: Responde Web | F86: Aplicación que permite la administración y gestión de los PQRS, las principales opciones son: 1. Crear, canalizar, gestionar solicitudes de PQRS (empresas y usuarios). 2. Realiza gestión de central de referencia. 3. Validaciones y autorizaciones de hospitalización y urgencias. Tiene información de los usuarios (IBC, rango salarial, nucleo familiar, histórico de interacciones) | G86: Call center (Proveedor Americas BPS) hace uso de este aplicativo para registrar interacciones Acceso por terminal, VPN para acceso a la app (anterior Fox) Nueva subdominio de portal web - centralaplicaciones.sos.com.co | I86: Relacionamiento con el cliente (PQRS) | J86: Soluciones informáticas
A87: 81 | B87: Gestión Comercial | C87: Relacionamiento con el cliente (canales) | D87: CP-GEC-CCL-001 | E87: QuickWeb | F87: Aplicación que permite la administración de los requerimientos de los clientes internos (areas): 1. Radicación de Solicitudes 2. Adición de Comentarios a Solicitudes 3. Evaluación de Solicitud realizada. 4. Asignación de Solicitudes. 5. Gestión de Solicitudes 6. Cierre de Solicitudes 7. Ejecucion de procedimientos 8. Consulta de ejecucion de procedimientos | G87: Desarrollo propio en nube SQL server 2019 Windows server | I87: Relacionamiento con el cliente (canales) | J87: Soluciones informáticas
A88: 82 | B88: Gestión Comercial | C88: Relacionamiento con el cliente (canales) | D88: CP-GEC-CCL-001 | E88: BI - Encuesta de satisfacción de la oficina virtual | F88: Aplicativo para configurar las encuestas de satisfacción y generar tablero de control a partir de respuestas | G88: Propio del equipo de trabajo, diferente al BI general de SOS | I88: Relacionamiento con el cliente (canales) | J88: Soluciones informáticas
A89: 83 | B89: Gestión Comercial | C89: Relacionamiento con el cliente (canales) | D89: CP-GEC-CCL-001 | E89: BI - Americas BPS | F89: Accedemos al del proveedor para detalle de la información que se gestiona con el proveedor. Detalle de la información de CIR | I89: Americas BPS | J89: Americas BPS
A90: 84 | B90: Gestión Comercial | C90: Relacionamiento con el cliente (canales) | D90: CP-GEC-CCL-001 | E90: Oficina virtual afiliados | F90: Para consulta de información propia del afiliado. Maneja preguntas de seguridad para acceso con fines de validar identidad. Subdominio del portal web https://centralaplicaciones.sos.com.co/PortalTransaccionalWeb/paginas/afiliados/Logueo/login.jsf 1. Seguridad:Olvide contraseña, Cambio de contraseña 2. Actualización de datos de contacto 3. Autorización de datos personales - Habeas data 4. Certificados: Afiliación PBS, Afiliación PAC, Cartera PBS, Cartera PAC, Paz y salvo PBS, Histórico de pagos PBS 5. Prestaciones económicas: Conexión aplicativo Consulta PE 6. Cambio de IPS 7. Actualización documentos 8. Estado de cuenta PAC 9. Solicitudes de autorización PBS 10. Acceso a canales de pago: Asopagos y Simple, PSE | G90: SQL server 2019 Windows server | I90: Comunicaciones corporativas | J90: Soluciones informáticas
A91: 85 | B91: Gestión Comercial | C91: Relacionamiento con el cliente (canales) | D91: CP-GEC-CCL-001 | E91: Oficina virtual empleadores | F91: Para consulta de información por parte de los empleadores. Subdominio del portal web https://centralaplicaciones.sos.com.co/PortalTransaccionalWeb/paginas/empleadores/Logueo/loginEmpleadores.jsf 1. Seguridad: Olvide contraseña, Cambio de contraseña, Creación, inactivación y edición de usuarios. 2. Certificados: Cartera PBS, Cartera PAC, Paz y Salvo PBS 3. Prestaciones económicas: Consulta por periodo, contingencia, estado de la prestación, cantidad de días, tipo y número de identificación, descarga de informe en excel y PDF para fondo de pensiones. 4. Actualización de datos básicos 5. Novedades: Inicio de relación laboral, Consulta y envío de formulario único de afiliación. 6. Estado de cuenta PAC 7. Acceso a canales de pago:Asopagos y Simple, PSE | G91: SQL server 2019 Windows server | I91: Comunicaciones corporativas | J91: Soluciones informáticas
A92: 86 | B92: Gestión Comercial | C92: Relacionamiento con el cliente (canales) | D92: CP-GEC-CCL-001 | E92: Videollamada PBS | F92: Opción videollamada PBS https://www.sos.com.co/personas/ | I92: Inconcert - Proveedor de Americas PBS | J92: Americas BPS
A93: 87 | B93: Gestión Comercial | C93: Relacionamiento con el cliente (canales) | D93: CP-GEC-CCL-001 | E93: SFTP | F93: Compartido por Americas para grabación de llamadas de Call center | I93: Americas BPS | J93: Americas BPS
A94: 88 | B94: Gestión Comercial | C94: Relacionamiento con el cliente (canales) | D94: CP-GEC-CCL-001 | E94: Quiosco | F94: Aplicación que permite la autoatención por parte de los usuarios en las oficinas de la EPS, su principal servicio es la generación de Certificados de Afiliación para usuarios. 1 Certificados de afiliación PBS 2 Certificados de afiliación PBSS 3 Certificados de afiliación PAC. 4 Certificado Pagos pac para retefuente. 5 Consulta estado de cartera PBS y PAC 6 Certificado incapacidades y licencias histórico 8 Factura de venta PAC | I94: Americas BPS | J94: Americas BPS
A95: 89 | B95: Gestión Comercial | C95: Relacionamiento con el cliente (canales) | D95: CP-GEC-CCL-001 | E95: Drive | F95: Servicio de Workspace para almacenamiento de archivos | I95: Google | J95: Soluciones informáticas
A96: 90 | B96: Cumplimiento del modelo de atención | C96: Sistema obligatorio garantia de calidad | D96: CP-GRP-SOG-001 | E96: Plataforma Procex | F96: Plataforma que soporta el Sistema obligatorio garantia de calidad | G96: Proveedor no apoya con la creación de usuarios y permisos. Se hace interno | I96: Proveedor Procex | J96: Proveedor Procex
A97: 91 | B97: Cumplimiento del modelo de atención | C97: Sistema obligatorio garantia de calidad | D97: CP-GRP-SOG-001 | E97: Drive | F97: Servicio de Workspace para almacenamiento de archivos | I97: Google | J97: Soluciones informáticas
A98: 92 | B98: Cumplimiento del modelo de atención | C98: Sistema obligatorio garantia de calidad | D98: CP-GRP-SOG-001 | E98: Isolucion | F98: Aplicación que permite la administración del Sistema de Gestión de Calidad como: 1. Actas 2. Control de documentos 3. Mapa de procesos 4. Mejoramiento Continuo 5. Flujo de tareas | G98: BD SQL Server 2019 SO Windows server En nube | I98: Gerencia de procesos y análisis de información | J98: Soluciones informáticas
A99: 93 | B99: Gestión del talento humano | C99: Administración del talento humano | D99: CP-GTH-ADT-001 | E99: Kactus | F99: Aplicación que soporta los procesos de: Selección, Desarrollo y Bienestar, Recursos Humanos, Nómina Administración de salarios | G99: BD SQL Server 2019 SO Windows server En nube | I99: Nomina | J99: Soluciones informáticas
